Workbook
Name \___C_._RIGHT_: #REF!
Name \0: #N/A
Name \1: #REF!
Name \b: #N/A
Name \C: #REF!
Name \D: #REF!
Name \E: #REF!
Name \f: #N/A
Name \m: #N/A
Name \p: #REF!
Name \S: #REF!
Name \T: #N/A
Name \U: #REF!
Name \V: #REF!
Name \W: #REF!
Name _____dat1111: #REF!
Name ____C_._DOWN_: #REF!
Name ____dat1111: #REF!
Name ___ASD2: #REF!
Name ___dat1111: #REF!
Name ___INDEX_SHEET___ASAP_Utilities: #REF!
Name ___LYN2: #REF!
Name ___RBN2: #REF!
Name ___RBU2: #REF!
Name ___WSH7: #REF!
Name __ASD2: #REF!
Name __CPK1: #REF!
Name __CPK2: #REF!
Name __CPK3: #REF!
Name __dat1111: #REF!
Name __EGR1: #N/A
Name __EGR2: #N/A
Name __EGR3: #N/A
Name __LYN2: #REF!
Name __RBN2: #REF!
Name __RBU2: #REF!
Name __WSH7: #REF!
Name _1E_1: #N/A
Name _2001E_EBITDA_Multiple: #N/A
Name _31_Dec_00: #REF!
Name _31_Jan_01: #REF!
Name _ASD2: #REF!
Name _BAL1: #N/A
Name _Check_Input: #REF!
Name _Checks: #REF!
Name _CPK1: #REF!
Name _CPK2: #REF!
Name _CPK3: #REF!
Name _CTG1: #N/A
Name _CTG2: #N/A
Name _CTG3: #N/A
Name _CTG4: #N/A
Name _CurrCase: #REF!
Name _dat1111: #REF!
Name _Data_Query: #REF!
Name _Data_Query2: #REF!
Name _DATE_87__?___?: #REF!
Name _EGR1: #N/A
Name _EGR2: #N/A
Name _EGR3: #N/A

Sheet Index
A1: =+'Appendix III'!E7 -> GridLiance West LLC (GLW)
A2: Formula Rate Index
A6: Appendix | B6: III | C6: Main Body of the Formula
A7: Attachment | B7: 1 | C7: Revenue Credit Worksheet
A8: Attachment | B8: =+B7+1 -> 2 | C8: Cost Support
A9: Attachment | B9: 2a | C9: Cost Support
A10: Attachment | B10: 2b | C10: Cost Support
A11: Attachment | B11: =+B8+1 -> 3 | C11: Incentives
A12: Attachment | B12: 3a | C12: Incentive (13 Monthly Balances)
A13: Attachment | B13: 4 | C13: Transmission Enhancement Charge Worksheet
A14: Attachment | B14: 4a | C14: SIT and p
A15: Attachment | B15: =+B13+1 -> 5 | C15: True-Up
A16: Attachment | B16: 6a | C16: Accumulated Deferred Income Taxes (ADIT) Worksheet (Projection)
A17: Attachment | B17: 6b | C17: Accumulated Deferred Income Taxes (ADIT) Worksheet (Projection Proration)
A18: Attachment | B18: 6c | C18: Accumulated Deferred Income Taxes (ADIT) Worksheet (Beginning of Year Projection)
A19: Attachment | B19: 6d | C19: Accumulated Deferred Income Taxes (ADIT) Worksheet (End of Year Projection)
A20: Attachment | B20: 6e | C20: Accumulated Deferred Income Taxes (ADIT) Worksheet (True-up)
A21: Attachment | B21: 6f | C21: Accumulated Deferred Income Taxes (ADIT) Worksheet (True-up Proration)
A22: Attachment | B22: 7 | C22: Depreciation Rates
A23: Attachment | B23: =+B22+1 -> 8 | C23: Future Use
A24: Attachment | B24: =+B23+1 -> 9 | C24: Reg Asset and Abandoned Plant Details
A25: Attachment | B25: 10 | C25: Unfunded Reserves
A26: Attachment | B26: 11 | C26: CWIP
A27: Attachment | B27: 12 | C27: Income Tax Adjustment
A28: Workpapers | C28: WP1-WP5
D68: Calculated (1/8 * (line 38 less line 33b)) | E68: =(E108-E103)/8 -> 0 | J68: =(J108-J103)/8 -> 0

Sheet Appendix III
N1: Input
M2: Appendix III
M3: Page 1 of 5
E5: Rate Formula Template
E6: Utilizing FERC Form 1 Data | M6: Projected Annual Transmission Revenue Requirement | N6: change this
E7: GridLiance West LLC (GLW) | M7: ="For The 12 Months Ended "& TEXT(N7,"mm/dd/yyyy") -> For The 12 Months Ended 12/31/2027 | N7: 46752
C8: Formula Rate - Non-Levelized
E9: (1) | H9: (2) | J9: (3)
A11: Line | J11: Allocated
A12: No. | J12: Amount
A13: 1 | C13: GROSS REVENUE REQUIREMENT | D13: ="(line "&A141&")" -> (line 67) | J13: =+J141 -> 1.5971782e+08
C16: REVENUE CREDITS | E16: Total | G16: Allocator
A17: =+A13+1 -> 2 | C17: =+'1 - Revenue Credits'!B15 -> Total Revenue Credits | D17: ="Attach 1, line "&'1 - Revenue Credits'!A15&"" -> Attach 1, line 7 | E17: =+'1 - Revenue Credits'!D15 -> 121040 | G17: =+G40 -> TP | H17: =+J$168 -> 1 | J17: =+H17*E17 -> 121040
A18: =+A17+1 -> 3 | C18: True-up Adjustment | D18: Attach 5, Line 3, column G | E18: ='5 - True-Up'!H21 -> 8150934.9 | G18: DA | H18: 1 | J18: =+H18*E18 -> 8150934.9
A20: =+A18+1 -> 4 | C20: NET REVENUE REQUIREMENT | D20: ="(line "&A13&" minus line "&A17&" plus line "&A18&")" -> (line 1 minus line 2 plus line 3) | J20: =+J13-J17+J18 -> 1.6774772e+08
M26: Appendix III
M27: Page 2 of 5
C30: Formula Rate - Non-Levelized | E30: Rate Formula Template
E31: Utilizing FERC Form 1 Data
E32: =+E7 -> GridLiance West LLC (GLW) | M32: =+M7 -> For The 12 Months Ended 12/31/2027
C34: (1) | D34: (2) | E34: (3) | H34: (4) | J34: (5)
J35: Transmission
A36: Line | D36: Source | E36: Company Total | G36: Allocator | J36: (Col 3 times Col 4)
A37: No. | C37: RATE BASE:
C39: GROSS PLANT IN SERVICE (Notes M & P)
A40: =+A20+1 -> 5 | C40: Transmission | D40: (Attach 2, line 15) | E40: =+'2 - Cost Support '!F20 -> 3.1027523e+08 | G40: TP | H40: =+J$168 -> 1 | J40: =+H40*E40 -> 3.1027523e+08
A41: =+A40+1 -> 6 | C41: General & Intangible | D41: (Attach 2, lines 30 & 45) | E41: =+'2 - Cost Support '!F36+'2 - Cost Support '!F52 -> 2230547.6 | G41: W/S | H41: =+J$174 -> 1 | J41: =+H41*E41 -> 2230547.6
A42: =+A41+1 -> 7 | C42: ="TOTAL GROSS PLANT (sum lines "&A40&"-"&A41&")" -> TOTAL GROSS PLANT (sum lines 5-6) | E42: =SUM(E40:E41) -> 3.1250578e+08 | G42: GP= | H42: =IF(E42=0,0,J42/E42) -> 1 | J42: =SUM(J40:J41) -> 3.1250578e+08
A44: =+A42+1 -> 8 | C44: ACCUMULATED DEPRECIATION & AMORTIZATION (Notes M & P)
A45: =+A44+1 -> 9 | C45: Transmission | D45: (Attach 2, line 61) | E45: =+'2 - Cost Support '!F73 -> 33343884 | G45: =+G40 -> TP | H45: =+J$168 -> 1 | J45: =+H45*E45 -> 33343884
A46: =+A45+1 -> 10 | C46: General & Intangible | D46: (Attach 2, lines 76 & 91) | E46: =+'2 - Cost Support '!F89+'2 - Cost Support '!F105 -> 3864907.7 | G46: =+G41 -> W/S | H46: =+J$174 -> 1 | J46: =+H46*E46 -> 3864907.7
A47: =+A46+1 -> 11 | C47: ="TOTAL ACCUM. DEPRECIATION (sum lines "&A45&"-"&A46&")" -> TOTAL ACCUM. DEPRECIATION (sum lines 9-10) | E47: =SUM(E45:E46) -> 37208792 | J47: =SUM(J45:J46) -> 37208792
A49: =+A47+1 -> 12 | C49: NET PLANT IN SERVICE
A50: =+A49+1 -> 13 | C50: Transmission | D50: =" (line "&A40&" minus line "&A45&")" -> (line 5 minus line 9) | E50: =+E40-E45 -> 2.7693135e+08 | J50: =+J40-J45 -> 2.7693135e+08
A51: =+A50+1 -> 14 | C51: General & Intangible | D51: =" (line "&A41&" minus line "&A46&")" -> (line 6 minus line 10) | E51: =+E41-E46 -> -1634360 | J51: =+J41-J46 -> -1634360
A52: =+A51+1 -> 15 | C52: ="TOTAL NET PLANT (sum lines "&A50&"-"&A51&")" -> TOTAL NET PLANT (sum lines 13-14) | D52: (If line 13>0, NP= line 15, column 5 / line 15, column 3. If line 15=0, NP=0) | E52: =SUM(E50:E51) -> 2.7529699e+08 | G52: NP= | H52: =IF(E52=0,0,J52/E52) -> 1 | J52: =SUM(J50:J51) -> 2.7529699e+08
A54: =+A52+1 -> 16 | C54: ="ADJUSTMENTS TO RATE BASE (Note "&A210&")" -> ADJUSTMENTS TO RATE BASE (Note A)
A55: =+A54+1 -> 17 | C55: ADIT (Note R) | D55: (Attach 6a or 6e, line 8) | E55: =+'6a-ADIT Projection'!H16 -> 4338222.3 | G55: DA | H55: 1 | J55: =+H55*E55 -> 4338222.3
A56: =+A55+1 -> 18 | C56: Account No. 255 (Note F) | D56: (Attach 2a, line 93) | E56: =+'2a - Cost Support'!G7 -> 0 | G56: NP | H56: =+H$52 -> 1 | J56: =+H56*E56 -> 0
A57: =+A56+1 -> 19 | C57: CWIP | D57: (Attach 11, column (u), line 26) | E57: =+'11 - CWIP'!Y32 -> 1.006949e+09 | G57: DA | H57: 1 | J57: =+E57*H57 -> 1.006949e+09
A58: =+A57+1 -> 20 | C58: Unfunded Reserves | D58: (Attach 10, column (s), line 2) | E58: =-'10 - Unfunded Reserves'!W32 -> 0 | G58: DA | H58: 1 | J58: =+H58*E58 -> 0
A59: 21 | C59: Unamortized Regulatory Assets | D59: (Attach 9, column (v), line 51) | E59: =+'9 - Reg. Assets and Abnd Plnt'!AD57 -> 3050269.9 | G59: DA | H59: 1 | J59: =+H59*E59 -> 3050269.9
A60: 22 | C60: Unamortized Abandoned Plant | D60: (Attach 9, column (v), line 62) | E60: =+'9 - Reg. Assets and Abnd Plnt'!AD80 -> 0 | G60: DA | H60: 1 | J60: =+H60*E60 -> 0
A61: =+A60+1 -> 23 | C61: ="TOTAL ADJUSTMENTS (sum lines "&A55&"-"&A60&")" -> TOTAL ADJUSTMENTS (sum lines 17-22) | E61: =SUM(E55:E60) -> 1.0143375e+09 | J61: =SUM(J55:J60) -> 1.0143375e+09
A63: =+A61+1 -> 24 | C63: LAND HELD FOR FUTURE USE | D63: (Attach 8, column (d), line 2) | E63: ='8 - Future Use'!E17 -> 0 | G63: =+G45 -> TP | H63: =+J$168 -> 1 | J63: =+H63*E63 -> 0
A65: =+A63+1 -> 25 | C65: ="WORKING CAPITAL " -> WORKING CAPITAL
A66: =+A65+1 -> 26 | C66: CWC | D66: Calculated (1/8 * (line 38 less line 33b)) | E66: =(E101-E96)/8 -> 2054462.5 | G66: NA | J66: =(J101-J96)/8 -> 2054462.5
A67: =+A66+1 -> 27 | C67: =" Materials & Supplies (Note "&A212&")" -> Materials & Supplies (Note B) | D67: (Attach 2a, line 146) | E67: =+'2a - Cost Support'!G87 -> 104292.7 | G67: =+G63 -> TP | H67: =+J$168 -> 1 | J67: =+H67*E67 -> 104292.7
A68: =+A67+1 -> 28 | C68: =" Prepayments (Account 165 - Note "&A213&")" -> Prepayments (Account 165 - Note C) | D68: (Attach 2a, line 110) | E68: =+'2a - Cost Support'!F25 -> 795247.51 | G68: GP | H68: =+H$42 -> 1 | J68: =+H68*E68 -> 795247.51
A69: =+A68+1 -> 29 | C69: ="TOTAL WORKING CAPITAL (sum lines "&A66&"-"&A68&")" -> TOTAL WORKING CAPITAL (sum lines 26-28) | E69: =SUM(E66:E68) -> 2954002.7 | J69: =SUM(J66:J68) -> 2954002.7
A71: =+A69+1 -> 30 | C71: ="RATE BASE (sum lines "&A52&", "&A61&", "&A63&", & "&A69&")" -> RATE BASE (sum lines 15, 23, 24, & 29) | E71: =+E52+E61+E63+E69 -> 1.2925884e+09 | J71: =+J52+J61+J63+J69 -> 1.2925884e+09
M78: Appendix III
M79: Page 3 of 5
C83: Formula Rate - Non-Levelized | E83: Rate Formula Template
E84: Utilizing FERC Form 1 Data
E85: =+E32 -> GridLiance West LLC (GLW) | M85: =+M32 -> For The 12 Months Ended 12/31/2027
C87: (1) | D87: (2) | E87: (3) | H87: (4) | J87: (5)
J89: Transmission
D90: Source | E90: Company Total | G90: Allocator | J90: (Col 3 times Col 4)
A92: =+A71+1 -> 31 | C92: O&M
A93: =+A92+1 -> 32 | C93: Transmission | D93: 321.112.b & (Note O) | E93: ='WP1 - O&M detail'!H33+SUM(E94:E95) -> 13064839 | G93: TP | H93: =+J$168 -> 1 | J93: =+H93*E93 -> 13064839
A94: =+A93+1 -> 33 | C94: Less Accounts 565 and 566 | D94: 321.96.b & 97.b | E94: =+E95+E96 -> 2033513.3 | G94: TP | H94: =+J$168 -> 1 | J94: =+H94*E94 -> 2033513.3
A95: 33a | C95: Account 566 excluding Amortization of Regulatory Assets | D95: 321.97.b less line 33b | E95: 0 | G95: DA | H95: 1 | J95: =+H95*E95 -> 0
A96: 33b | C96: Account 566 Amortization of Regulatory Assets | D96: (Attach 9, line 51, col. f) | E96: =+'9 - Reg. Assets and Abnd Plnt'!L57 -> 2033513.3 | G96: DA | H96: 1 | J96: =+H96*E96 -> 2033513.3
A97: =+A94+1 -> 34 | C97: A&G | D97: 323.197.b | E97: ='WP2 - A&G detail'!H25-SUM(E98:E100) -> 5404374.2 | G97: W/S | H97: =+J$174 -> 1 | J97: =+H97*E97 -> 5404374.2
A98: =+A97+1 -> 35 | C98: Less EPRI & Reg. Comm. Exp. & Other Ad. | D98: (Sum Attach 2a, lines 128, 129, 131) (Note D) | E98: =+'2a - Cost Support'!G32+'2a - Cost Support'!G45+'2a - Cost Support'!I55 -> 0 | G98: W/S | H98: =+J$174 -> 1 | J98: =+H98*E98 -> 0
A99: =+A98+1 -> 36 | C99: Plus Transmission Related Reg. Comm. Exp. | D99: (Attach 2a, line 129) (Note D) | E99: =+'2a - Cost Support'!H45 -> 0 | G99: W/S | H99: =+J$174 -> 1 | J99: =+H99*E99 -> 0
A100: =+A99+1 -> 37 | C100: PBOP expense adjustment | D100: (Attach 2a, line 155) | E100: =+'2a - Cost Support'!E100 -> 0 | G100: W/S | H100: =+J$174 -> 1 | J100: =+H100*E100 -> 0
A101: =+A100+1 -> 38 | C101: ="TOTAL O&M and A&G (sum lines "&A93&", "&A95&", "&A96&", "&A97&", "&A99&", "&A100&" less lines "&A94&" & "&A98&")" -> TOTAL O&M and A&G (sum lines 32, 33a, 33b, 34, 36, 37 less lines 33 & 35) | E101: =+E93+E97+E99+E100-E94-E98+E95+E96 -> 18469213 | J101: =+J93+J97+J99+J100-J94-J98+J95+J96 -> 18469213
A103: =+A101+1 -> 39 | C103: DEPRECIATION EXPENSE (Notes M & P)
A104: =+A103+1 -> 40 | C104: =+C93 -> Transmission | D104: Sum 336.7.b, d & e | E104: 6002459.1 | G104: TP | H104: =+J$168 -> 1 | J104: =+H104*E104 -> 6002459.1
A105: =+A104+1 -> 41 | C105: General and Intangible | D105: Sum 336.1.b, d & e + Sum 336.10.b, d & e | E105: 46473.63 | G105: W/S | H105: =+J$174 -> 1 | J105: =+H105*E105 -> 46473.63
A106: =+A105+1 -> 42 | C106: Amortization of Abandoned Plant | D106: (Attach 9, column (f), line 62) | E106: =+'9 - Reg. Assets and Abnd Plnt'!L80 -> 0 | G106: DA | H106: 1 | J106: =+H106*E106 -> 0
A107: =+A106+1 -> 43 | C107: ="TOTAL DEPRECIATION (Sum lines "&A104&"-"&A106&")" -> TOTAL DEPRECIATION (Sum lines 40-42) | E107: =SUM(E104:E106) -> 6048932.7 | J107: =SUM(J104:J106) -> 6048932.7
A109: =+A107+1 -> 44 | C109: ="TAXES OTHER THAN INCOME TAXES (Note "&A216&")" -> TAXES OTHER THAN INCOME TAXES (Note E)
A110: =+A109+1 -> 45 | C110: LABOR RELATED
A111: =+A110+1 -> 46 | C111: Payroll | D111: 263._.i (enter FN1 line #) | E111: 0 | G111: W/S | H111: =+J$174 -> 1 | J111: =+H111*E111 -> 0
A112: =+A111+1 -> 47 | C112: Highway and vehicle | D112: 263._.i (enter FN1 line #) | E112: 0 | G112: =+G111 -> W/S | H112: =+J$174 -> 1 | J112: =+H112*E112 -> 0
A113: =+A112+1 -> 48 | C113: PLANT RELATED
A114: =+A113+1 -> 49 | C114: Property | D114: 263._.i (enter FN1 line #) | E114: 2738085.5 | G114: GP | H114: =+H$42 -> 1 | J114: =+H114*E114 -> 2738085.5
A115: =+A114+1 -> 50 | C115: Gross Receipts | D115: 263._.i (enter FN1 line #) | E115: 0 | G115: GP | H115: =+H$42 -> 1 | J115: =+E115 -> 0
A116: =+A115+1 -> 51 | C116: Other | D116: 263._.i (enter FN1 line #) | E116: 0 | G116: =+G114 -> GP | H116: =+H$42 -> 1 | J116: =+H116*E116 -> 0
A117: =+A116+1 -> 52 | C117: ="TOTAL OTHER TAXES (sum lines "&A111&", "&A112&", "&A114&", "&A115&", "&A116&")" -> TOTAL OTHER TAXES (sum lines 46, 47, 49, 50, 51) | E117: =SUM(E111:E116) -> 2738085.5 | J117: =SUM(J111:J116) -> 2738085.5
A119: =+A117+1 -> 53 | C119: INCOME TAXES | D119: =" (Note "&A217&")" -> (Note F)
A120: =+A119+1 -> 54 | C120: T=1 - {[(1 - SIT) * (1 - FIT)] / (1 - SIT * FIT * p)} = | E120: =IF(E218>0,1-(((1-E219)*(1-E218))/(1-E219*E218*E220)),0) -> 0.21
A121: =+A120+1 -> 55 | C121: CIT=(T/1-T) * (1-(WCLTD/R)) = | E121: =IF(J182>0,(E120/(1-E120))*(1-J179/J182),0) -> 0.19778111
A122: =+A121+1 -> 56 | C122: =" where WCLTD=(line "&A179&") and R= (line "&A182&")" -> where WCLTD=(line 83) and R= (line 86)
A123: =+A122+1 -> 57 | C123: =" and FIT, SIT & p are as given in footnote "&A217&"." -> and FIT, SIT & p are as given in footnote F.
A124: =+A123+1 -> 58 | C124: =" 1 / (1 - T) = (T from line "&A120&")" -> 1 / (1 - T) = (T from line 54) | E124: =IF(E120>0,1/(1-E120),0) -> 1.2658228
A125: =+A124+1 -> 59 | C125: Amortized Investment Tax Credit | D125: (Attach 2a, line 93a) | E125: =+'2a - Cost Support'!H8 -> 0
A126: 59a | C126: (Excess)/Deficient Deferred Income Taxes (Note S) | D126: (Attach 12, Lines 2 & 3, column (b)) | E126: ='12 - Income Tax Adjustment'!$D$15+'12 - Income Tax Adjustment'!$D$16 -> 0
A127: 59b | C127: Tax Effect of Permanent Differences, including AFUDC Equity (Note T) | D127: (Attach 12, Line 1, column (b)) | E127: ='12 - Income Tax Adjustment'!$D$10 -> 444672
A128: =+A125+1 -> 60 | C128: ="Income Tax Calculation = line 55 * line 64" -> Income Tax Calculation = line 55 * line 64 | E128: =E121*E135 -> 21852926 | G128: NA | J128: =E128 -> 21852926
A129: =+A128+1 -> 61 | C129: ="ITC adjustment (line "&A124&" * line "&A125&")" -> ITC adjustment (line 58 * line 59) | E129: =+E124*E125 -> 0 | G129: NP | H129: =+H$52 -> 1 | J129: =+H129*E129 -> 0
A130: 61a | C130: (Excess)/Deficient Deferred Income Tax Adjustment | D130: (Line 58 times Line 59a) | E130: =$E$124*E126 -> 0 | G130: NP | H130: =+H$52 -> 1 | J130: =+H130*E130 -> 0
A131: 61b | C131: Permanent Differences Tax Adjustment | D131: (Line 54/(1 - Line 54) times Line 59b) | E131: =+E120/(1-E120)*E127 -> 118203.95 | G131: NP | H131: =+H$52 -> 1 | J131: =+H131*E131 -> 118203.95
A132: =+A129+1 -> 62 | C132: Total Income Taxes | D132: Sum (lines 60, 61, 61a & 61b) | E132: =SUM(E128:E131) -> 21971130 | J132: =SUM(J128:J131) -> 21971130
A134: =+A132+1 -> 63 | C134: RETURN
A135: =+A134+1 -> 64 | C135: =" [ Rate Base (line "&A71&") * Rate of Return (line "&A182&")]" -> [ Rate Base (line 30) * Rate of Return (line 86)] | E135: =+J182*E71 -> 1.1049046e+08 | G135: NA | J135: =+J71*J182 -> 1.1049046e+08
A137: =+A135+1 -> 65 | C137: ="Rev Requirement before Incenitive Projects (sum lines "&A101&", "&A107&", "&A117&", "&A132&", "&A135&")" -> Rev Requirement before Incenitive Projects (sum lines 38, 43, 52, 62, 64) | E137: =+E101+E107+E117+E132+E135 -> 1.5971782e+08 | J137: =+J101+J107+J117+J132+J135 -> 1.5971782e+08
...

Sheet 1 - Revenue Credits
A1: Attachment 1 - Revenue Credit Workpaper
A2: ='Appendix III'!$E$7 -> GridLiance West LLC (GLW)
B5: Account 454 - Rent from Electric Property (Note 3) | C5: Notes 1 & 3
A6: 1 | B6: Rent from FERC Form No. 1 | C6: Note 3, line 11 | D6: =+C46 -> 121040
B8: Account 456 and 456.1 (Note 3) | C8: Notes 1 & 3
A9: =+A6+1 -> 2 | B9: Other Electric Revenues (Note 2) | C9: Note 3 | D9: 0
A10: 3 | B10: Professional Services | C10: Note 3 | D10: 0
A11: 4 | B11: Revenues from Directly Assigned Transmission Facility Charges (Note 2) | C11: Note 3 | D11: 0
A12: =+A11+1 -> 5 | B12: Rent or Attachment Fees associated with Transmission Facilities | C12: Note 3 | D12: 0
A13: =+A12+1 -> 6 | B13: Other | C13: Note 3 | D13: 0
A15: =+A13+1 -> 7 | B15: Total Revenue Credits | C15: ="Sum lines "&A9&"-"&A13&" + line "&A6&"" -> Sum lines 2-6 + line 1 | D15: =SUM(D9:D13)+D6 -> 121040
A19: Note 1 | B19: All revenues booked to Account 454 that are derived from cost items classified as transmission-related will be included as a revenue credit. All revenues booked to Account 456 that are derived from cost items classified as transmission-related, and are not derived from rates under this transmission formula rate will be included as a revenue credit. Work papers will be included to properly classify revenues booked to these accounts to the transmission function. A breakdown of all Account 454 revenues by subaccount will be provided below, and will be used to derive the proper calculation of revenue credits. A breakdown of all Account 456 revenues by subaccount and customer will be provided and tabulated below, and will be used to develop the proper calculation of revenue credits. All revenue credits that are included in the TRBAA are excluded here.
A20: Note 2 | B20: If the facilities associated with the revenues are not included in the formula, the revenue is shown below, but not included in the total above and explained in the Attachment 3. This includes plant leased to others and the associated expenses outlined in Note M of Appendix III.
A21: Note 3 | B21: All Account 454, 456, and 456.1 Revenues must be itemized below and tie to the FERC Form No. 1 cites set forth below
A23: Line No.
A24: 1 | B24: Account 456 and 456.1 (300.21.b plus 300.22.b) | C24: TOTAL | D24: CALISO | E24: Other 1 | F24: Other 2
A25: 1a | B25: Transmission Service | C25: =SUM(D25:F25) -> 0 | D25: 0 | E25: 0 | F25: 0
A26: … | B26: xxxx
A27: 1x | B27: Trans. Fac. Charge | C27: =SUM(D27:F27) -> 0 | D27: 0 | E27: 0 | F27: 0
A28: 2 | B28: Trans Studies, etc | C28: =SUM(D28:F28) -> 0 | D28: 0 | E28: 0 | F28: 0
A29: 3 | B29: Total (must tie to 300.21.b plus 300.22.b) | C29: =SUM(C25:C28) -> 0 | D29: =SUM(D25:D28) -> 0 | E29: =SUM(E25:E28) -> 0 | F29: =SUM(F25:F28) -> 0
A30: 4 | B30: Less:
A31: 5 | B31: Revenue for Demands in Divisor | C31: =SUM(D31:F31) -> 0 | D31: 0 | E31: 0 | F31: 0
A32: 6 | B32: Revenue Credits included in the TRBAA | C32: =SUM(D32:F32) -> 0 | D32: 0 | E32: 0 | F32: 0
A33: 7 | B33: Sub Total Revenue Credit | C33: =+C29-C31-C32 -> 0 | D33: =+D29-D31-D32 -> 0 | E33: =+E29-E31-E32 -> 0 | F33: =+F29-F31-F32 -> 0
A34: 8 | B34: Prior Period Adjustments (Note 4) | C34: 0 | D34: 0 | E34: 0 | F34: 0
A35: 9 | B35: Total | C35: =SUM(C33:C34) -> 0
A37: 10 | B37: Account 454 | C37: $
A38: 10a | B38: Joint pole attachments - telephone | C38: 121040
A39: 10b | B39: Joint pole attachments - cable | C39: 0
A40: 10c | B40: Underground rentals | C40: 0
A41: 10d | B41: Transmission tower wireless rentals | C41: 0
A42: 10e | B42: Other rentals | C42: 0
A43: 10f | B43: Corporate headquarters sublease | C43: 0
A44: 10g | B44: Misc non-transmission rentals | C44: 0
A45: 10x | B45: xxxx | C45: 0
A46: 11 | B46: Total (must tie to 300.19.b) | C46: =SUM(C38:C45) -> 121040
A48: Note 4 | B48: Prior Period Adjustments will correct errors discovered after an annual true-up to be refunded or charged to customers. The annual update will describe the basis for any Prior Period Adjustments.

Sheet 2 - Cost Support 
A1: Attachment 2 - Cost Support
A2: ='Appendix III'!$E$7 -> GridLiance West LLC (GLW)
A4: Plant in Service Worksheet - Note P from Appendix III
A5: Appendix III Line #s, Descriptions, Notes, Form 1 Page #s and Instructions
A6: 1 | C6: Calculation of Transmission Plant In Service | D6: Source | E6: Year | F6: Balance
A7: =+A6+1 -> 2 | C7: December | D7: p206.58.b less p206.57.b | E7: =YEAR(EDATE('Appendix III'!$N$7,-12)) -> 2026 | F7: 2.37588e+08
A8: =+A7+1 -> 3 | C8: January | D8: Note A | E8: =YEAR('Appendix III'!$N$7) -> 2027 | F8: 2.3759523e+08
A9: =+A8+1 -> 4 | C9: February | D9: Note A | E9: =E8 -> 2027 | F9: 2.3760199e+08
A10: =+A9+1 -> 5 | C10: March | D10: Note A | E10: =E9 -> 2027 | F10: 2.3761004e+08
A11: =+A10+1 -> 6 | C11: April | D11: Note A | E11: =E10 -> 2027 | F11: 2.3761768e+08
A12: =+A11+1 -> 7 | C12: May | D12: Note A | E12: =E11 -> 2027 | F12: 2.3762497e+08
A13: =+A12+1 -> 8 | C13: June | D13: Note A | E13: =E12 -> 2027 | F13: 2.4198079e+08
A14: =+A13+1 -> 9 | C14: July | D14: Note A | E14: =E13 -> 2027 | F14: 2.4211532e+08
A15: =+A14+1 -> 10 | C15: August | D15: Note A | E15: =E14 -> 2027 | F15: 2.4803436e+08
A16: =+A15+1 -> 11 | C16: September | D16: Note A | E16: =E15 -> 2027 | F16: 2.4807958e+08
A17: =+A16+1 -> 12 | C17: October | D17: Note A | E17: =E16 -> 2027 | F17: 2.481041e+08
A18: =+A17+1 -> 13 | C18: November | D18: Note A | E18: =E17 -> 2027 | F18: 2.4811746e+08
A19: =+A18+1 -> 14 | C19: December | D19: p207.58.g less p207.57.g | E19: =E18 -> 2027 | F19: 1.1315085e+09
A20: =+A19+1 -> 15 | C20: Transmission Plant In Service | D20: ="(sum lines "&A7&"-"&A19&") /13" -> (sum lines 2-14) /13 | F20: =SUM(F7:F19)/13 -> 3.1027523e+08
A22: =+A20+1 -> 16 | C22: Calculation of Intangible Plant In Service | D22: Source
A23: =+A22+1 -> 17 | C23: December | D23: p204.5.b | E23: =E7 -> 2026 | F23: 0
A24: =+A23+1 -> 18 | C24: January | D24: Note A | E24: =E8 -> 2027 | F24: 0
A25: =+A24+1 -> 19 | C25: February | D25: Note A | E25: =E9 -> 2027 | F25: 0
A26: =+A25+1 -> 20 | C26: March | D26: Note A | E26: =E10 -> 2027 | F26: 0
A27: =+A26+1 -> 21 | C27: April | D27: Note A | E27: =E11 -> 2027 | F27: 0
A28: =+A27+1 -> 22 | C28: May | D28: Note A | E28: =E12 -> 2027 | F28: 0
A29: =+A28+1 -> 23 | C29: June | D29: Note A | E29: =E13 -> 2027 | F29: 0
A30: =+A29+1 -> 24 | C30: July | D30: Note A | E30: =E14 -> 2027 | F30: 0
A31: =+A30+1 -> 25 | C31: August | D31: Note A | E31: =E15 -> 2027 | F31: 0
A32: =+A31+1 -> 26 | C32: September | D32: Note A | E32: =E16 -> 2027 | F32: 0
A33: =+A32+1 -> 27 | C33: October | D33: Note A | E33: =E17 -> 2027 | F33: 0
A34: =+A33+1 -> 28 | C34: November | D34: Note A | E34: =E18 -> 2027 | F34: 0
A35: =+A34+1 -> 29 | C35: December | D35: p205.5.g | E35: =E19 -> 2027 | F35: 0
A36: =+A35+1 -> 30 | C36: Intangible Plant In Service | D36: ="(sum lines "&A23&" - "&A35&") /13" -> (sum lines 17 - 29) /13 | F36: =SUM(F23:F35)/13 -> 0
A38: =+A36+1 -> 31 | C38: Calculation of General Plant In Service | D38: Source
A39: =+A38+1 -> 32 | C39: December | D39: p206.99.b lessp206.98.b | E39: =E23 -> 2026 | F39: 2229765.6
A40: =+A39+1 -> 33 | C40: January | D40: Note A | E40: =E24 -> 2027 | F40: 2229765.6
A41: =+A40+1 -> 34 | C41: February | D41: Note A | E41: =E25 -> 2027 | F41: 2229765.6
A42: =+A41+1 -> 35 | C42: March | D42: Note A | E42: =E26 -> 2027 | F42: 2229765.6
A43: =+A42+1 -> 36 | C43: April | D43: Note A | E43: =E27 -> 2027 | F43: 2229765.6
A44: =+A43+1 -> 37 | C44: May | D44: Note A | E44: =E28 -> 2027 | F44: 2229765.6
A45: =+A44+1 -> 38 | C45: June | D45: Note A | E45: =E29 -> 2027 | F45: 2229765.6
A46: =+A45+1 -> 39 | C46: July | D46: Note A | E46: =E30 -> 2027 | F46: 2229765.6
A47: =+A46+1 -> 40 | C47: August | D47: Note A | E47: =E31 -> 2027 | F47: 2229765.6
A48: =+A47+1 -> 41 | C48: September | D48: Note A | E48: =E32 -> 2027 | F48: 2229765.6
A49: =+A48+1 -> 42 | C49: October | D49: Note A | E49: =E33 -> 2027 | F49: 2229765.6
A50: =+A49+1 -> 43 | C50: November | D50: Note A | E50: =E34 -> 2027 | F50: 2229765.6
A51: =+A50+1 -> 44 | C51: December | D51: p207.99.g lessp207.98.g | E51: =E35 -> 2027 | F51: 2239932.4
A52: =+A51+1 -> 45 | C52: General Plant In Service | D52: ="(sum lines "&A39&" - "&A51&") /13" -> (sum lines 32 - 44) /13 | F52: =SUM(F39:F51)/13 -> 2230547.6
A54: =+A52+1 -> 46 | C54: Total Plant In Service | D54: ="(sum lines "&A20&", "&A36&", and "&A52&")" -> (sum lines 15, 30, and 45) | F54: =F20+F36+F52 -> 3.1250578e+08
A57: Accumulated Depreciation Worksheet
A58: Appendix III Line #s, Descriptions, Notes, Form 1 Page #s and Instructions
A59: =+A54+1 -> 47 | C59: Calculation of Transmission Accumulated Depreciation | D59: Source | E59: Year | F59: Balance
A60: =+A59+1 -> 48 | C60: December | D60: Prior year p219.25.c | E60: =E39 -> 2026 | F60: 30688072
A61: =+A60+1 -> 49 | C61: January | D61: Note A | E61: =E40 -> 2027 | F61: 31116629
A62: =+A61+1 -> 50 | C62: February | D62: Note A | E62: =E41 -> 2027 | F62: 31545197
A63: =+A62+1 -> 51 | C63: March | D63: Note A | E63: =E42 -> 2027 | F63: 31973778
A64: =+A63+1 -> 52 | C64: April | D64: Note A | E64: =E43 -> 2027 | F64: 32402372
A65: =+A64+1 -> 53 | C65: May | D65: Note A | E65: =E44 -> 2027 | F65: 32830978
A66: =+A65+1 -> 54 | C66: June | D66: Note A | E66: =E45 -> 2027 | F66: 33263273
A67: =+A66+1 -> 55 | C67: July | D67: Note A | E67: =E46 -> 2027 | F67: 33699362
A68: =+A67+1 -> 56 | C68: August | D68: Note A | E68: =E47 -> 2027 | F68: 34140568
A69: =+A68+1 -> 57 | C69: September | D69: Note A | E69: =E48 -> 2027 | F69: 34586816
A70: =+A69+1 -> 58 | C70: October | D70: Note A | E70: =E49 -> 2027 | F70: 35033122
A71: =+A70+1 -> 59 | C71: November | D71: Note A | E71: =E50 -> 2027 | F71: 35479460
A72: =+A71+1 -> 60 | C72: December | D72: p219.25.c | E72: =E51 -> 2027 | F72: 36710867
A73: =+A72+1 -> 61 | C73: Transmission Accumulated Depreciation | D73: ="(sum lines "&A60&"-"&A72&") /13" -> (sum lines 48-60) /13 | F73: =SUM(F60:F72)/13 -> 33343884
A75: =+A73+1 -> 62 | C75: Calculation of Intangible Accumulated Depreciation | D75: Source
A76: =+A75+1 -> 63 | C76: December | D76: Prior year p200.21.c | E76: =E60 -> 2026 | F76: 3015741.8
A77: =+A76+1 -> 64 | C77: January | D77: Note A | E77: =E61 -> 2027 | F77: 3015741.8
A78: =+A77+1 -> 65 | C78: February | D78: Note A | E78: =E62 -> 2027 | F78: 3015741.8
A79: =+A78+1 -> 66 | C79: March | D79: Note A | E79: =E63 -> 2027 | F79: 3015741.8
A80: =+A79+1 -> 67 | C80: April | D80: Note A | E80: =E64 -> 2027 | F80: 3015741.8
A81: =+A80+1 -> 68 | C81: May | D81: Note A | E81: =E65 -> 2027 | F81: 3015741.8
A82: =+A81+1 -> 69 | C82: June | D82: Note A | E82: =E66 -> 2027 | F82: 3015741.8
A83: =+A82+1 -> 70 | C83: July | D83: Note A | E83: =E67 -> 2027 | F83: 3015741.8
A84: =+A83+1 -> 71 | C84: August | D84: Note A | E84: =E68 -> 2027 | F84: 3015741.8
A85: =+A84+1 -> 72 | C85: September | D85: Note A | E85: =E69 -> 2027 | F85: 3015741.8
A86: =+A85+1 -> 73 | C86: October | D86: Note A | E86: =E70 -> 2027 | F86: 3015741.8
A87: =+A86+1 -> 74 | C87: November | D87: Note A | E87: =E71 -> 2027 | F87: 3015741.8
A88: =+A87+1 -> 75 | C88: December | D88: p200.21.c | E88: =E72 -> 2027 | F88: 3015741.8
A89: =+A88+1 -> 76 | C89: Accumulated Intangible Depreciation | D89: ="(sum lines "&A76&" - "&A88&") /13" -> (sum lines 63 - 75) /13 | F89: =SUM(F76:F88)/13 -> 3015741.8
A91: =+A89+1 -> 77 | C91: Calculation of General Accumulated Depreciation | D91: Source
A92: =+A91+1 -> 78 | C92: December | D92: Prior year p219.28.c | E92: =E76 -> 2026 | F92: 821125.54
A93: =+A92+1 -> 79 | C93: January | D93: Note A | E93: =E77 -> 2027 | F93: 830478.07
A94: =+A93+1 -> 80 | C94: February | D94: Note A | E94: =E78 -> 2027 | F94: 839620.32
A95: =+A94+1 -> 81 | C95: March | D95: Note A | E95: =E79 -> 2027 | F95: 842370.34
A96: =+A95+1 -> 82 | C96: April | D96: Note A | E96: =E80 -> 2027 | F96: 845120.36
A97: =+A96+1 -> 83 | C97: May | D97: Note A | E97: =E81 -> 2027 | F97: 847870.38
A98: =+A97+1 -> 84 | C98: June | D98: Note A | E98: =E82 -> 2027 | F98: 850620.4
A99: =+A98+1 -> 85 | C99: July | D99: Note A | E99: =E83 -> 2027 | F99: 853370.42
A100: =+A99+1 -> 86 | C100: August | D100: Note A | E100: =E84 -> 2027 | F100: 856120.44
A101: =+A100+1 -> 87 | C101: September | D101: Note A | E101: =E85 -> 2027 | F101: 858870.46
A102: =+A101+1 -> 88 | C102: October | D102: Note A | E102: =E86 -> 2027 | F102: 861620.48
A103: =+A102+1 -> 89 | C103: November | D103: Note A | E103: =E87 -> 2027 | F103: 864370.5
A104: =+A103+1 -> 90 | C104: December | D104: p219.28.c | E104: =E88 -> 2027 | F104: 867599.17
A105: =+A104+1 -> 91 | C105: Accumulated General Depreciation | D105: ="(sum lines "&A92&" - "&A104&") /13" -> (sum lines 78 - 90) /13 | F105: =SUM(F92:F104)/13 -> 849165.91
A107: =+A105+1 -> 92 | C107: Total Accumulated Depreciation | D107: ="(sum lines "&A73&", "&A89&", and "&A105&")" -> (sum lines 61, 76, and 91) | F107: =F73+F89+F105 -> 37208792
C109: Note A: Input the value associated with the amount as if reported in FERC Form No. 1 consistent with the first source in the section.
C110: The source for the values is internal company records.

Sheet 2a - Cost Support
A1: Attachment 2a - Cost Support
A2: ='Appendix III'!$E$7 -> GridLiance West LLC (GLW)
A4: =+'Appendix III'!C54 -> ADJUSTMENTS TO RATE BASE (Note A)
A5: Appendix III Line #s, Descriptions, Notes, Form 1 Page #s and Instructions | J5: Details
E6: Beginning of Year | F6: End of Year | G6: Average Balance | H6: Amortization
A7: =+'2 - Cost Support '!A107+1 -> 93 | C7: Account No. 255 (enter negative) | D7: 266.8.b & 267.8.h | G7: =+E7/2+F7/2 -> 0 | I7: Line 93 used if accumulated deferred tax credits are used to reduce rate base.
A8: 93a | C8: Account No. 255 | D8: 266.8.f | I8: Line 93a used if accumulated deferred tax credits are amortized against taxable income.
A10: 96 | C10: Prepayments (Account 165)
C11: (Prepayments excludes Prepaid Pension Assets and prepaid income taxes) | E11: Year | F11: Balance
A12: =+A10+1 -> 97 | C12: December | D12: 111.57.d | E12: =YEAR(EDATE('Appendix III'!$N$7,-12)) -> 2026 | F12: 795247.51
A13: =+A12+1 -> 98 | C13: January | D13: company records | E13: =YEAR('Appendix III'!$N$7) -> 2027 | F13: 795247.51
A14: =+A13+1 -> 99 | C14: February | D14: company records | E14: =E13 -> 2027 | F14: 795247.51 | H14: =185908+525000 -> 710908
A15: =+A14+1 -> 100 | C15: March | D15: company records | E15: =E14 -> 2027 | F15: 795247.51 | H15: =F15-H14 -> 84339.51
A16: =+A15+1 -> 101 | C16: April | D16: company records | E16: =E15 -> 2027 | F16: 795247.51 | H16: =F16-F15 -> 0
A17: =+A16+1 -> 102 | C17: May | D17: company records | E17: =E16 -> 2027 | F17: 795247.51 | H17: =F17-F16 -> 0
A18: =+A17+1 -> 103 | C18: June | D18: company records | E18: =E17 -> 2027 | F18: 795247.51 | H18: =F18-F17 -> 0
A19: =+A18+1 -> 104 | C19: July | D19: company records | E19: =E18 -> 2027 | F19: 795247.51 | H19: =F19-F18 -> 0
A20: =+A19+1 -> 105 | C20: August | D20: company records | E20: =E19 -> 2027 | F20: 795247.51 | H20: =F20-F19 -> 0
A21: =+A20+1 -> 106 | C21: September | D21: company records | E21: =E20 -> 2027 | F21: 795247.51 | H21: =F21-F20 -> 0
A22: =+A21+1 -> 107 | C22: October | D22: company records | E22: =E21 -> 2027 | F22: 795247.51 | H22: =F22-F21 -> 0
A23: =+A22+1 -> 108 | C23: November | D23: company records | E23: =E22 -> 2027 | F23: 795247.51 | H23: =F23-F22 -> 0
A24: =+A23+1 -> 109 | C24: December | D24: 111.57.c | E24: =E23 -> 2027 | F24: 795247.51 | H24: =F24-F23 -> 0
A25: =+A24+1 -> 110 | C25: Prepayments | D25: ="(sum lines "&A12&"-"&A24&") /13" -> (sum lines 97-109) /13 | F25: =SUM(F12:F24)/13 -> 795247.51
A28: EPRI Dues Cost Support
A29: Appendix III Line #s, Descriptions, Notes, Form 1 Page #s and Instructions | J29: Details
B30: Allocated General & Common Expenses
E31: EPRI Dues | G31: EPRI & EEI Costs
A32: 128 | C32: EPRI and EEI dues and expenses to be excluded from the formula rate | E32: p353._.f (enter FN1 line #)
A34: 128a | C34: List EPRI and EEI dues and expenses
A41: Regulatory Expense Related to Transmission Cost Support
A42: Appendix III Line #s, Descriptions, Notes, Form 1 Page #s and Instructions | G42: Form 1 Amount | H42: Transmission Related | I42: Non-transmission Related | J42: Details*
B43: Directly Assigned A&G | G43: A | H43: B | I43: C
I44: (Col A- Col B)
A45: =+A32+1 -> 129 | C45: Regulatory Commission Exp Account 928 | F45: p323.189.b | I45: =+G45-H45 -> 0
G46: Column B shall be all Regulatory Commission Expenses directly related to transmission service,
G47: RTO filings, or transmission siting itemized at 351.h consistent with Footnote D on Appendix III
G49: * insert case specific detail and associated assignments here
A51: Safety Related and Education and Out Reach Cost Support
A52: Appendix III Line #s, Descriptions, Notes, Form 1 Page #s and Instructions | G52: Form 1 Amount | H52: Safety Related, Education, Siting & Outreach Related | I52: Other | J52: Details
B53: Directly Assigned A&G | G53: A | H53: B | I53: C
I54: (Col A- Col B)
A55: 131 | C55: General Advertising Exp Account 930.1 | F55: p323.191.b | I55: =G55-H55 -> 0
G56: Column B shall be safety, education, siting or out-reach related advertising consistent with
G57: Note D on Appendix III
A59: Excluded Plant Cost Support
A60: Appendix III Line #s, Descriptions, Notes, Form 1 Page #s and Instructions | G60: =+C62 -> Transmission Facilities Excluded from CAISO Rates | H60: Description of the Facilities
B61: Adjustment to Remove Revenue Requirements Associated with Excluded Transmission Facilities
A62: =+A55+1 -> 132 | C62: Transmission Facilities Excluded from CAISO Rates | H62: General Description of the Facilities
A63: 132a | C63: Transmission Facilities Included in OATT Ancillary Services | H63: General Description of the Facilities
K65: Add more lines if necessary
A68: Materials & Supplies
A69: Appendix III Line #s, Descriptions, Notes, Form 1 Page #s and Instructions
E70: A | F70: B | G70: C
C71: Note: for the projection, the prior year's actual balances will be used | E71: Stores Expense Undistributed | F71: Transmission Materials & Supplies | G71: Total
C72: Form No.1 page | E72: p227.16 | F72: p227.8 | G72: (Col A + Col B)
A73: =+A62+1 -> 133 | C73: December | D73: Column b | F73: 104292.7 | G73: =+E73+F73 -> 104292.7
A74: =+A73+1 -> 134 | C74: January | D74: company records | F74: 104292.7 | G74: =+E74+F74 -> 104292.7
A75: =+A74+1 -> 135 | C75: February | D75: company records | F75: 104292.7 | G75: =+E75+F75 -> 104292.7
A76: =+A75+1 -> 136 | C76: March | D76: company records | F76: 104292.7 | G76: =+E76+F76 -> 104292.7
A77: =+A76+1 -> 137 | C77: April | D77: company records | F77: 104292.7 | G77: =+E77+F77 -> 104292.7
A78: =+A77+1 -> 138 | C78: May | D78: company records | F78: 104292.7 | G78: =+E78+F78 -> 104292.7
A79: =+A78+1 -> 139 | C79: June | D79: company records | F79: 104292.7 | G79: =+E79+F79 -> 104292.7
A80: =+A79+1 -> 140 | C80: July | D80: company records | F80: 104292.7 | G80: =+E80+F80 -> 104292.7
A81: =+A80+1 -> 141 | C81: August | D81: company records | F81: 104292.7 | G81: =+E81+F81 -> 104292.7
A82: =+A81+1 -> 142 | C82: September | D82: company records | F82: 104292.7 | G82: =+E82+F82 -> 104292.7
A83: =+A82+1 -> 143 | C83: October | D83: company records | F83: 104292.7 | G83: =+E83+F83 -> 104292.7
A84: =+A83+1 -> 144 | C84: November | D84: company records | F84: 104292.7 | G84: =+E84+F84 -> 104292.7
A85: =+A84+1 -> 145 | C85: December | D85: Column c | F85: 104292.7 | G85: =+E85+F85 -> 104292.7
A87: =+A85+1 -> 146 | C87: Average | G87: =SUM(G73:G85)/13 -> 104292.7
A89: PBOPs
A90: Appendix III Line #s, Descriptions, Notes, Form 1 Page #s and Instructions | J90: Details
A92: =+A87+1 -> 147 | E92: Amount
A93: =+A92+1 -> 148 | C93: Total PBOP expenses | D93: Note A | E93: 0
A94: =+A93+1 -> 149 | C94: Labor dollars | D94: =+D93 -> Note A | E94: 0
A95: =+A94+1 -> 150 | C95: Cost per labor dollar | D95: Line 148 divided by line 149 | E95: =IF(E94=0,0,E93/E94) -> 0
A96: =+A95+1 -> 151 | C96: labor (labor not capitalized) current year | D96: (Note B) | E96: 0
A97: =+A96+1 -> 152 | C97: PBOP Expense for current year | D97: Line 150 times line 151 | E97: =E95*E96 -> 0
A98: =+A97+1 -> 153 | C98: Lines 148 and 149 cannot change absent approval or acceptance by FERC in a separate proceeding.
A99: =+A98+1 -> 154 | C99: PBOP amount included in Company's O&M and A&G expenses in Form No. 1
A100: =1+A99 -> 155 | C100: PBOP expense adjustment | D100: Line 154 - Line 152 | E100: =+E99-E97 -> 0
B102: A | C102: Amounts will be zero until changed pursuant to a FERC order.
B103: B | C103: The sum of all affiate labor included in accounts 560 to 579 and 920 to 935

Sheet 2b - Cost Support
A1: Attachment 2b - Cost Support
A2: =+'Appendix III'!E7 -> GridLiance West LLC (GLW)
A4: Capital Structure
A5: Appendix III Line #s, Descriptions, Notes, Form 1 Page #s and Instructions
C8: Form No.1
A9: Line No. | B9: Description | C9: Reference | D9: December | E9: January | F9: February | G9: March | H9: April | I9: May | J9: June | K9: July | L9: August | M9: September | N9: October | O9: November | P9: December | Q9: 13 Month Avg.
D10: Col. (a) | E10: Col. (b) | F10: Col. (c) | G10: Col. (d) | H10: Col. (e) | I10: Col. (f) | J10: Col. (g) | K10: Col. (h) | L10: Col. (i) | M10: Col. (j) | N10: Col. (k) | O10: Col. (l) | P10: Col. (m) | Q10: Col. (n)
A11: =+'2a - Cost Support'!A100+1 -> 156 | B11: Long Term Debt:
A12: =A11+1 -> 157 | B12: Acct 221 Bonds | C12: 112.18.c,d | D12: 0 | E12: 0 | F12: 0 | G12: 0 | H12: 0 | I12: 0 | J12: 0 | K12: 0 | L12: 0 | M12: 0 | N12: 0 | O12: 0 | P12: 0 | Q12: =IFERROR(AVERAGE(D12:P12),0) -> 0
A13: =A12+1 -> 158 | B13: Acct 223 Advances from Assoc. Companies | C13: 112.20.c,d | D13: 0 | E13: 0 | F13: 0 | G13: 0 | H13: 0 | I13: 0 | J13: 0 | K13: 0 | L13: 0 | M13: 0 | N13: 0 | O13: 0 | P13: 0 | Q13: =IFERROR(AVERAGE(D13:P13),0) -> 0
A14: =A13+1 -> 159 | B14: Acct 224 Other Long Term Debt | C14: 112.21.c,d | D14: 4.1749672e+08 | E14: 4.1749672e+08 | F14: 4.1749672e+08 | G14: 5.0609592e+08 | H14: 5.0609592e+08 | I14: 5.0609592e+08 | J14: 5.7137518e+08 | K14: 5.7137518e+08 | L14: 5.7137518e+08 | M14: 6.0597953e+08 | N14: 6.0597953e+08 | O14: 6.0597953e+08 | P14: 6.5924763e+08 | Q14: =IFERROR(AVERAGE(D14:P14),0) -> 5.3554536e+08
A15: =A14+1 -> 160 | B15: Less Acct 222 Reacquired Debt | C15: 112.19 c,d enter negative | D15: 0 | E15: 0 | F15: 0 | G15: 0 | H15: 0 | I15: 0 | J15: 0 | K15: 0 | L15: 0 | M15: 0 | N15: 0 | O15: 0 | P15: 0 | Q15: =IFERROR(AVERAGE(D15:P15),0) -> 0
A16: =A15+1 -> 161 | B16: Total Long Term Debt | C16: ="Sum Lines "&A11&" - "&A15 -> Sum Lines 156 - 160 | D16: =SUM(D12:D15) -> 4.1749672e+08 | E16: =SUM(E12:E15) -> 4.1749672e+08 | F16: =SUM(F12:F15) -> 4.1749672e+08 | G16: =SUM(G12:G15) -> 5.0609592e+08 | H16: =SUM(H12:H15) -> 5.0609592e+08 | I16: =SUM(I12:I15) -> 5.0609592e+08 | J16: =SUM(J12:J15) -> 5.7137518e+08 | K16: =SUM(K12:K15) -> 5.7137518e+08 | ... Q16: =SUM(Q12:Q15) -> 5.3554536e+08
A17: =A16+1 -> 162
A18: =A17+1 -> 163 | B18: Preferred Stock (Note 1) | C18: 112.3.c,d | D18: 0 | E18: 0 | F18: 0 | G18: 0 | H18: 0 | I18: 0 | J18: 0 | K18: 0 | L18: 0 | M18: 0 | N18: 0 | O18: 0 | P18: 0 | Q18: =IFERROR(AVERAGE(D18:P18),0) -> 0
A19: =A18+1 -> 164
A20: =A19+1 -> 165 | B20: Common Equity- Per Books | C20: 112.16.c,d | D20: 7.5521656e+08 | E20: 8.1143929e+08 | F20: 8.5648876e+08 | G20: 8.206019e+08 | H20: 8.7588567e+08 | I20: 9.4023364e+08 | J20: 9.1165687e+08 | K20: 9.3975958e+08 | L20: 9.6876979e+08 | M20: 9.5992486e+08 | N20: 1.0122853e+09 | O20: 1.0473882e+09 | P20: 1.034226e+09 | Q20: =IFERROR(AVERAGE(D20:P20),0) -> 9.1799049e+08
A21: =A20+1 -> 166 | B21: Less Acct 204 Preferred Stock | C21: 112.3.c,d | D21: 0 | E21: 0 | F21: 0 | G21: 0 | H21: 0 | I21: 0 | J21: 0 | K21: 0 | L21: 0 | M21: 0 | N21: 0 | O21: 0 | P21: 0 | Q21: =IFERROR(AVERAGE(D21:P21),0) -> 0
A22: =A21+1 -> 167 | B22: Less Acct 219 Accum Other Compre. Income | C22: 112.15.c,d | D22: 0 | E22: 0 | F22: 0 | G22: 0 | H22: 0 | I22: 0 | J22: 0 | K22: 0 | L22: 0 | M22: 0 | N22: 0 | O22: 0 | P22: 0 | Q22: =IFERROR(AVERAGE(D22:P22),0) -> 0
A23: =A22+1 -> 168 | B23: Less any acquisition premium or Goodwill | C23: Note 3 | D23: 1.1467245e+08 | E23: 1.1467245e+08 | F23: 1.1467245e+08 | G23: 1.1467245e+08 | H23: 1.1467245e+08 | I23: 1.1467245e+08 | J23: 1.1467245e+08 | K23: 1.1467245e+08 | L23: 1.1467245e+08 | M23: 1.1467245e+08 | N23: 1.1467245e+08 | O23: 1.1467245e+08 | P23: 1.1467245e+08 | Q23: =IFERROR(AVERAGE(D23:P23),0) -> 1.1467245e+08
A24: =A23+1 -> 169 | B24: Less Acct 216.1 Unappropriated Undistributed Subsidiary Earnings | C24: 112.12.c,d | D24: 0 | E24: 0 | F24: 0 | G24: 0 | H24: 0 | I24: 0 | J24: 0 | K24: 0 | L24: 0 | M24: 0 | N24: 0 | O24: 0 | P24: 0 | Q24: =IFERROR(AVERAGE(D24:P24),0) -> 0
A25: =A24+1 -> 170 | B25: ="Adjusted Common Equity" -> Adjusted Common Equity | C25: ="Ln "&A20&" - "&A21&" - "&A22&" - "&A23&" -"&A24 -> Ln 165 - 166 - 167 - 168 -169 | D25: =D20-D21-D22-D23-D24 -> 6.405441e+08 | E25: =E20-E21-E22-E23-E24 -> 6.9676683e+08 | F25: =F20-F21-F22-F23-F24 -> 7.418163e+08 | G25: =G20-G21-G22-G23-G24 -> 7.0592944e+08 | H25: =H20-H21-H22-H23-H24 -> 7.6121321e+08 | I25: =I20-I21-I22-I23-I24 -> 8.2556118e+08 | J25: =J20-J21-J22-J23-J24 -> 7.9698441e+08 | K25: =K20-K21-K22-K23-K24 -> 8.2508712e+08 | ... P25: =P20-P21-P22-P23-P24 -> 9.1955357e+08 | Q25: =Q20-Q21-Q22-Q24-Q23 -> 8.0331804e+08
A26: =A25+1 -> 171
A27: =A26+1 -> 172 | B27: ="Total (Line "&A16&" plus Line "&A18&" plus Line "&A25&")" -> Total (Line 161 plus Line 163 plus Line 170) | D27: =D16+D18+D25 -> 1.0580408e+09 | E27: =E16+E18+E25 -> 1.1142636e+09 | F27: =F16+F18+F25 -> 1.159313e+09 | G27: =G16+G18+G25 -> 1.2120254e+09 | H27: =H16+H18+H25 -> 1.2673091e+09 | I27: =I16+I18+I25 -> 1.3316571e+09 | J27: =J16+J18+J25 -> 1.3683596e+09 | K27: =K16+K18+K25 -> 1.3964623e+09 | ... Q27: =Q16+Q18+Q25 -> 1.3388634e+09
A28: =A27+1 -> 173
A29: =A28+1 -> 174 | B29: Cost of Debt
A30: =A29+1 -> 175 | B30: Acct 427 Interest on Long Term Debt | C30: 117.62.c | P30: 27814520
A31: =A30+1 -> 176 | B31: Acct 428 Amortization of Debt Discount and Expense | C31: 117.63.c | P31: 1458042.1
A32: =A31+1 -> 177 | B32: Acct 428.1 Amortization of Loss on Reacquired Debt | C32: 117.64.c | G32: 0 | H32: 0 | I32: 0 | J32: 0 | K32: 0 | L32: 0 | M32: 0 | N32: 0 | O32: 0 | P32: 0
A33: =A32+1 -> 178 | B33: Acct 430 Interest on Debt to Assoc. Companies (LTD portion only) (Note 2) | C33: 117.67.c | P33: 0
A34: =A33+1 -> 179 | B34: Less: Acct 429 Amort of Premium on Debt | C34: 117.65.c enter negative | P34: 0
A35: =A34+1 -> 180 | B35: Less: Acct 429.1 Amort of Gain on Reacquired Debt | C35: 117.66.c enter negative | P35: 0
A36: =A35+1 -> 181 | B36: Total Interest Expense | C36: ="Sum Lines "&A30&" - "&A35 -> Sum Lines 175 - 180 | P36: =SUM(P30:P35) -> 29272562
A37: =A36+1 -> 182
A38: =A37+1 -> 183 | B38: ="Average Cost of Debt (Line "&A36&" col (m) / Line "&A16&" col (n))" -> Average Cost of Debt (Line 181 col (m) / Line 161 col (n)) | P38: =IF(Q16=0,0,ROUND(P36/Q16,4)) -> 0.0547
A39: =A38+1 -> 184
A40: =A39+1 -> 185 | B40: Cost of Preferred Stock
A41: =A40+1 -> 186 | B41: Preferred Stock Dividends | C41: 118.29.c | P41: 0
A42: =A41+1 -> 187
A43: =A42+1 -> 188 | B43: ="Average Cost of Preferred Stock (Line "&A41&" col (m) / Line "&A18&" col (n))" -> Average Cost of Preferred Stock (Line 186 col (m) / Line 163 col (n)) | P43: =IF(P41=0,0,ROUND(P41/Q18,4)) -> 0
B45: Note 1. If and when the Company issues preferred stock, footnote will indicate the authorizing regulatory agency, the docket/case number, and the date of the authorizing order.
B46: Note 2. Interest on Debt to Associated Companies (FERC 430) will be populated with interest related to Long-Term Debt only.
B47: Note 3. Any goodwill or acquisition premium paid for assets or entities are to be removed on line 168 unless the Commission has authorized that inclusion in rates.

Sheet 3 - Incentives
A1: Attachment 3 - Incentive ROE
A2: =+'2 - Cost Support '!A2:F2 -> GridLiance West LLC (GLW)
A5: Incentive ROE
B6: A | C6: B | D6: C | E6: D | F6: E | G6: F | H6: G | I6: H | J6: I
A7: 1 | B7: Rate Base | C7: Appendix III, line 30 | J7: =+'Appendix III'!J71 -> 1.2925884e+09
A9: =+A7+1 -> 2 | B9: 100 Basis Point Incentive Return | I9: $
G10: Cost
D11: $ | E11: % | G11: Appendix III | I11: Weighted
A12: =+A9+1 -> 3 | B12: Long Term Debt | C12: Appendix III, line 83 | D12: =+'Appendix III'!E179 -> 5.3554536e+08 | E12: =+'Appendix III'!F179 -> 0.4 | G12: =+'Appendix III'!H179 -> 0.0547 | I12: =E12*G12 -> 0.02188
A13: =+A12+1 -> 4 | B13: Preferred Stock | C13: Appendix III, line 84 | D13: =+'Appendix III'!E180 -> 0 | E13: =+'Appendix III'!F180 -> 0 | G13: =+'Appendix III'!H180 -> 0 | I13: =E13*G13 -> 0
A14: =+A13+1 -> 5 | B14: Common Stock Including 100 basis points Appendix III, line 85 | D14: =+'Appendix III'!E181 -> 8.0331804e+08 | E14: =+'Appendix III'!F181 -> 0.6 | G14: =+'Appendix III'!H181 -> 0.106 | I14: =E14*G14 -> 0.0636
A15: =+A14+1 -> 6 | B15: Total (sum lines 3-5) | D15: =SUM(D12:D14) -> 1.3388634e+09 | I15: =SUM(I12:I14) -> 0.08548
A16: =+A15+1 -> 7 | B16: 100 Basis Point Incentive Return multiplied by Rate Base (line 1 * line 6 col H) | J16: =+I15*J7 -> 1.1049046e+08
A18: =+A16+1 -> 8 | B18: INCOME TAXES
A19: =+A18+1 -> 9 | B19: T=1 - {[(1 - SIT) * (1 - FIT)] / (1 - SIT * FIT * p)} = (From Appendix III, Line 54) | D19: =+'Appendix III'!E120 -> 0.21
A20: =+A19+1 -> 10 | B20: CIT=(T/1-T) * (1-(WCLTD/R)) = | D20: =IF(I15>0,(D19/(1-D19))*(1-I12/I15),0) -> 0.19778111
A21: =+A20+1 -> 11 | B21: =" where WCLTD=(line "&A12&") and R= (line "&A15&")" -> where WCLTD=(line 3) and R= (line 6)
A22: =+A21+1 -> 12 | B22: =" and FIT, SIT & p are as given in footnote "&'Appendix III'!A217&" on Appendix III." -> and FIT, SIT & p are as given in footnote F on Appendix III.
A23: =+A22+1 -> 13 | B23: =" 1 / (1 - T) = (T from line "&A19&")" -> 1 / (1 - T) = (T from line 9) | D23: =IF(D19>0,1/(1-D19),0) -> 1.2658228
A24: =+A23+1 -> 14 | B24: Amortized Investment Tax Credit (Appendix III, line 59) | D24: =+'Appendix III'!E125 -> 0
A25: =+A24+1 -> 15
A26: =+A25+1 -> 16 | B26: ="Income Tax Calculation = line "&A20&" * line "&A16&"" -> Income Tax Calculation = line 10 * line 7 | D26: =+J16*D20 -> 21852926 | I26: =+J16*D20 -> 21852926
A27: =+A26+1 -> 17 | B27: ="ITC adjustment (line "&A23&" * line "&A24&") and line 17 allocated on NP allocator" -> ITC adjustment (line 13 * line 14) and line 17 allocated on NP allocator | D27: =+D23*D24 -> 0 | F27: NP | G27: =+'Appendix III'!H52 -> 1 | I27: =G27*D27 -> 0
A28: =+A27+1 -> 18 | B28: Total Income Taxes | C28: ="(line "&A26&" plus line "&A27&") " -> (line 16 plus line 17) | D28: =(D27+D26) -> 21852926 | J28: =(I27+I26) -> 21852926
A31: =+A28+1 -> 19 | B31: Return and Income Taxes with 100 basis point increase in ROE | E31: Sum lines 7 and 18 | J31: =+J28+J16 -> 1.3234339e+08
A33: =+A31+1 -> 20 | B33: ="Return (Appendix III line "&'Appendix III'!A135&" col 5)" -> Return (Appendix III line 64 col 5) | J33: =+'Appendix III'!J135 -> 1.1049046e+08
A34: =+A33+1 -> 21 | B34: ="Income Tax (Appendix III line "&'Appendix III'!A132&" col 5)" -> Income Tax (Appendix III line 62 col 5) | J34: =+'Appendix III'!J132 -> 21971130
A35: =+A34+1 -> 22 | B35: Return and Income Taxes without 100 basis point increase in ROE | E35: Sum lines 20 and 21 | J35: =+J33+J34 -> 1.3246159e+08
A36: =+A35+1 -> 23 | B36: Incremental Return and Income Taxes for 100 basis point increase in ROE | E36: Line 19 less line 22 | J36: =+J31-J35 -> -118203.95
A37: =+A36+1 -> 24 | B37: Sum Of Net Plant, CWIP, Abandoned Plant And Regulatory Assets | E37: ="Appendix III, line "&'Appendix III'!A191&" Col. (a)" -> Appendix III, line 91 Col. (a) | J37: =+'Appendix III'!H191 -> 1.2869306e+09
A38: =+A37+1 -> 25 | B38: Carrying Charge Difference for 100 Basis point of ROE | E38: (Line 23 divided by line 24) | J38: =IF(J37=0,0,J36/J37) -> -9.1849515e-05
A40: Note 1: No incentive may be included in the formula absent authorization from FERC
A41: Note 2: The 100 basis points is used to calculate the change in the carrying charge if an incentive is approved by the Commission and does not reflect what ultimately
A42: the Commission might approve as an incentive ROE adder for a specific transmission project.
B44: FERC has authorized incentives for the following projects:
B45: Project | C45: Docket Number

Sheet 3a - Incentives
A1: Attachment 3a - Project (13 Monthly Balances) | Q1: =+A1 -> Attachment 3a - Project (13 Monthly Balances)
A2: =+'Appendix III'!E7 -> GridLiance West LLC (GLW) | Q2: =+A2 -> GridLiance West LLC (GLW)
C4: GROSS PLANT IN SERVICE | P4: ACCUMULATED DEPRECIATION | AD4: NET PLANT IN SERVICE
C5: (a) | D5: (b) | E5: (c) | F5: (d) | G5: (e) | H5: (f) | I5: (g) | J5: (h) | K5: (i) | L5: (j) | M5: (k) | N5: (l) | O5: (m) | P5: (n) | Q5: (o) | R5: (p) | S5: (q) | T5: (r) | U5: (s) | V5: (t) | W5: (u) | X5: (v) | Y5: (w) | Z5: (x) | AA5: (y) | AB5: (z) | AD5: (aa) | AF5: (ab) | AH5: (ac)
A6: Line | B6: Project Name and Identification | C6: Dec | D6: Jan | E6: Feb | F6: Mar | G6: Apr | H6: May | I6: Jun | J6: Jul | K6: Aug | L6: Sept | M6: Oct | N6: Nov | O6: Dec | P6: Dec | Q6: Jan | R6: Feb | S6: Mar | T6: Apr | U6: May | V6: Jun | W6: Jul | X6: Aug | Y6: Sept | Z6: Oct | AA6: Nov | AB6: Dec | AD6: Average Gross | AF6: Average Accum. | AH6: Average Net
A7: No. | AD7: Plant in Service (1) | AE7: - | AF7: Depreciation (2) | AG7: = | AH7: Plant in Service
A8: 1 | B8: 0 | C8: 0 | D8: 0 | E8: 0 | F8: 0 | G8: 0 | H8: 0 | I8: 0 | J8: 0 | K8: 0 | L8: 0 | M8: 0 | N8: 0 | O8: 0 | P8: 0 | Q8: 0 | R8: 0 | S8: 0 | T8: 0 | U8: 0 | V8: 0 | W8: 0 | X8: 0 | Y8: 0 | Z8: 0 | AA8: 0 | AB8: 0 | AD8: =IFERROR(AVERAGE(C8:O8),"") -> 0 | AF8: =IFERROR(AVERAGE(P8:AB8),"") -> 0 | AH8: =IFERROR(AD8-AF8,"") -> 0
A9: 2 | AD9: =IFERROR(AVERAGE(C9:O9),"") | AF9: =IFERROR(AVERAGE(P9:AB9),"") | AH9: =IFERROR(AD9-AF9,"")
A10: 3 | AD10: =IFERROR(AVERAGE(C10:O10),"") | AF10: =IFERROR(AVERAGE(P10:AB10),"") | AH10: =IFERROR(AD10-AF10,"")
A11: 4 | AD11: =IFERROR(AVERAGE(C11:O11),"") | AF11: =IFERROR(AVERAGE(P11:AB11),"") | AH11: =IFERROR(AD11-AF11,"")
A12: 5 | AD12: =IFERROR(AVERAGE(C12:O12),"") | AF12: =IFERROR(AVERAGE(P12:AB12),"") | AH12: =IFERROR(AD12-AF12,"")
A13: 6 | AD13: =IFERROR(AVERAGE(C13:O13),"") | AF13: =IFERROR(AVERAGE(P13:AB13),"") | AH13: =IFERROR(AD13-AF13,"")
A14: 7 | AD14: =IFERROR(AVERAGE(C14:O14),"") | AF14: =IFERROR(AVERAGE(P14:AB14),"") | AH14: =IFERROR(AD14-AF14,"")
A15: 8 | AD15: =IFERROR(AVERAGE(C15:O15),"") | AF15: =IFERROR(AVERAGE(P15:AB15),"") | AH15: =IFERROR(AD15-AF15,"")
A16: 9 | AD16: =IFERROR(AVERAGE(C16:O16),"") | AF16: =IFERROR(AVERAGE(P16:AB16),"") | AH16: =IFERROR(AD16-AF16,"")
A17: 10 | AD17: =IFERROR(AVERAGE(C17:O17),"") | AF17: =IFERROR(AVERAGE(P17:AB17),"") | AH17: =IFERROR(AD17-AF17,"")
A18: 11 | AD18: =IFERROR(AVERAGE(C18:O18),"") | AF18: =IFERROR(AVERAGE(P18:AB18),"") | AH18: =IFERROR(AD18-AF18,"")
A19: 12 | AD19: =IFERROR(AVERAGE(C19:O19),"") | AF19: =IFERROR(AVERAGE(P19:AB19),"") | AH19: =IFERROR(AD19-AF19,"")
A20: 13 | AD20: =IFERROR(AVERAGE(C20:O20),"") | AF20: =IFERROR(AVERAGE(P20:AB20),"") | AH20: =IFERROR(AD20-AF20,"")
... A27: 20 | AD27: =IFERROR(AVERAGE(C27:O27),"") | AF27: =IFERROR(AVERAGE(P27:AB27),"") | AH27: =IFERROR(AD27-AF27,"")
AD29: Notes
AC30: (1) | AD30: Calculated as the average of Columns (a) through (m).
AC31: (2) | AD31: Calculated as the average of Columns (n) through (z).

Sheet 4 - Cap Adds
A2: Attachment 4 - Transmission Enhancement Charge Worksheet
A3: ='Appendix III'!$E$7 -> GridLiance West LLC (GLW)
A5: 1 | B5: Rev Requirement before Incentive Projects | G5: (Appendix III, line 65) | L5: =+'Appendix III'!J137 -> 1.5971782e+08
A6: 2 | B6: Less Transmission Depreciation Expense, Abandoned Plant Amort, Reg Asset Amort, and O&M | G6: (Appendix III, lines 40 & 42 plus Appendix III, line 38) | L6: =+'Appendix III'!J104+'Appendix III'!J106+'Appendix III'!J101 -> 24471672
A7: 3 | B7: Net Rev Req less Depreciation expense and O&M | G7: (Line 1 minus line 2) | L7: =+L5-L6 -> 1.3524615e+08
A8: 4 | B8: Sum Of Net Plant, CWIP, Regulatory Asset and Abandoned Plant | G8: ="(Appendix III, line "&'Appendix III'!A191&" (a))" -> (Appendix III, line 91 (a)) | L8: =+'Appendix III'!H191 -> 1.2869306e+09
A9: 5 | B9: Base Fixed Charge Rate Less Depreciation/Amortization and O&M (Base FCR) | G9: (Line 3 / line 4) | L9: =IF(L8=0,0,L7/L8) -> 0.10509203
A10: 6 | B10: Carrying Charge Difference for 100 Basis point of ROE | G10: (Attachment 3, line 25) | L10: =+'3 - Incentives'!J38 -> -9.1849515e-05
B15: Column A | C15: Column B | D15: Column C | E15: Column D | F15: Column E | G15: Column F | H15: Column G | I15: Column H | J15: Column I | K15: Column J | L15: Column K | M15: Column L | N15: Column M
B16: (Notes 1 and 2)
B17: Project Name and CAISO Identification | C17: Useful life of project/Amort period | D17: Input the allowed ROE Incentive | E17: Line 5 | F17: Line 6 times Col C divided by 100 basis points plus Col D | G17: Actual Rev Req at Base FCR | K17: Actual Rev Req at Increased ROE | L17: Incremental Rev Req at Increased ROE of Incentive Projects | M17: Discount | N17: Net Revenue
D18: Increased ROE (Basis Points) (Note 3) | E18: Base Fixed Charge Rate Less Depreciation/Amortization and O&M (Base FCR (line 5)) | F18: FCR for This Project (Line 6 x Col C /100 + Col D) | G18: 13 Month Balance of Investment (Note 2) (company records) | H18: Depreciation or Amortization Expense (company records) | I18: Directly Assigned O&M (Note 5) | J18: Revenue Requirement | K18: Revenue Requirement | L18: Col J less Col I for Incentive Projects | M18: (Note 4) | N18: Col J - Col L
J19: [Col D x Col F + Col G + Col H] | K19: (Col E x Col F + Col G + Col H)
A21: 7a | B21: 0 | C21: 0 | D21: 0 | E21: =$L$9 -> 0.10509203 | F21: =+L$10*D21/100+E21 -> 0.10509203 | G21: 0 | H21: 0 | I21: 0 | J21: =+E21*G21+H21+I21 -> 0 | K21: =+F21*G21+H21+I21 -> 0 | L21: =+K21-J21 -> 0 | M21: 0 | N21: =+K21-M21 -> 0
A22: 7b | B22: 0 | C22: 0 | D22: 0 | E22: =$L$9 -> 0.10509203 | F22: =+L$10*D22/100+E22 -> 0.10509203 | G22: 0 | H22: 0 | I22: 0 | J22: =+E22*G22+H22+I22 -> 0 | K22: =+F22*G22+H22+I22 -> 0 | L22: =+K22-J22 -> 0 | M22: 0 | N22: =+K22-M22 -> 0
A23: 7c | B23: 0 | C23: 0 | D23: 0 | E23: =$L$9 -> 0.10509203 | F23: =+L$10*D23/100+E23 -> 0.10509203 | G23: 0 | H23: 0 | I23: 0 | J23: =+E23*G23+H23+I23 -> 0 | K23: =+F23*G23+H23+I23 -> 0 | L23: =+K23-J23 -> 0 | M23: 0 | N23: =+K23-M23 -> 0
A24: 7d | B24: 0 | C24: 0 | D24: 0 | E24: =$L$9 -> 0.10509203 | F24: =+L$10*D24/100+E24 -> 0.10509203 | G24: 0 | H24: 0 | I24: 0 | J24: =+E24*G24+H24+I24 -> 0 | K24: =+F24*G24+H24 -> 0 | L24: =+K24-J24 -> 0 | M24: 0 | N24: =+K24-M24 -> 0
A25: 7e | B25: 0 | C25: 0 | D25: 0 | E25: =$L$9 -> 0.10509203 | F25: =+L$10*D25/100+E25 -> 0.10509203 | G25: 0 | H25: 0 | I25: 0 | J25: =+E25*G25+H25+I25 -> 0 | K25: =+F25*G25+H25 -> 0 | L25: =+K25-J25 -> 0 | M25: 0 | N25: =+K25-M25 -> 0
A26: 7f | B26: 0 | C26: 0 | D26: 0 | E26: =$L$9 -> 0.10509203 | F26: =+L$10*D26/100+E26 -> 0.10509203 | G26: 0 | H26: 0 | I26: 0 | J26: =+E26*G26+H26+I26 -> 0 | K26: =+F26*G26+H26 -> 0 | L26: =+K26-J26 -> 0 | M26: 0 | N26: =+K26-M26 -> 0
A27: 7g | B27: 0 | C27: 0 | D27: 0 | E27: =$L$9 -> 0.10509203 | F27: =+L$10*D27/100+E27 -> 0.10509203 | G27: 0 | H27: 0 | I27: 0 | J27: =+E27*G27+H27+I27 -> 0 | K27: =+F27*G27+H27 -> 0 | L27: =+K27-J27 -> 0 | M27: 0 | N27: =+K27-M27 -> 0
A28: 7h | B28: 0 | C28: 0 | D28: 0 | E28: =$L$9 -> 0.10509203 | F28: =+L$10*D28/100+E28 -> 0.10509203 | G28: 0 | H28: 0 | I28: 0 | J28: =+E28*G28+H28+I28 -> 0 | K28: =+F28*G28+H28 -> 0 | L28: =+K28-J28 -> 0 | M28: 0 | N28: =+K28-M28 -> 0
A29: … | B29: 0 | C29: 0 | D29: 0 | E29: =$L$9 -> 0.10509203 | F29: =+L$10*D29/100+E29 -> 0.10509203 | G29: 0 | H29: 0 | I29: 0 | J29: =+E29*G29+H29+I29 -> 0 | K29: =+F29*G29+H29 -> 0 | L29: =+K29-J29 -> 0 | M29: 0 | N29: =+K29-M29 -> 0
A30: 8 | B30: Total (sum of lines 7 above) | G30: =SUM(G21:G29) -> 0 | H30: =SUM(H21:H29) -> 0 | I30: =SUM(I21:I29) -> 0 | J30: =SUM(J21:J29) -> 0 | K30: =SUM(K21:K29) -> 0 | L30: =SUM(L21:L29) -> 0 | M30: 0 | N30: =+K30-M30 -> 0
A31: 9 | B31: Line 9 must tie to the lines above as shown | G31: Total of Col F ties to Line 4 | H31: Total of Col G ties to the sum of Appendix III, lines 33b, 40 & 42, col 5) | I31: Total of Col H ties to Appendix III, Lines 38 - line 33b | J31: Total of Col I ties to Line 1 Total | K31: Total of Col J ties to Appendix III, Line 65 | L31: Total of Col K ties to Appendix III, Line 66 | N31: Total to be Charged
A34: Note 1: Add additional lines after line 7i for additional projects
A35: Note 2: Regulatory Assets, Abandoned Plant, authorized CWIP in rate base, and plant in-service shall be listed separately on lines 7 for each project
A36: Note 3: No incentive may be included in the formula absent authorization from FERC
B37: FERC has authorized incentives for the following projects:
B38: Project | C38: Docket Number
A42: Note 4: The Discount in Column L is the reduction in revenue, if any, that the company agreed to, for instance, to be selected to build facilities as the result of a competitive process and equals the amount by which the
A43: annual revenue requirement is reduced from the ceiling rate. A workpaper will be provided to show the calculation of the discount.
A44: Note 5: All O&M will be directly assigned to each project with plant in service based on the invoiced amount per project. The detail supporting the O&M direct assignment will be provided in a workpaper and the totals shown in a Form No. 1 footnote to pages 320-323.
A45: A&G will be allocated in proportion to the Transmission O&M for each item in Lines 7 (not including amortization of Regulatory Asset(s) booked to Account 566).
B46: A | C46: B | E46: C | F46: D | G46: E
B47: Project | C47: O&M (excluding Amortization of Regulatory Assets) (Line 11 is equal to Appendix III, line 32 - line 33 + line 33a, col 5 attributable to each project based on invoices) | E47: %O&M (Col B / total Col B) | F47: A&G [(Appendix III, line 34 - line 35 + lines 36 & 37, col 5) * (Col C) | G47: O&M (including A&G) (Col B + Col D)
A48: 10 | B48: 0 | C48: 0 | E48: =IF(C48>0,C48/C$52,0) -> 0 | F48: =('Appendix III'!J$100-'Appendix III'!J$101+'Appendix III'!J$102+'Appendix III'!J$103)*E48 -> 0 | G48: =+C48+F48 -> 0
A49: 10a | B49: 0 | C49: 0 | E49: =IF(C49>0,C49/C$52,0) -> 0 | F49: =('Appendix III'!J$100-'Appendix III'!J$101+'Appendix III'!J$102+'Appendix III'!J$103)*E49 -> 0 | G49: =+C49+F49 -> 0
A50: 10b | E50: =IF(C50>0,C50/C$52,0) -> 0
A51: … | E51: =IF(C51>0,C51/C$52,0) -> 0
A52: 11 | B52: Total (sum lines 10 above) | C52: =SUM(C48:D51) -> 0 | G52: =SUM(G48:G51) -> 0
A54: Note 6: | B54: Narrative step by step of how data is derived and calculated within this attachment and how Attachment 3 relates to this attachment:
B55: Step 1 | C55: Lines 1-6 are sourced from Appendix III, Attachment 3 or calculated as set forth on each line.
B56: Step 2 | C56: On lines 7, for each project (whether FERC authorized CWIP in rate base or plant in service), FERC authorized Abandoned Plant or FERC authorized Regulatory Asset, Input the data for Steps 3 to 7
B57: Step 3 | C57: On lines 7, Col A, input the name of the project
B58: Step 4 | C58: On lines 7, Col B, input the useful life for projects with plant in service based on the depreciation rates set forth in Attach 9, or the amortization period approved by FERC for Abandoned Plant or Regulatory Assets
B59: Step 5 | C59: Lines 7, Col C, is the increase in ROE authorized by FERC from Note 3
B60: Step 6 | C60: Lines 7, Col D, is the Base Fixed Charge Rate from line 5 which excludes any increased ROE authorized by FERC
B61: Step 7 | C61: Lines 7, Col E, calculate the Fixed Rate Charge for the line including the increased ROE authorized by FERC
B62: Step 8 | C62: On Lines 7, Col F, input the 13 month balance of each Investment (defined in Note 2 as Regulatory Assets, Abandoned Plant, authorized CWIP in rate base, and plant in-service). The total on line 8 must tie to line 4.
B63: Step 9 | C63: On Lines 7, Col G, input the depreciation or amortization expense associated with each investment and the total on line 8 must tie to the sum of Appendix III, lines 33b, 40 & 42, col 5
B64: Step 10 | C64: On Lines 7, Col H, input the O&M from Note 5, Col E for each project with plant in service.
B65: Step 11 | C65: Lines 7, Col I, calculates the revenue requirement at the Base FCR for each Investment as the sum of Cols D, F, G and H
B66: Step 12 | C66: Lines 7, Col J, calculates the revenue requirement for each Investment including any increased ROE authorized by FERC as the sum of Cols E, F, G and H
... B70: Attachment 3 | C70: Attachment 3 calculates the increase in the Fixed Charge Rate attributable to an increase in ROE of 100 basis points. Lines 7, Col C inputs the actual increase in ROE authorized by FERC for the project. Lines 7, Col E compute the increase in the Fixed Charge Rate associated with the increased ROE authorized by FERC for each project. The combination of Attachment 3 and Lines 7, Cols C & E, allow the formula to calculate the proper Fixed Charge Rate for each project based on the actual ROE increase for each project authorized by FERC.

Sheet 5 - True-Up
A2: Attachment 5 - Example of True-Up Calculation
B7: Year | F7: Annual True-Up Calculation
A8: 1 | B8: =+YEAR(TODAY())-1 -> 2025
B9: A | C9: B | D9: C | E9: D | F9: E | G9: F | H9: G
F10: Net
D11: Adjusted | F11: Under/(Over) | G11: Interest | H11: Total True-Up
B12: Project | D12: Net Revenue | F12: Collection | G12: Income | H12: Adjustment
B13: Identification | C13: Project Name | D13: Requirement1 | E13: Revenue Received2 | F13: (C-D) | G13: (Expense) | H13: (E + F)
A14: 2 | B14: Southwest Nevada Asset | C14: Southwest Nevada | D14: 91286977 | E14: 83876147 | F14: =+D14-E14 -> 7410829.9 | G14: =F14*(E45*24) -> 1092568.1 | H14: =+F14+G14 -> 8503397.9
A15: 2a | B15: Prior Period Adjustment | D15: 0 | E15: 0 | F15: -307909 | G15: -44554 | H15: =+F15+G15 -> -352463
A16: 2b | D16: 0 | E16: 0 | F16: =D16-E16 -> 0 | G16: 0 | H16: =+F16+G16 -> 0
A17: 2c | D17: 0 | E17: 0 | F17: =D17-E17 -> 0 | G17: 0 | H17: =+F17+G17 -> 0
A18: 2d | D18: 0 | E18: 0 | F18: =D18-E18 -> 0 | G18: 0 | H18: =+F18+G18 -> 0
D19: 0 | E19: 0 | F19: =D19-E19 -> 0 | G19: 0 | H19: =+F19+G19 -> 0
A21: 3 | B21: Total | D21: =SUM(D14:D19) -> 91286977 | E21: =SUM(E14:E19) -> 83876147 | F21: =SUM(F14:F19) -> 7102920.9 | G21: =SUM(G14:G19) -> 1048014.1 | H21: =SUM(H14:H19) -> 8150934.9
B24: Notes
B25: 1. From Attachment 4, Column M for the period being trued-up
B26: 2. The "revenue received" is the total amount of revenue distributed to GWT in the True-Up Year. The amounts do not include any true-ups, prior period
B27: adjustments, or TRBAA amounts and reflects any Competitive Bid Concessions
B28: 3. Then Monthly Interest Rate shall be equal to the interest rate set forth below on line 13 and be applied to the amount in Column E for a period of 24 months
B29: 4. The True-Up Adjustment is applied to each project pro rata based its contribution to the Revenue Requirement shown in Attachment 4
B30: 5. 2a Column (C) prior period adjustment for revenue received 2021-2022, Column (F) is interest
B32: FERC Refund Interest Rate
B34: (a) | C34: (b) | D34: (c) | E34: (d)
A35: 4 | B35: Interest Rate: | C35: Quarter | D35: Year | E35: Quarterly Interest Rate under Section 35.19(a)
A36: 5 | C36: 1st Qtr. | D36: 2025 | E36: 0.0067
A37: 6 | C37: 2nd Qtr | D37: =+D36 -> 2025 | E37: 0.0063
A38: 7 | C38: 3rd Qtr | D38: =+D37 -> 2025 | E38: 0.0063
A39: 8 | C39: 4th Qtr | D39: =+D38 -> 2025 | E39: 0.0063
A40: 9 | C40: 1st Qtr | D40: =+D39+1 -> 2026 | E40: 0.006
A41: 10 | C41: 2nd Qtr | D41: =+D40 -> 2026 | E41: 0.0057
A42: 11 | C42: 3rd Qtr | D42: =+D41 -> 2026 | E42: 0.0057
A43: 12 | C43: Sum lines 5-11 | E43: =SUM(E36:E42) -> 0.043
A45: 13 | B45: Avg. Monthly FERC Rate | C45: Line 12 divided by 7 | E45: =E43/7 -> 0.0061428571

Sheet 6a-ADIT Projection
A1: Attachment 6a - Accumulated Deferred Income Taxes (ADIT) Average Worksheet (Projection)
A2: =+'Appendix III'!E7 -> GridLiance West LLC (GLW)
A3: ="Projection for the 12 Months Ended "& TEXT('Appendix III'!$N$7,"mm/dd/yyyy") -> Projection for the 12 Months Ended 12/31/2027
B5: A | E5: B | F5: C | G5: D | H5: E
H6: (Sum Col. B, C & D)
A7: Ln | B7: Item | E7: Transmission Related | F7: Plant Related | G7: Labor Related | H7: Total
A9: 1 | B9: ADIT-282 (enter negative) | E9: =F25 -> 3798476 | F9: =G25 -> 0 | G9: =H25 -> 0 | I9: Line 12
A10: =+A9+1 -> 2 | B10: ADIT-283 (enter negative) | E10: =F31 -> 614274.68 | F10: =G31 -> 0 | G10: =H31 -> 0 | I10: Line 16
A11: =+A10+1 -> 3 | B11: ADIT-190 | E11: =F37 -> -74528.302 | F11: =G38 -> 0 | G11: =H38 -> 0 | I11: Line 20
A12: =+A11+1 -> 4 | B12: Subtotal | E12: =SUM(E9:E11) -> 4338222.3 | F12: =SUM(F9:F11) -> 0 | G12: =SUM(G9:G11) -> 0 | I12: Sum of Lines 1-3
A13: =+A12+1 -> 5 | B13: Wages & Salary Allocator (sum lines 1-3 for each column) | G13: =+'Appendix III'!J174 -> 1 | I13: Appendix III, line 81
A14: =+A13+1 -> 6 | B14: Net Plant Allocator | F14: =+'Appendix III'!H52 -> 1 | I14: Appendix III, line 15
A15: =+A14+1 -> 7 | B15: Total Plant Allocator | E15: 1 | I15: 1
A16: =+A15+1 -> 8 | B16: Projected ADIT Total | E16: =+E15*E12 -> 4338222.3 | F16: =+F14*F12 -> 0 | G16: =+G13*G12 -> 0 | H16: =+E16+F16+G16 -> 4338222.3 | I16: Enter as negative Appendix III, page 2, line 17
B19: (a) | C19: (b) | D19: (c) | E19: (d) | F19: (e) | G19: (f) | H19: (g)
B20: Beginning Balance & Monthly Changes | C20: Month | D20: Year | E20: Balance | F20: Transmission Related | G20: Plant Related | H20: Labor Related
A21: ADIT-282
A22: =A16+1 -> 9 | B22: Balance-BOY (Attach 6c, Line 30) | C22: December | D22: =YEAR(EDATE('Appendix III'!$N$7,-12)) -> 2026 | E22: ='6c- ADIT BOY'!C54 -> 3494991 | F22: ='6c- ADIT BOY'!E54 -> 3494991 | G22: ='6c- ADIT BOY'!F54 -> 0 | H22: ='6c- ADIT BOY'!G54 -> 0
A23: =A22+1 -> 10 | B23: EOY (Attach 6d, Line 30 less Line 27) | C23: December | D23: =YEAR('Appendix III'!$N$7) -> 2027 | E23: ='6d- ADIT EOY'!C54-'6d- ADIT EOY'!C51 -> 0 | F23: ='6d- ADIT EOY'!E54-'6d- ADIT EOY'!E51 -> 0 | G23: ='6d- ADIT EOY'!F54-'6d- ADIT EOY'!F51 -> 0 | H23: ='6d- ADIT EOY'!G54-'6d- ADIT EOY'!G51 -> 0
A24: =A23+1 -> 11 | B24: Balance-EOY Prorated (Attach 6b, Line 14) | C24: December | D24: =D23 -> 2027 | E24: =SUM(F24:H24) -> 3798476 | F24: ='6b-ADIT Projection Proration'!H22 -> 3798476 | G24: ='6b-ADIT Projection Proration'!J22 -> 0 | H24: ='6b-ADIT Projection Proration'!L22 -> 0
A25: =A24+1 -> 12 | B25: ADIT 282-Total (Lines 10+11) | E25: =E23+E24 -> 3798476 | F25: =F23+F24 -> 3798476 | G25: =G23+G24 -> 0 | H25: =H23+H24 -> 0
A27: ADIT-283
A28: =A25+1 -> 13 | B28: Balance-BOY (Attach 6c, Line 44) | C28: December | D28: =D22 -> 2026 | E28: ='6c- ADIT BOY'!C78 -> 609091 | F28: ='6c- ADIT BOY'!E78 -> 609091 | G28: ='6c- ADIT BOY'!F78 -> 0 | H28: ='6c- ADIT BOY'!G78 -> 0
A29: =A28+1 -> 14 | B29: EOY (Attach 6d, Line 44 less Line 41) | C29: December | D29: =D23 -> 2027 | E29: ='6d- ADIT EOY'!C78-'6d- ADIT EOY'!C75 -> 0 | F29: ='6d- ADIT EOY'!E78-'6d- ADIT EOY'!E75 -> 0 | G29: ='6d- ADIT EOY'!F78-'6d- ADIT EOY'!F75 -> 0 | H29: ='6d- ADIT EOY'!G78-'6d- ADIT EOY'!G75 -> 0
A30: =A29+1 -> 15 | B30: EOY Prorated (Attach 6b, Line 28) | C30: December | D30: =D24 -> 2027 | E30: =SUM(F30:H30) -> 614274.68 | F30: ='6b-ADIT Projection Proration'!H38 -> 614274.68 | G30: ='6b-ADIT Projection Proration'!J38 -> 0 | H30: ='6b-ADIT Projection Proration'!L38 -> 0
A31: =A30+1 -> 16 | B31: ADIT 283-Total (Lines 14+15) | E31: =E29+E30 -> 614274.68 | F31: =F29+F30 -> 614274.68 | G31: =G29+G30 -> 0 | H31: =H29+H30 -> 0
A33: ADIT-190
A34: =A31+1 -> 17 | B34: Balance-BOY (Attach 6c, Line 18) | C34: December | D34: =D28 -> 2026 | E34: ='6c- ADIT BOY'!C32 -> -70430 | F34: ='6c- ADIT BOY'!E32 -> -70430 | G34: ='6c- ADIT BOY'!F32 -> 0 | H34: ='6c- ADIT BOY'!G32 -> 0
A35: =A34+1 -> 18 | B35: EOY (Attach 6d, Line 18 less Line 15) | C35: December | D35: =D29 -> 2027 | E35: ='6d- ADIT EOY'!C32-'6d- ADIT EOY'!C29 -> 0 | F35: ='6d- ADIT EOY'!E32-'6d- ADIT EOY'!E29 -> 0 | G35: ='6d- ADIT EOY'!F32-'6d- ADIT EOY'!F29 -> 0 | H35: ='6d- ADIT EOY'!G32-'6d- ADIT EOY'!G29 -> 0
A36: =A35+1 -> 19 | B36: EOY Prorated (Attach 6b, Line 42) | C36: December | D36: =D30 -> 2027 | E36: =SUM(F36:H36) -> -74528.302 | F36: ='6b-ADIT Projection Proration'!H54 -> -74528.302 | G36: ='6b-ADIT Projection Proration'!J54 -> 0 | H36: ='6b-ADIT Projection Proration'!L54 -> 0
A37: =A36+1 -> 20 | B37: ADIT 190-Total (Lines 18+19) | E37: =E35+E36 -> -74528.302 | F37: =F35+F36 -> -74528.302 | G37: =G35+G36 -> 0 | H37: =H35+H36 -> 0

Sheet 6b-ADIT Projection Proration
A1: Attachment 6b - Accumulated Deferred Income Taxes (ADIT) Proration Worksheet (Projection)
A2: =+'6a-ADIT Projection'!A2:I2 -> GridLiance West LLC (GLW)
A3: ='6a-ADIT Projection'!A3 -> Projection for the 12 Months Ended 12/31/2027
B6: (a) | C6: (b) | D6: (c) | E6: (d) | F6: (e) | G6: (f) | H6: (g) | I6: (h) | J6: (i) | K6: (j) | L6: (k)
B7: Beginning Balance & Monthly Changes | C7: Month | D7: Year | E7: Weighting for Projection | F7: Beginning Balance/ Monthly Increment | G7: Transmission | H7: Transmission Proration (d) x (f) | I7: Plant Related | J7: Plant Proration (d) x (h) | K7: Labor Related | L7: Labor Proration (d) x (j)
A8: ADIT-282-Proration-Note A
A9: 1 | B9: Balance (Attach 6c, Line 30) | C9: December | D9: =YEAR(EDATE('Appendix III'!$N$7,-12)) -> 2026 | E9: =365/365 -> 1 | F9: ='6c- ADIT BOY'!C54 -> 3494991 | G9: ='6c- ADIT BOY'!E54 -> 3494991 | H9: =E9*G9 -> 3494991 | I9: ='6c- ADIT BOY'!F54 -> 0 | J9: =I9*E9 -> 0 | K9: ='6c- ADIT BOY'!G54 -> 0 | L9: =E9*K9 -> 0
A10: =+A9+1 -> 2 | B10: Increment | C10: January | D10: =YEAR('Appendix III'!$N$7) -> 2027 | E10: =335/365 -> 0.91780822 | F10: =-('6c- ADIT BOY'!E50-'6d- ADIT EOY'!E50)/12 -> 54594.386 | G10: =F10 -> 54594.386 | H10: =E10*G10 -> 50107.176 | I10: 0 | J10: =I10*E10 -> 0 | K10: 0 | L10: =E10*K10 -> 0
A11: =+A10+1 -> 3 | B11: Increment | C11: February | D11: =D10 -> 2027 | E11: =307/365 -> 0.84109589 | F11: =F$10 -> 54594.386 | G11: =F11 -> 54594.386 | H11: =E11*G11 -> 45919.114 | I11: 0 | J11: =I11*E11 -> 0 | K11: 0 | L11: =E11*K11 -> 0
A12: =+A11+1 -> 4 | B12: Increment | C12: March | D12: =D11 -> 2027 | E12: =276/365 -> 0.75616438 | F12: =F$10 -> 54594.386 | G12: =F12 -> 54594.386 | H12: =E12*G12 -> 41282.33 | I12: 0 | J12: =I12*E12 -> 0 | K12: 0 | L12: =E12*K12 -> 0
A13: =+A12+1 -> 5 | B13: Increment | C13: April | D13: =D12 -> 2027 | E13: =246/365 -> 0.6739726 | F13: =F$10 -> 54594.386 | G13: =F13 -> 54594.386 | H13: =E13*G13 -> 36795.121 | I13: 0 | J13: =I13*E13 -> 0 | K13: 0 | L13: =E13*K13 -> 0
A14: =+A13+1 -> 6 | B14: Increment | C14: May | D14: =D13 -> 2027 | E14: =215/365 -> 0.5890411 | F14: =F$10 -> 54594.386 | G14: =F14 -> 54594.386 | H14: =E14*G14 -> 32158.337 | I14: 0 | J14: =I14*E14 -> 0 | K14: 0 | L14: =E14*K14 -> 0
A15: =+A14+1 -> 7 | B15: Increment | C15: June | D15: =D14 -> 2027 | E15: =185/365 -> 0.50684932 | F15: =F$10 -> 54594.386 | G15: =F15 -> 54594.386 | H15: =E15*G15 -> 27671.127 | I15: 0 | J15: =I15*E15 -> 0 | K15: 0 | L15: =E15*K15 -> 0
A16: =+A15+1 -> 8 | B16: Increment | C16: July | D16: =D15 -> 2027 | E16: =154/365 -> 0.42191781 | F16: =F$10 -> 54594.386 | G16: =F16 -> 54594.386 | H16: =E16*G16 -> 23034.344 | I16: 0 | J16: =I16*E16 -> 0 | K16: 0 | L16: =E16*K16 -> 0
A17: =+A16+1 -> 9 | B17: Increment | C17: August | D17: =D16 -> 2027 | E17: =123/365 -> 0.3369863 | F17: =F$10 -> 54594.386 | G17: =F17 -> 54594.386 | H17: =E17*G17 -> 18397.56 | I17: 0 | J17: =I17*E17 -> 0 | K17: 0 | L17: =E17*K17 -> 0
A18: =+A17+1 -> 10 | B18: Increment | C18: September | D18: =D17 -> 2027 | E18: =93/365 -> 0.25479452 | F18: =F$10 -> 54594.386 | G18: =F18 -> 54594.386 | H18: =E18*G18 -> 13910.35 | I18: 0 | J18: =I18*E18 -> 0 | K18: 0 | L18: =E18*K18 -> 0
A19: =+A18+1 -> 11 | B19: Increment | C19: October | D19: =D18 -> 2027 | E19: =62/365 -> 0.16986301 | F19: =F$10 -> 54594.386 | G19: =F19 -> 54594.386 | H19: =E19*G19 -> 9273.567 | I19: 0 | J19: =I19*E19 -> 0 | K19: 0 | L19: =E19*K19 -> 0
A20: =+A19+1 -> 12 | B20: Increment | C20: November | D20: =D19 -> 2027 | E20: =32/365 -> 0.087671233 | F20: =F$10 -> 54594.386 | G20: =F20 -> 54594.386 | H20: =E20*G20 -> 4786.3571 | I20: 0 | J20: =I20*E20 -> 0 | K20: 0 | L20: =E20*K20 -> 0
A21: =+A20+1 -> 13 | B21: Increment | C21: December | D21: =D20 -> 2027 | E21: =1/365 -> 0.002739726 | F21: =F$10 -> 54594.386 | G21: =F21 -> 54594.386 | H21: =E21*G21 -> 149.57366 | I21: 0 | J21: =I21*E21 -> 0 | K21: 0 | L21: =E21*K21 -> 0
A22: =+A21+1 -> 14 | B22: ADIT 282-Prorated EOY Balance | F22: =SUM(F9:F21) -> 4150123.6 | G22: =SUM(G9:G21) -> 4150123.6 | H22: =SUM(H9:H21) -> 3798476 | I22: =SUM(I9:I21) -> 0 | J22: =SUM(J9:J21) -> 0 | K22: =SUM(K9:K21) -> 0 | L22: =SUM(L9:L21) -> 0
A24: ADIT-283-Proration-Note B
A25: =A22+1 -> 15 | B25: Balance (Attach 6c, Line 44) | C25: December | D25: =D9 -> 2026 | E25: =365/365 -> 1 | F25: ='6c- ADIT BOY'!C78 -> 609091 | G25: ='6c- ADIT BOY'!E78 -> 609091 | H25: =E25*G25 -> 609091 | I25: ='6c- ADIT BOY'!F78 -> 0 | J25: =I25*E25 -> 0 | K25: ='6c- ADIT BOY'!G78 -> 0 | L25: =E25*K25 -> 0
A26: =+A25+1 -> 16 | B26: Increment | C26: January | D26: =D10 -> 2027 | E26: =335/365 -> 0.91780822 | F26: =-('6c- ADIT BOY'!E74-'6d- ADIT EOY'!E74)/12 -> 932.5 | G26: =F26 -> 932.5 | H26: =E26*G26 -> 855.85616 | I26: 0 | J26: =I26*E26 -> 0 | K26: 0 | L26: =E26*K26 -> 0
A27: =+A26+1 -> 17 | B27: Increment | C27: February | D27: =D11 -> 2027 | E27: =307/365 -> 0.84109589 | F27: =$F$26 -> 932.5 | G27: =F27 -> 932.5 | H27: =E27*G27 -> 784.32192 | I27: 0 | J27: =I27*E27 -> 0 | K27: 0 | L27: =E27*K27 -> 0
A28: =+A27+1 -> 18 | B28: Increment | C28: March | D28: =D12 -> 2027 | E28: =276/365 -> 0.75616438 | F28: =$F$26 -> 932.5 | G28: =F28 -> 932.5 | H28: =E28*G28 -> 705.12329 | I28: 0 | J28: =I28*E28 -> 0 | K28: 0 | L28: =E28*K28 -> 0
A29: =+A28+1 -> 19 | B29: Increment | C29: April | D29: =D13 -> 2027 | E29: =246/365 -> 0.6739726 | F29: =$F$26 -> 932.5 | G29: =F29 -> 932.5 | H29: =E29*G29 -> 628.47945 | I29: 0 | J29: =I29*E29 -> 0 | K29: 0 | L29: =E29*K29 -> 0
A30: =+A29+1 -> 20 | B30: Increment | C30: May | D30: =D14 -> 2027 | E30: =215/365 -> 0.5890411 | F30: =$F$26 -> 932.5 | G30: =F30 -> 932.5 | H30: =E30*G30 -> 549.28082 | I30: 0 | J30: =I30*E30 -> 0 | K30: 0 | L30: =E30*K30 -> 0
A31: =+A30+1 -> 21 | B31: Increment | C31: June | D31: =D15 -> 2027 | E31: =185/365 -> 0.50684932 | F31: =$F$26 -> 932.5 | G31: =F31 -> 932.5 | H31: =E31*G31 -> 472.63699 | I31: 0 | J31: =I31*E31 -> 0 | K31: 0 | L31: =E31*K31 -> 0
A32: =+A31+1 -> 22 | B32: Increment | C32: July | D32: =D16 -> 2027 | E32: =154/365 -> 0.42191781 | F32: =$F$26 -> 932.5 | G32: =F32 -> 932.5 | H32: =E32*G32 -> 393.43836 | I32: 0 | J32: =I32*E32 -> 0 | K32: 0 | L32: =E32*K32 -> 0
A33: =+A32+1 -> 23 | B33: Increment | C33: August | D33: =D17 -> 2027 | E33: =123/365 -> 0.3369863 | F33: =$F$26 -> 932.5 | G33: =F33 -> 932.5 | H33: =E33*G33 -> 314.23973 | I33: 0 | J33: =I33*E33 -> 0 | K33: 0 | L33: =E33*K33 -> 0
A34: =+A33+1 -> 24 | B34: Increment | C34: September | D34: =D18 -> 2027 | E34: =93/365 -> 0.25479452 | F34: =$F$26 -> 932.5 | G34: =F34 -> 932.5 | H34: =E34*G34 -> 237.59589 | I34: 0 | J34: =I34*E34 -> 0 | K34: 0 | L34: =E34*K34 -> 0
A35: =+A34+1 -> 25 | B35: Increment | C35: October | D35: =D19 -> 2027 | E35: =62/365 -> 0.16986301 | F35: =$F$26 -> 932.5 | G35: =F35 -> 932.5 | H35: =E35*G35 -> 158.39726 | I35: 0 | J35: =I35*E35 -> 0 | K35: 0 | L35: =E35*K35 -> 0
A36: =+A35+1 -> 26 | B36: Increment | C36: November | D36: =D20 -> 2027 | E36: =32/365 -> 0.087671233 | F36: =$F$26 -> 932.5 | G36: =F36 -> 932.5 | H36: =E36*G36 -> 81.753425 | I36: 0 | J36: =I36*E36 -> 0 | K36: 0 | L36: =E36*K36 -> 0
A37: =+A36+1 -> 27 | B37: Increment | C37: December | D37: =D21 -> 2027 | E37: =1/365 -> 0.002739726 | F37: =$F$26 -> 932.5 | G37: =F37 -> 932.5 | H37: =E37*G37 -> 2.5547945 | I37: 0 | J37: =I37*E37 -> 0 | K37: 0 | L37: =E37*K37 -> 0
A38: =+A37+1 -> 28 | B38: ADIT 283-Prorated EOY Balance | F38: =SUM(F25:F37) -> 620281 | G38: =SUM(G25:G37) -> 620281 | H38: =SUM(H25:H37) -> 614274.68 | I38: =SUM(I25:I37) -> 0 | J38: =SUM(J25:J37) -> 0 | K38: =SUM(K25:K37) -> 0 | L38: =SUM(L25:L37) -> 0
A40: ADIT-190-Proration-Note C
A41: =A38+1 -> 29 | B41: Balance (Attach 6c, Line 18) | C41: December | D41: =D25 -> 2026 | E41: =365/365 -> 1 | F41: ='6c- ADIT BOY'!C32 -> -70430 | G41: ='6c- ADIT BOY'!E32 -> -70430 | H41: =E41*G41 -> -70430 | I41: ='6c- ADIT BOY'!F32 -> 0 | J41: =I41*E41 -> 0 | K41: ='6c- ADIT BOY'!G32 -> 0 | L41: =E41*K41 -> 0
A42: =+A41+1 -> 30 | B42: Increment | C42: January | D42: =D26 -> 2027 | E42: =335/365 -> 0.91780822 | F42: =-('6c- ADIT BOY'!E28-'6d- ADIT EOY'!E28)/12 -> -737.25 | G42: =F42 -> -737.25 | H42: =E42*G42 -> -676.65411 | I42: 0 | J42: =I42*E42 -> 0 | K42: 0 | L42: =E42*K42 -> 0
A43: =+A42+1 -> 31 | B43: Increment | C43: February | D43: =D27 -> 2027 | E43: =307/365 -> 0.84109589 | F43: =$F$42 -> -737.25 | G43: =F43 -> -737.25 | H43: =E43*G43 -> -620.09795 | I43: 0 | J43: =I43*E43 -> 0 | K43: 0 | L43: =E43*K43 -> 0
A44: =+A43+1 -> 32 | B44: Increment | C44: March | D44: =D28 -> 2027 | E44: =276/365 -> 0.75616438 | F44: =$F$42 -> -737.25 | G44: =F44 -> -737.25 | H44: =E44*G44 -> -557.48219 | I44: 0 | J44: =I44*E44 -> 0 | K44: 0 | L44: =E44*K44 -> 0
A45: =+A44+1 -> 33 | B45: Increment | C45: April | D45: =D29 -> 2027 | E45: =246/365 -> 0.6739726 | F45: =$F$42 -> -737.25 | G45: =F45 -> -737.25 | H45: =E45*G45 -> -496.8863 | I45: 0 | J45: =I45*E45 -> 0 | K45: 0 | L45: =E45*K45 -> 0
A46: =+A45+1 -> 34 | B46: Increment | C46: May | D46: =D30 -> 2027 | E46: =215/365 -> 0.5890411 | F46: =$F$42 -> -737.25 | G46: =F46 -> -737.25 | H46: =E46*G46 -> -434.27055 | I46: 0 | J46: =I46*E46 -> 0 | K46: 0 | L46: =E46*K46 -> 0
A47: =+A46+1 -> 35 | B47: Increment | C47: June | D47: =D31 -> 2027 | E47: =185/365 -> 0.50684932 | F47: =$F$42 -> -737.25 | G47: =F47 -> -737.25 | H47: =E47*G47 -> -373.67466 | I47: 0 | J47: =I47*E47 -> 0 | K47: 0 | L47: =E47*K47 -> 0
A48: =+A47+1 -> 36 | B48: Increment | C48: July | D48: =D32 -> 2027 | E48: =154/365 -> 0.42191781 | F48: =$F$42 -> -737.25 | G48: =F48 -> -737.25 | H48: =E48*G48 -> -311.0589 | I48: 0 | J48: =I48*E48 -> 0 | K48: 0 | L48: =E48*K48 -> 0
A49: =+A48+1 -> 37 | B49: Increment | C49: August | D49: =D33 -> 2027 | E49: =123/365 -> 0.3369863 | F49: =$F$42 -> -737.25 | G49: =F49 -> -737.25 | H49: =E49*G49 -> -248.44315 | I49: 0 | J49: =I49*E49 -> 0 | K49: 0 | L49: =E49*K49 -> 0
A50: =+A49+1 -> 38 | B50: Increment | C50: September | D50: =D34 -> 2027 | E50: =93/365 -> 0.25479452 | F50: =$F$42 -> -737.25 | G50: =F50 -> -737.25 | H50: =E50*G50 -> -187.84726 | I50: 0 | J50: =I50*E50 -> 0 | K50: 0 | L50: =E50*K50 -> 0
A51: =+A50+1 -> 39 | B51: Increment | C51: October | D51: =D35 -> 2027 | E51: =62/365 -> 0.16986301 | F51: =$F$42 -> -737.25 | G51: =F51 -> -737.25 | H51: =E51*G51 -> -125.23151 | I51: 0 | J51: =I51*E51 -> 0 | K51: 0 | L51: =E51*K51 -> 0
A52: =+A51+1 -> 40 | B52: Increment | C52: November | D52: =D36 -> 2027 | E52: =32/365 -> 0.087671233 | F52: =$F$42 -> -737.25 | G52: =F52 -> -737.25 | H52: =E52*G52 -> -64.635616 | I52: 0 | J52: =I52*E52 -> 0 | K52: 0 | L52: =E52*K52 -> 0
A53: =+A52+1 -> 41 | B53: Increment | C53: December | D53: =D37 -> 2027 | E53: =1/365 -> 0.002739726 | F53: =$F$42 -> -737.25 | G53: =F53 -> -737.25 | H53: =E53*G53 -> -2.019863 | I53: 0 | J53: =I53*E53 -> 0 | K53: 0 | L53: =E53*K53 -> 0
A54: =+A53+1 -> 42 | B54: ADIT 190-Prorated EOY Balance | F54: =SUM(F41:F53) -> -79277 | G54: =SUM(G41:G53) -> -79277 | H54: =SUM(H41:H53) -> -74528.302 | I54: =SUM(I41:I53) -> 0 | J54: =SUM(J41:J53) -> 0 | K54: =SUM(K41:K53) -> 0 | L54: =SUM(L41:L53) -> 0
A57: Note 1 | B57: Uses a 365 day calendar year.
A58: Note 2 | B58: Projected end of year ADIT must be based on solely on enacted tax law. No assumptions for future estimated changes in tax law may be forecasted.
A59: A | B59: Substantial portion, if not all, of the ADIT-282 balance is subject to proration. Explanation must be provided for any portion of balance not subject to proration.
A60: B | B60: Only amounts in ADIT-283 relating to Depreciation, if applicable, are subject to proration. See Line 44 in Attach 6c and 6d.
A61: C | B61: Only amounts in ADIT-190 related to NOL carryforwards, if applicable, are subject to proration. See Line 18 in Attach 6c and 6d.

Sheet 6c- ADIT BOY
B1: Attachment 6c - Accumulated Deferred Income Taxes (ADIT) Worksheet (Beginning of Year)
B2: ='Appendix III'!$M$7 -> For The 12 Months Ended 12/31/2027
A7: Ln | B7: Item | E7: Transmission Related | F7: Plant Related | G7: Labor Related
A9: 1 | B9: ADIT-282 | E9: =+E54 -> 3494991 | F9: =+F54 -> 0 | G9: =+G54 -> 0 | H9: Line 30
A10: =+A9+1 -> 2 | B10: ADIT-283 | E10: =+E78 -> 609091 | F10: =+F78 -> 0 | G10: =+G78 -> 0 | H10: Line 44
A11: =+A10+1 -> 3 | B11: ADIT-190 | E11: =E32 -> -70430 | F11: =F32 -> 0 | G11: =G32 -> 0 | H11: Line 18
A12: =+A11+1 -> 4 | B12: Subtotal | E12: =SUM(E9:E11) -> 4033652 | F12: =SUM(F9:F11) -> 0 | G12: =SUM(G9:G11) -> 0 | H12: Sum of Lines 1-4
B15: In filling out this attachment, a full and complete description of each item and justification for the allocation to Columns B-F and each separate ADIT item will be listed. Dissimilar items with amounts exceeding $100,000 will be listed separately. For ADIT directly related to project depreciation or CWIP, the balance will be shown in a separate row for each project.
B17: A | C17: B | D17: C | E17: D | F17: E | G17: F | H17: G
B18: ADIT-190 | C18: Total | D18: Gas, Prod or Other Related | E18: Transmission Related | F18: Plant Related | G18: Labor Related | H18: Justification
A19: =A12+1 -> 5
A20: =+A19+1 -> 6
A21: =+A20+1 -> 7
A22: =+A21+1 -> 8
A23: =+A22+1 -> 9
A24: =+A23+1 -> 10
A25: =+A24+1 -> 11
A26: =+A25+1 -> 12 | B26: (Excess)/Deficient Deferred Income Taxes - Protected | C26: =E26 -> 0
A27: =+A26+1 -> 13 | B27: (Excess)/Deficient Deferred Income Taxes - Unprotected | C27: =E27 -> 0
A28: =+A27+1 -> 14 | B28: NOL Carryforward | C28: =E28 -> -70430 | E28: -70430 | H28: Amount subject to Proration
A29: =+A28+1 -> 15 | B29: Subtotal - p234.b | C29: =SUBTOTAL(9,C19:C28) -> -70430 | D29: =SUM(D19:D28) -> 0 | E29: =SUM(E19:E28) -> -70430 | F29: =SUM(F19:F28) -> 0 | G29: =SUM(G19:G28) -> 0
A30: =+A29+1 -> 16 | B30: Less FASB 109 Above if not separately removed
A31: =+A30+1 -> 17 | B31: Less FASB 106 Above if not separately removed
A32: =+A31+1 -> 18 | B32: Total | C32: =+C29-C30-C31 -> -70430 | D32: =+D29-D30-D31 -> 0 | E32: =+E29-E30-E31 -> -70430 | F32: =+F29-F30-F31 -> 0 | G32: =+G29-G30-G31 -> 0
B33: Instructions for Account 190:
B34: 1. ADIT items related only to Non-Electric Operations (e.g., Gas, Water, Sewer) or Production are directly assigned to Column C
B35: 2. ADIT items related only to Transmission are directly assigned to Column D
B36: 3. ADIT items related to Plant and not in Columns C & D are included in Column E
B37: 4. ADIT items related to labor and not in Columns C & D are included in Column F
B38: 5. Deferred income taxes arise when items are included in taxable income in different periods than they are included in rates, therefore if the item giving rise to the ADIT is not included in the formula, the associated ADIT amount shall be excluded. This includes but is not limited to SFAS 109 & 158 balance sheet items and the related ADIT.
B41: A | C41: B | D41: C | E41: D | F41: E | G41: F | H41: G
B42: ADIT- 282 | C42: Total | D42: Gas, Prod or Other Related | E42: Transmission Related | F42: Plant Related | G42: Labor Related | H42: Justification
A43: =A32+1 -> 19
A44: =+A43+1 -> 20
A45: =+A44+1 -> 21
A46: =+A45+1 -> 22
A47: =+A46+1 -> 23
A48: =+A47+1 -> 24 | B48: (Excess)/Deficient Deferred Income Taxes - Protected | C48: =E48 -> 0
A49: =+A48+1 -> 25 | B49: (Excess)/Deficient Deferred Income Taxes - Unprotected
A50: =+A49+1 -> 26 | B50: Depreciation Items | C50: =E50 -> 3494991 | E50: 3494991 | H50: Amount subject to Proration
A51: =+A50+1 -> 27 | B51: Subtotal - p274.b | C51: =SUBTOTAL(9,C43:C50) -> 3494991 | D51: =SUM(D43:D50) -> 0 | E51: =SUM(E43:E50) -> 3494991 | F51: =SUM(F43:F50) -> 0 | G51: =SUM(G43:G50) -> 0
A52: =+A51+1 -> 28 | B52: Less FASB 109 Above if not separately removed
A53: =+A52+1 -> 29 | B53: Less FASB 106 Above if not separately removed
A54: =+A53+1 -> 30 | B54: Total | C54: =+C51-C52-C53 -> 3494991 | D54: =+D51-D52-D53 -> 0 | E54: =+E51-E52-E53 -> 3494991 | F54: =+F51-F52-F53 -> 0 | G54: =+G51-G52-G53 -> 0
B55: Instructions for Account 282:
B56: 1. ADIT items related only to Non-Electric Operations (e.g., Gas, Water, Sewer) or Production are directly assigned to Column C
B57: 2. ADIT items related only to Transmission are directly assigned to Column D
B58: 3. ADIT items related to Plant and not in Columns C & D are included in Column E
B59: 4. ADIT items related to labor and not in Columns C & D are included in Column F
B60: 5. Deferred income taxes arise when items are included in taxable income in different periods than they are included in rates, therefore if the item giving rise to the ADIT is not included in the formula, the associated ADIT amount shall be excluded. This includes but is not limited to SFAS 109 & 158 balance sheet items and the related ADIT.
B63: A | C63: B | D63: C | E63: D | F63: E | G63: F | H63: G
B64: ADIT- 283 | C64: Total | D64: Gas, Prod or Other Related | E64: Transmission Related | F64: Plant Related | G64: Labor Related | H64: Justification
A65: =A54+1 -> 31
A66: =+A65+1 -> 32
A67: =+A66+1 -> 33
A68: =+A67+1 -> 34
A69: =+A68+1 -> 35
A70: =+A69+1 -> 36
A71: =+A70+1 -> 37
A72: =+A71+1 -> 38 | B72: (Excess)/Deficient Deferred Income Taxes - Protected | C72: =E72 -> 0
A73: =+A72+1 -> 39 | B73: (Excess)/Deficient Deferred Income Taxes - Unprotected | C73: =E73 -> 0
A74: =+A73+1 -> 40 | B74: Depreciation Items | C74: =E74 -> 609091 | E74: 609091 | H74: Amount subject to Proration
A75: =+A74+1 -> 41 | B75: Subtotal - p276.b | C75: =SUBTOTAL(9,C65:C74) -> 609091 | D75: =SUM(D65:D74) -> 0 | E75: =SUM(E65:E74) -> 609091 | F75: =SUM(F65:F74) -> 0 | G75: =SUM(G65:G74) -> 0
A76: =+A75+1 -> 42 | B76: Less FASB 109 Above if not separately removed
A77: =+A76+1 -> 43 | B77: Less FASB 106 Above if not separately removed
A78: =+A77+1 -> 44 | B78: Total | C78: =+C75-C76-C77 -> 609091 | D78: =+D75-D76-D77 -> 0 | E78: =+E75-E76-E77 -> 609091 | F78: =+F75-F76-F77 -> 0 | G78: =+G75-G76-G77 -> 0
B79: Instructions for Account 283:
B80: 1. ADIT items related only to Non-Electric Operations (e.g., Gas, Water, Sewer) or Production are directly assigned to Column C
B81: 2. ADIT items related only to Transmission are directly assigned to Column D
B82: 3. ADIT items related to Plant and not in Columns C & D are included in Column E
B83: 4. ADIT items related to labor and not in Columns C & D are included in Column F
B84: 5. Deferred income taxes arise when items are included in taxable income in different periods than they are included in rates, therefore if the item giving rise to the ADIT is not included in the formula, the associated ADIT amount shall be excluded. This includes but is not limited to SFAS 109 & 158 balance sheet items and the related ADIT.

Sheet 6d- ADIT EOY
B1: Attachment 6d - Accumulated Deferred Income Taxes (ADIT) Worksheet (End of Year)
B2: ='Appendix III'!$M$7 -> For The 12 Months Ended 12/31/2027
A7: Ln | B7: Item | E7: Transmission Related | F7: Plant Related | G7: Labor Related
A9: 1 | B9: ADIT- 282 | E9: =+E54 -> 4150123.6 | F9: =+F54 -> 0 | G9: =+G54 -> 0 | H9: Line 30
A10: =+A9+1 -> 2 | B10: ADIT-283 | E10: =+E78 -> 620281 | F10: =+F78 -> 0 | G10: =+G78 -> 0 | H10: Line 44
A11: =+A10+1 -> 3 | B11: ADIT-190 | E11: =E32 -> -79277 | F11: =F32 -> 0 | G11: =G32 -> 0 | H11: Line 18
A12: =+A11+1 -> 4 | B12: Subtotal | E12: =SUM(E9:E11) -> 4691127.6 | F12: =SUM(F9:F11) -> 0 | G12: =SUM(G9:G11) -> 0 | H12: Sum of Lines 1-4
B15: In filling out this attachment, a full and complete description of each item and justification for the allocation to Columns B-F and each separate ADIT item will be listed. Dissimilar items with amounts exceeding $100,000 will be listed separately. For ADIT directly related to project depreciation or CWIP, the balance will be shown in a separate row for each project.
B17: A | C17: B | D17: C | E17: D | F17: E | G17: F | H17: G
B18: ADIT-190 | C18: Total | D18: Gas, Prod or Other Related | E18: Transmission Related | F18: Plant Related | G18: Labor Related | H18: Justification
A19: =A12+1 -> 5
A20: =+A19+1 -> 6
A21: =+A20+1 -> 7
A22: =+A21+1 -> 8
A23: =+A22+1 -> 9
A24: =+A23+1 -> 10
A25: =+A24+1 -> 11
A26: =+A25+1 -> 12 | B26: (Excess)/Deficient Deferred Income Taxes - Protected | C26: =E26 -> 0
A27: =+A26+1 -> 13 | B27: (Excess)/Deficient Deferred Income Taxes - Unprotected | C27: =E27 -> 0
A28: =+A27+1 -> 14 | B28: NOL Carryforward | C28: =E28 -> -79277 | E28: -79277 | H28: Amount subject to Proration
A29: =+A28+1 -> 15 | B29: Subtotal - p234.c | C29: =SUBTOTAL(9,C19:C28) -> -79277 | D29: =SUM(D19:D28) -> 0 | E29: =SUM(E19:E28) -> -79277 | F29: =SUM(F19:F28) -> 0 | G29: =SUM(G19:G28) -> 0
A30: =+A29+1 -> 16 | B30: Less FASB 109 Above if not separately removed
A31: =+A30+1 -> 17 | B31: Less FASB 106 Above if not separately removed
A32: =+A31+1 -> 18 | B32: Total | C32: =+C29-C30-C31 -> -79277 | D32: =+D29-D30-D31 -> 0 | E32: =+E29-E30-E31 -> -79277 | F32: =+F29-F30-F31 -> 0 | G32: =+G29-G30-G31 -> 0
B33: Instructions for Account 190:
B34: 1. ADIT items related only to Non-Electric Operations (e.g., Gas, Water, Sewer) or Production are directly assigned to Column C
B35: 2. ADIT items related only to Transmission are directly assigned to Column D
B36: 3. ADIT items related to Plant and not in Columns C & D are included in Column E
B37: 4. ADIT items related to labor and not in Columns C & D are included in Column F
B38: 5. Deferred income taxes arise when items are included in taxable income in different periods than they are included in rates, therefore if the item giving rise to the ADIT is not included in the formula, the associated ADIT amount shall be excluded. This includes but is not limited to SFAS 109 & 158 balance sheet items and the related ADIT.
B41: A | C41: B | D41: C | E41: D | F41: E | G41: F | H41: G
B42: ADIT-282 | C42: Total | D42: Gas, Prod or Other Related | E42: Transmission Related | F42: Plant Related | G42: Labor Related | H42: Justification
A43: =A32+1 -> 19
A44: =+A43+1 -> 20
A45: =+A44+1 -> 21
A46: =+A45+1 -> 22
A47: =+A46+1 -> 23
A48: =+A47+1 -> 24 | B48: (Excess)/Deficient Deferred Income Taxes - Protected | C48: =E48 -> 0
A49: =+A48+1 -> 25 | B49: (Excess)/Deficient Deferred Income Taxes - Unprotected
A50: =+A49+1 -> 26 | B50: Depreciation Items | C50: =E50 -> 4150123.6 | E50: 4150123.6
A51: =+A50+1 -> 27 | B51: Subtotal - p275.k | C51: =SUBTOTAL(9,C43:C50) -> 4150123.6 | D51: =SUM(D43:D50) -> 0 | E51: =SUM(E43:E50) -> 4150123.6 | F51: =SUM(F43:F50) -> 0 | G51: =SUM(G43:G50) -> 0
A52: =+A51+1 -> 28 | B52: Less FASB 109 Above if not separately removed
A53: =+A52+1 -> 29 | B53: Less FASB 106 Above if not separately removed
A54: =+A53+1 -> 30 | B54: Total | C54: =+C51-C52-C53 -> 4150123.6 | D54: =+D51-D52-D53 -> 0 | E54: =+E51-E52-E53 -> 4150123.6 | F54: =+F51-F52-F53 -> 0 | G54: =+G51-G52-G53 -> 0
B55: Instructions for Account 282:
B56: 1. ADIT items related only to Non-Electric Operations (e.g., Gas, Water, Sewer) or Production are directly assigned to Column C
B57: 2. ADIT items related only to Transmission are directly assigned to Column D
B58: 3. ADIT items related to Plant and not in Columns C & D are included in Column E
B59: 4. ADIT items related to labor and not in Columns C & D are included in Column F
B60: 5. Deferred income taxes arise when items are included in taxable income in different periods than they are included in rates, therefore if the item giving rise to the ADIT is not included in the formula, the associated ADIT amount shall be excluded. This includes but is not limited to SFAS 109 & 158 balance sheet items and the related ADIT.
B63: A | C63: B | D63: C | E63: D | F63: E | G63: F | H63: G
B64: ADIT-283 | C64: Total | D64: Gas, Prod or Other Related | E64: Transmission Related | F64: Plant Related | G64: Labor Related | H64: Justification
A65: =A54+1 -> 31
A66: =+A65+1 -> 32
A67: =+A66+1 -> 33
A68: =+A67+1 -> 34
A69: =+A68+1 -> 35
A70: =+A69+1 -> 36
A71: =+A70+1 -> 37
A72: =+A71+1 -> 38 | B72: (Excess)/Deficient Deferred Income Taxes - Protected
A73: =+A72+1 -> 39 | B73: (Excess)/Deficient Deferred Income Taxes - Unprotected | C73: =E73 -> 0
A74: =+A73+1 -> 40 | B74: Depreciation Items | C74: =E74 -> 620281 | E74: 620281 | H74: Amount subject to Proration
A75: =+A74+1 -> 41 | B75: Subtotal - p277.k | C75: =SUBTOTAL(9,C65:C74) -> 620281 | D75: =SUM(D65:D74) -> 0 | E75: =SUM(E65:E74) -> 620281 | F75: =SUM(F65:F74) -> 0 | G75: =SUM(G65:G74) -> 0
A76: =+A75+1 -> 42 | B76: Less FASB 109 Above if not separately removed
A77: =+A76+1 -> 43 | B77: Less FASB 106 Above if not separately removed
A78: =+A77+1 -> 44 | B78: Total | C78: =+C75-C76-C77 -> 620281 | D78: =+D75-D76-D77 -> 0 | E78: =+E75-E76-E77 -> 620281 | F78: =+F75-F76-F77 -> 0 | G78: =+G75-G76-G77 -> 0
B79: Instructions for Account 283:
B80: 1. ADIT items related only to Non-Electric Operations (e.g., Gas, Water, Sewer) or Production are directly assigned to Column C
B81: 2. ADIT items related only to Transmission are directly assigned to Column D
B82: 3. ADIT items related to Plant and not in Columns C & D are included in Column E
B83: 4. ADIT items related to labor and not in Columns C & D are included in Column F
B84: 5. Deferred income taxes arise when items are included in taxable income in different periods than they are included in rates, therefore if the item giving rise to the ADIT is not included in the formula, the associated ADIT amount shall be excluded. This includes but is not limited to SFAS 109 & 158 balance sheet items and the related ADIT.

Sheet 6e-ADIT True-up
A1: Attachment 6e - Accumulated Deferred Income Taxes (ADIT) Average Worksheet (True-Up)
A2: =+'Appendix III'!E7 -> GridLiance West LLC (GLW)
A3: ='Appendix III'!$M$7 -> For The 12 Months Ended 12/31/2027
B5: A | E5: B | F5: C | G5: D | H5: E
H6: (Sum Col. B, C & D)
A7: Ln | B7: Item | E7: Transmission Related | F7: Plant Related | G7: Labor Related | H7: Total Plant & Labor Related
A9: 1 | B9: ADIT-282 | E9: =F25 -> -351647.68 | F9: =G25 -> 0 | G9: =H25 -> 0 | I9: Line 12
A10: =+A9+1 -> 2 | B10: ADIT-283 | E10: =F31 -> -6006.3219 | F10: =G31 -> 0 | G10: =H31 -> 0 | I10: Line 16
A11: =+A10+1 -> 3 | B11: ADIT-190 | E11: =F37 -> 325.19795 | F11: =G37 -> 0 | G11: =H37 -> 0 | I11: Line 20
A12: =+A11+1 -> 4 | B12: Subtotal | E12: =SUM(E9:E11) -> -357328.8 | F12: =SUM(F9:F11) -> 0 | G12: =SUM(G9:G11) -> 0 | I12: Sum of Lines 1-3
A13: =+A12+1 -> 5 | B13: Wages & Salary Allocator | G13: 0 | I13: Appendix III, line 81
A14: =+A13+1 -> 6 | B14: Net Plant Allocator | F14: 0 | I14: Appendix III, line 15
A15: =+A14+1 -> 7 | B15: Total Plant Allocator | E15: 1 | I15: 1
A16: =+A15+1 -> 8 | B16: ADIT Total | E16: =+E12*E15 -> -357328.8 | F16: =+F14*F12 -> 0 | G16: =+G13*G12 -> 0 | H16: =+E16+F16+G16 -> -357328.8 | I16: Enter as negative Appendix III, page 2, line 17
B19: (a) | C19: (b) | D19: (c) | E19: (d) | F19: (e) | G19: (f) | H19: (g)
B20: Beginning Balance & Monthly Changes | C20: Month | D20: Year | E20: Balance | F20: Transmission Related | G20: Plant Related | H20: Labor Related
A21: ADIT-282
A22: =A16+1 -> 9 | B22: Balance-BOY (Attach 6c, Line 30) | C22: December | D22: =YEAR(EDATE('Appendix III'!$N$7,-12)) -> 2026 | E22: ='6c- ADIT BOY'!C54 -> 3494991 | F22: ='6c- ADIT BOY'!E54 -> 3494991 | G22: ='6c- ADIT BOY'!F54 -> 0 | H22: ='6c- ADIT BOY'!G54 -> 0
A23: =A22+1 -> 10 | B23: Balance-EOY (Attach 6d, Line 30 less Line 27) | C23: December | D23: =YEAR('Appendix III'!$N$7) -> 2027 | E23: ='6d- ADIT EOY'!C54-'6d- ADIT EOY'!C51 -> 0 | F23: ='6d- ADIT EOY'!E54-'6d- ADIT EOY'!E51 -> 0 | G23: ='6d- ADIT EOY'!F54-'6d- ADIT EOY'!F51 -> 0 | H23: ='6d- ADIT EOY'!G54-'6d- ADIT EOY'!G51 -> 0
A24: =A23+1 -> 11 | B24: Balance-EOY-Prorated (Attach 6f, Line 14) | C24: December | D24: =D23 -> 2027 | E24: ='6f-ADIT True-up Proration'!F22 -> 655132.63 | F24: ='6f-ADIT True-up Proration'!N21 -> -351647.68 | G24: ='6f-ADIT True-up Proration'!W21 -> 0 | H24: ='6f-ADIT True-up Proration'!AF21 -> 0
A25: =A24+1 -> 12 | B25: Balance-EOY-Total (Lines 10+11) | E25: =E23+E24 -> 655132.63 | F25: =F23+F24 -> -351647.68 | G25: =G23+G24 -> 0 | H25: =H23+H24 -> 0
A27: ADIT-283
A28: =A25+1 -> 13 | B28: Balance-BOY (Attach 6c, Line 44) | C28: December | D28: =D22 -> 2026 | E28: ='6c- ADIT BOY'!C78 -> 609091 | F28: ='6c- ADIT BOY'!E78 -> 609091 | G28: ='6c- ADIT BOY'!F78 -> 0 | H28: ='6c- ADIT BOY'!G78 -> 0
A29: =A28+1 -> 14 | B29: Balance-EOY (Attach 6d, Line 44 less Line 41) | C29: December | D29: =D23 -> 2027 | E29: ='6d- ADIT EOY'!C78-'6d- ADIT EOY'!C75 -> 0 | F29: ='6d- ADIT EOY'!E78-'6d- ADIT EOY'!E75 -> 0 | G29: ='6d- ADIT EOY'!F78-'6d- ADIT EOY'!F75 -> 0 | H29: ='6d- ADIT EOY'!G78-'6d- ADIT EOY'!G75 -> 0
A30: =A29+1 -> 15 | B30: Balance-EOY-Prorated (Attach 6f, Line 28) | C30: December | D30: =D24 -> 2027 | E30: ='6f-ADIT True-up Proration'!F38 -> 11190 | F30: ='6f-ADIT True-up Proration'!N37 -> -6006.3219 | G30: ='6f-ADIT True-up Proration'!W37 -> 0 | H30: ='6f-ADIT True-up Proration'!AF37 -> 0
A31: =A30+1 -> 16 | B31: Balance-EOY-Total (Lines 14+15) | E31: =E29+E30 -> 11190 | F31: =F29+F30 -> -6006.3219 | G31: =G29+G30 -> 0 | H31: =H29+H30 -> 0
A33: ADIT-190
A34: =A31+1 -> 17 | B34: Balance-BOY (Attach 6c, Line 18) | C34: December | D34: =D28 -> 2026 | E34: ='6c- ADIT BOY'!C32 -> -70430 | F34: ='6c- ADIT BOY'!E32 -> -70430 | G34: ='6c- ADIT BOY'!F32 -> 0 | H34: ='6c- ADIT BOY'!G32 -> 0
A35: =A34+1 -> 18 | B35: Balance-EOY (Attach 6d, Line 18 less Line 15) | C35: December | D35: =D29 -> 2027 | E35: ='6d- ADIT EOY'!C32-'6d- ADIT EOY'!C29 -> 0 | F35: ='6d- ADIT EOY'!E32-'6d- ADIT EOY'!E29 -> 0 | G35: ='6d- ADIT EOY'!F32-'6d- ADIT EOY'!F29 -> 0 | H35: ='6d- ADIT EOY'!G32-'6d- ADIT EOY'!G29 -> 0
A36: =A35+1 -> 19 | B36: Balance-EOY-Prorated (Attach 6f, Line 42) | C36: December | D36: =D30 -> 2027 | E36: ='6f-ADIT True-up Proration'!F54 -> -8847 | F36: ='6f-ADIT True-up Proration'!N53 -> 325.19795 | G36: ='6f-ADIT True-up Proration'!W53 -> 0 | H36: ='6f-ADIT True-up Proration'!AF53 -> 0
A37: =A36+1 -> 20 | B37: Balance-EOY-Total (Lines 18+19) | E37: =E35+E36 -> -8847 | F37: =F35+F36 -> 325.19795 | G37: =G35+G36 -> 0 | H37: =H35+H36 -> 0

Sheet 6f-ADIT True-up Proration
A1: Attachment 6f - Accumulated Deferred Income Taxes (ADIT) Proration Worksheet (True-up)
A2: ='Appendix III'!E7 -> GridLiance West LLC (GLW)
A3: ='Appendix III'!$M$7 -> For The 12 Months Ended 12/31/2027
F5: Transmission | O5: Plant Related | X5: Labor Related
B6: (a) | C6: (b) | D6: (c) | E6: (d) | F6: (e) | G6: (f) | H6: (g) | I6: (h) | J6: (i) | K6: (j) | L6: (k) | M6: (l) | N6: (m) | O6: (e) | P6: (f) | Q6: (g) | R6: (h) | S6: (i) | T6: (j) | U6: (k) | V6: (l) | W6: (m) | X6: (e) | Y6: (f) | Z6: (g) | AA6: (h) | AB6: (i) | AC6: (j) | AD6: (k) | AE6: (l) | AF6: (m)
B7: Beginning Balance & Monthly Changes | C7: Month | D7: Year | E7: Weighting for Projection | F7: Monthly Increment | G7: Proration (d) x (e) | H7: Prorated Projected Balance (Cumulative Sum of f) | I7: Actual Monthly Activity | J7: Difference between projected and actual activity | K7: Partially prorate actual activity above Monthly projection | L7: Partially prorate actual activity below Monthly projection but increases ADIT | M7: Partially prorate actual activity below Monthly projection and is a reduction to ADIT | N7: Partially prorated actual balance | O7: Monthly Increment | P7: Proration (d) x (e) | Q7: Prorated Projected Balance (Cumulative Sum of f) | R7: Actual Monthly Activity | S7: Difference between projected and actual activity | T7: Partially prorate actual activity above Monthly projection | U7: Partially prorate actual activity below Monthly projection but increases ADIT | V7: Partially prorate actual activity below Monthly projection and is a reduction to ADIT | W7: Partially prorated actual balance | X7: Monthly Increment | Y7: Proration (d) x (e) | Z7: Prorated Projected Balance (Cumulative Sum of f) | AA7: Actual Monthly Activity | AB7: Difference between projected and actual activity | AC7: Partially prorate actual activity above Monthly projection | AD7: Partially prorate actual activity below Monthly projection but increases ADIT | AE7: Partially prorate actual activity below Monthly projection and is a reduction to ADIT | AF7: Partially prorated actual balance
A8: ADIT-282-Proration-Note A
A9: 1 | B9: Balance (Attach 4c, Line 30) | C9: December | D9: =YEAR(EDATE('Appendix III'!$N$7,-12)) -> 2026 | E9: =365/365 -> 1 | H9: ='6c- ADIT BOY'!E54 -> 3494991 | N9: 0 | Q9: ='6c- ADIT BOY'!F54 -> 0 | W9: 0 | Z9: ='6c- ADIT BOY'!G54 -> 0 | AF9: 0
A10: =+A9+1 -> 2 | B10: Increment | C10: January | D10: =YEAR('Appendix III'!$N$7) -> 2027 | E10: =335/365 -> 0.91780822 | F10: ='6b-ADIT Projection Proration'!G10 -> 54594.386 | G10: =$E10*F10 -> 50107.176 | H10: =+G10+H9 -> 3545098.2 | I10: 0 | J10: =I10-F10 -> -54594.386 | K10: =IF(J10>=0,+J10*0.5,0) -> 0 | L10: =IF(K10>0,0,IF(I10<0,0,(-(J10)*0.5))) -> 27297.193 | M10: =IF(K10>0,0,IF(I10>0,0,(-(J10)*0.5))) -> 27297.193 | N10: =+N9+G10+K10-L10-M10 -> -4487.2098 | O10: ='6b-ADIT Projection Proration'!I10 -> 0 | P10: =$E10*O10 -> 0 | Q10: =+P10+Q9 -> 0 | R10: 0 | S10: =R10-O10 -> 0 | T10: =IF(S10>=0,+S10*E10,0) -> 0 | U10: =IF(T10>0,0,IF(R10<0,0,(-(S10)*($E10)))) -> 0 | V10: =IF(T10>0,0,IF(R10>0,0,(-(S10)*($E10)))) -> 0 | W10: =+W9+P10+T10-U10-V10 -> 0 | X10: ='6b-ADIT Projection Proration'!K10 -> 0 | Y10: =$E10*X10 -> 0 | Z10: =+Y10+Z9 -> 0 | AA10: 0 | AB10: =AA10-X10 -> 0 | AC10: =IF(AB10>=0,+AB10*E10,0) -> 0 | AD10: =IF(AC10>0,0,IF(AA10<0,0,(-(AB10)*($E10)))) -> 0 | AE10: =IF(AC10>0,0,IF(AA10>0,0,(-(AB10)*($E10)))) -> 0 | AF10: =+AF9+Y10+AC10-AD10-AE10 -> 0
A11: =+A10+1 -> 3 | B11: Increment | C11: February | D11: =D10 -> 2027 | E11: =307/365 -> 0.84109589 | F11: ='6b-ADIT Projection Proration'!G11 -> 54594.386 | G11: =$E11*F11 -> 45919.114 | H11: =+G11+H10 -> 3591017.3 | I11: 0 | J11: =I11-F11 -> -54594.386 | K11: =IF(J11>=0,+J11*0.5,0) -> 0 | L11: =IF(K11>0,0,IF(I11<0,0,(-(J11)*0.5))) -> 27297.193 | M11: =IF(K11>0,0,IF(I11>0,0,(-(J11)*0.5))) -> 27297.193 | N11: =+N10+G11+K11-L11-M11 -> -13162.482 | O11: ='6b-ADIT Projection Proration'!I11 -> 0 | P11: =$E11*O11 -> 0 | Q11: =+P11+Q10 -> 0 | R11: 0 | S11: =R11-O11 -> 0 | T11: =IF(S11>=0,+S11*E11,0) -> 0 | U11: =IF(T11>0,0,IF(R11<0,0,(-(S11)*($E11)))) -> 0 | V11: =IF(T11>0,0,IF(R11>0,0,(-(S11)*($E11)))) -> 0 | W11: =+W10+P11+T11-U11-V11 -> 0 | X11: ='6b-ADIT Projection Proration'!K11 -> 0 | Y11: =$E11*X11 -> 0 | Z11: =+Y11+Z10 -> 0 | AA11: 0 | AB11: =AA11-X11 -> 0 | AC11: =IF(AB11>=0,+AB11*E11,0) -> 0 | AD11: =IF(AC11>0,0,IF(AA11<0,0,(-(AB11)*($E11)))) -> 0 | AE11: =IF(AC11>0,0,IF(AA11>0,0,(-(AB11)*($E11)))) -> 0 | AF11: =+AF10+Y11+AC11-AD11-AE11 -> 0
A12: =+A11+1 -> 4 | B12: Increment | C12: March | D12: =D11 -> 2027 | E12: =276/365 -> 0.75616438 | F12: ='6b-ADIT Projection Proration'!G12 -> 54594.386 | G12: =$E12*F12 -> 41282.33 | H12: =+G12+H11 -> 3632299.6 | I12: 0 | J12: =I12-F12 -> -54594.386 | K12: =IF(J12>=0,+J12*0.5,0) -> 0 | L12: =IF(K12>0,0,IF(I12<0,0,(-(J12)*0.5))) -> 27297.193 | M12: =IF(K12>0,0,IF(I12>0,0,(-(J12)*0.5))) -> 27297.193 | N12: =+N11+G12+K12-L12-M12 -> -26474.538 | O12: ='6b-ADIT Projection Proration'!I12 -> 0 | P12: =$E12*O12 -> 0 | Q12: =+P12+Q11 -> 0 | R12: 0 | S12: =R12-O12 -> 0 | T12: =IF(S12>=0,+S12*E12,0) -> 0 | U12: =IF(T12>0,0,IF(R12<0,0,(-(S12)*($E12)))) -> 0 | V12: =IF(T12>0,0,IF(R12>0,0,(-(S12)*($E12)))) -> 0 | W12: =+W11+P12+T12-U12-V12 -> 0 | X12: ='6b-ADIT Projection Proration'!K12 -> 0 | Y12: =$E12*X12 -> 0 | Z12: =+Y12+Z11 -> 0 | AA12: 0 | AB12: =AA12-X12 -> 0 | AC12: =IF(AB12>=0,+AB12*E12,0) -> 0 | AD12: =IF(AC12>0,0,IF(AA12<0,0,(-(AB12)*($E12)))) -> 0 | AE12: =IF(AC12>0,0,IF(AA12>0,0,(-(AB12)*($E12)))) -> 0 | AF12: =+AF11+Y12+AC12-AD12-AE12 -> 0
A13: =+A12+1 -> 5 | B13: Increment | C13: April | D13: =D12 -> 2027 | E13: =246/365 -> 0.6739726 | F13: ='6b-ADIT Projection Proration'!G13 -> 54594.386 | G13: =$E13*F13 -> 36795.121 | H13: =+G13+H12 -> 3669094.7 | I13: 0 | J13: =I13-F13 -> -54594.386 | K13: =IF(J13>=0,+J13*0.5,0) -> 0 | L13: =IF(K13>0,0,IF(I13<0,0,(-(J13)*0.5))) -> 27297.193 | M13: =IF(K13>0,0,IF(I13>0,0,(-(J13)*0.5))) -> 27297.193 | N13: =+N12+G13+K13-L13-M13 -> -44273.804 | O13: ='6b-ADIT Projection Proration'!I13 -> 0 | P13: =$E13*O13 -> 0 | Q13: =+P13+Q12 -> 0 | R13: 0 | S13: =R13-O13 -> 0 | T13: =IF(S13>=0,+S13*E13,0) -> 0 | U13: =IF(T13>0,0,IF(R13<0,0,(-(S13)*($E13)))) -> 0 | V13: =IF(T13>0,0,IF(R13>0,0,(-(S13)*($E13)))) -> 0 | W13: =+W12+P13+T13-U13-V13 -> 0 | X13: ='6b-ADIT Projection Proration'!K13 -> 0 | Y13: =$E13*X13 -> 0 | Z13: =+Y13+Z12 -> 0 | AA13: 0 | AB13: =AA13-X13 -> 0 | AC13: =IF(AB13>=0,+AB13*E13,0) -> 0 | AD13: =IF(AC13>0,0,IF(AA13<0,0,(-(AB13)*($E13)))) -> 0 | AE13: =IF(AC13>0,0,IF(AA13>0,0,(-(AB13)*($E13)))) -> 0 | AF13: =+AF12+Y13+AC13-AD13-AE13 -> 0
A14: =+A13+1 -> 6 | B14: Increment | C14: May | D14: =D13 -> 2027 | E14: =215/365 -> 0.5890411 | F14: ='6b-ADIT Projection Proration'!G14 -> 54594.386 | G14: =$E14*F14 -> 32158.337 | H14: =+G14+H13 -> 3701253.1 | I14: 0 | J14: =I14-F14 -> -54594.386 | K14: =IF(J14>=0,+J14*0.5,0) -> 0 | L14: =IF(K14>0,0,IF(I14<0,0,(-(J14)*0.5))) -> 27297.193 | M14: =IF(K14>0,0,IF(I14>0,0,(-(J14)*0.5))) -> 27297.193 | N14: =+N13+G14+K14-L14-M14 -> -66709.853 | O14: ='6b-ADIT Projection Proration'!I14 -> 0 | P14: =$E14*O14 -> 0 | Q14: =+P14+Q13 -> 0 | R14: 0 | S14: =R14-O14 -> 0 | T14: =IF(S14>=0,+S14*E14,0) -> 0 | U14: =IF(T14>0,0,IF(R14<0,0,(-(S14)*($E14)))) -> 0 | V14: =IF(T14>0,0,IF(R14>0,0,(-(S14)*($E14)))) -> 0 | W14: =+W13+P14+T14-U14-V14 -> 0 | X14: ='6b-ADIT Projection Proration'!K14 -> 0 | Y14: =$E14*X14 -> 0 | Z14: =+Y14+Z13 -> 0 | AA14: 0 | AB14: =AA14-X14 -> 0 | AC14: =IF(AB14>=0,+AB14*E14,0) -> 0 | AD14: =IF(AC14>0,0,IF(AA14<0,0,(-(AB14)*($E14)))) -> 0 | AE14: =IF(AC14>0,0,IF(AA14>0,0,(-(AB14)*($E14)))) -> 0 | AF14: =+AF13+Y14+AC14-AD14-AE14 -> 0
A15: =+A14+1 -> 7 | B15: Increment | C15: June | D15: =D14 -> 2027 | E15: =185/365 -> 0.50684932 | F15: ='6b-ADIT Projection Proration'!G15 -> 54594.386 | G15: =$E15*F15 -> 27671.127 | H15: =+G15+H14 -> 3728924.2 | I15: 0 | J15: =I15-F15 -> -54594.386 | K15: =IF(J15>=0,+J15*0.5,0) -> 0 | L15: =IF(K15>0,0,IF(I15<0,0,(-(J15)*0.5))) -> 27297.193 | M15: =IF(K15>0,0,IF(I15>0,0,(-(J15)*0.5))) -> 27297.193 | N15: =+N14+G15+K15-L15-M15 -> -93633.112 | O15: ='6b-ADIT Projection Proration'!I15 -> 0 | P15: =$E15*O15 -> 0 | Q15: =+P15+Q14 -> 0 | R15: 0 | S15: =R15-O15 -> 0 | T15: =IF(S15>=0,+S15*E15,0) -> 0 | U15: =IF(T15>0,0,IF(R15<0,0,(-(S15)*($E15)))) -> 0 | V15: =IF(T15>0,0,IF(R15>0,0,(-(S15)*($E15)))) -> 0 | W15: =+W14+P15+T15-U15-V15 -> 0 | X15: ='6b-ADIT Projection Proration'!K15 -> 0 | Y15: =$E15*X15 -> 0 | Z15: =+Y15+Z14 -> 0 | AA15: 0 | AB15: =AA15-X15 -> 0 | AC15: =IF(AB15>=0,+AB15*E15,0) -> 0 | AD15: =IF(AC15>0,0,IF(AA15<0,0,(-(AB15)*($E15)))) -> 0 | AE15: =IF(AC15>0,0,IF(AA15>0,0,(-(AB15)*($E15)))) -> 0 | AF15: =+AF14+Y15+AC15-AD15-AE15 -> 0
A16: =+A15+1 -> 8 | B16: Increment | C16: July | D16: =D15 -> 2027 | E16: =154/365 -> 0.42191781 | F16: ='6b-ADIT Projection Proration'!G16 -> 54594.386 | G16: =$E16*F16 -> 23034.344 | H16: =+G16+H15 -> 3751958.5 | I16: 0 | J16: =I16-F16 -> -54594.386 | K16: =IF(J16>=0,+J16*0.5,0) -> 0 | L16: =IF(K16>0,0,IF(I16<0,0,(-(J16)*0.5))) -> 27297.193 | M16: =IF(K16>0,0,IF(I16>0,0,(-(J16)*0.5))) -> 27297.193 | N16: =+N15+G16+K16-L16-M16 -> -125193.15 | O16: ='6b-ADIT Projection Proration'!I16 -> 0 | P16: =$E16*O16 -> 0 | Q16: =+P16+Q15 -> 0 | R16: 0 | S16: =R16-O16 -> 0 | T16: =IF(S16>=0,+S16*E16,0) -> 0 | U16: =IF(T16>0,0,IF(R16<0,0,(-(S16)*($E16)))) -> 0 | V16: =IF(T16>0,0,IF(R16>0,0,(-(S16)*($E16)))) -> 0 | W16: =+W15+P16+T16-U16-V16 -> 0 | X16: ='6b-ADIT Projection Proration'!K16 -> 0 | Y16: =$E16*X16 -> 0 | Z16: =+Y16+Z15 -> 0 | AA16: 0 | AB16: =AA16-X16 -> 0 | AC16: =IF(AB16>=0,+AB16*E16,0) -> 0 | AD16: =IF(AC16>0,0,IF(AA16<0,0,(-(AB16)*($E16)))) -> 0 | AE16: =IF(AC16>0,0,IF(AA16>0,0,(-(AB16)*($E16)))) -> 0 | AF16: =+AF15+Y16+AC16-AD16-AE16 -> 0
A17: =+A16+1 -> 9 | B17: Increment | C17: August | D17: =D16 -> 2027 | E17: =123/365 -> 0.3369863 | F17: ='6b-ADIT Projection Proration'!G17 -> 54594.386 | G17: =$E17*F17 -> 18397.56 | H17: =+G17+H16 -> 3770356.1 | I17: 0 | J17: =I17-F17 -> -54594.386 | K17: =IF(J17>=0,+J17*0.5,0) -> 0 | L17: =IF(K17>0,0,IF(I17<0,0,(-(J17)*0.5))) -> 27297.193 | M17: =IF(K17>0,0,IF(I17>0,0,(-(J17)*0.5))) -> 27297.193 | N17: =+N16+G17+K17-L17-M17 -> -161389.98 | O17: ='6b-ADIT Projection Proration'!I17 -> 0 | P17: =$E17*O17 -> 0 | Q17: =+P17+Q16 -> 0 | R17: 0 | S17: =R17-O17 -> 0 | T17: =IF(S17>=0,+S17*E17,0) -> 0 | U17: =IF(T17>0,0,IF(R17<0,0,(-(S17)*($E17)))) -> 0 | V17: =IF(T17>0,0,IF(R17>0,0,(-(S17)*($E17)))) -> 0 | W17: =+W16+P17+T17-U17-V17 -> 0 | X17: ='6b-ADIT Projection Proration'!K17 -> 0 | Y17: =$E17*X17 -> 0 | Z17: =+Y17+Z16 -> 0 | AA17: 0 | AB17: =AA17-X17 -> 0 | AC17: =IF(AB17>=0,+AB17*E17,0) -> 0 | AD17: =IF(AC17>0,0,IF(AA17<0,0,(-(AB17)*($E17)))) -> 0 | AE17: =IF(AC17>0,0,IF(AA17>0,0,(-(AB17)*($E17)))) -> 0 | AF17: =+AF16+Y17+AC17-AD17-AE17 -> 0
A18: =+A17+1 -> 10 | B18: Increment | C18: September | D18: =D17 -> 2027 | E18: =93/365 -> 0.25479452 | F18: ='6b-ADIT Projection Proration'!G18 -> 54594.386 | G18: =$E18*F18 -> 13910.35 | H18: =+G18+H17 -> 3784266.5 | I18: 0 | J18: =I18-F18 -> -54594.386 | K18: =IF(J18>=0,+J18*0.5,0) -> 0 | L18: =IF(K18>0,0,IF(I18<0,0,(-(J18)*0.5))) -> 27297.193 | M18: =IF(K18>0,0,IF(I18>0,0,(-(J18)*0.5))) -> 27297.193 | N18: =+N17+G18+K18-L18-M18 -> -202074.02 | O18: ='6b-ADIT Projection Proration'!I18 -> 0 | P18: =$E18*O18 -> 0 | Q18: =+P18+Q17 -> 0 | R18: 0 | S18: =R18-O18 -> 0 | T18: =IF(S18>=0,+S18*E18,0) -> 0 | U18: =IF(T18>0,0,IF(R18<0,0,(-(S18)*($E18)))) -> 0 | V18: =IF(T18>0,0,IF(R18>0,0,(-(S18)*($E18)))) -> 0 | W18: =+W17+P18+T18-U18-V18 -> 0 | X18: ='6b-ADIT Projection Proration'!K18 -> 0 | Y18: =$E18*X18 -> 0 | Z18: =+Y18+Z17 -> 0 | AA18: 0 | AB18: =AA18-X18 -> 0 | AC18: =IF(AB18>=0,+AB18*E18,0) -> 0 | AD18: =IF(AC18>0,0,IF(AA18<0,0,(-(AB18)*($E18)))) -> 0 | AE18: =IF(AC18>0,0,IF(AA18>0,0,(-(AB18)*($E18)))) -> 0 | AF18: =+AF17+Y18+AC18-AD18-AE18 -> 0
A19: =+A18+1 -> 11 | B19: Increment | C19: October | D19: =D18 -> 2027 | E19: =62/365 -> 0.16986301 | F19: ='6b-ADIT Projection Proration'!G19 -> 54594.386 | G19: =$E19*F19 -> 9273.567 | H19: =+G19+H18 -> 3793540 | I19: 0 | J19: =I19-F19 -> -54594.386 | K19: =IF(J19>=0,+J19*0.5,0) -> 0 | L19: =IF(K19>0,0,IF(I19<0,0,(-(J19)*0.5))) -> 27297.193 | M19: =IF(K19>0,0,IF(I19>0,0,(-(J19)*0.5))) -> 27297.193 | N19: =+N18+G19+K19-L19-M19 -> -247394.83 | O19: ='6b-ADIT Projection Proration'!I19 -> 0 | P19: =$E19*O19 -> 0 | Q19: =+P19+Q18 -> 0 | R19: 0 | S19: =R19-O19 -> 0 | T19: =IF(S19>=0,+S19*E19,0) -> 0 | U19: =IF(T19>0,0,IF(R19<0,0,(-(S19)*($E19)))) -> 0 | V19: =IF(T19>0,0,IF(R19>0,0,(-(S19)*($E19)))) -> 0 | W19: =+W18+P19+T19-U19-V19 -> 0 | X19: ='6b-ADIT Projection Proration'!K19 -> 0 | Y19: =$E19*X19 -> 0 | Z19: =+Y19+Z18 -> 0 | AA19: 0 | AB19: =AA19-X19 -> 0 | AC19: =IF(AB19>=0,+AB19*E19,0) -> 0 | AD19: =IF(AC19>0,0,IF(AA19<0,0,(-(AB19)*($E19)))) -> 0 | AE19: =IF(AC19>0,0,IF(AA19>0,0,(-(AB19)*($E19)))) -> 0 | AF19: =+AF18+Y19+AC19-AD19-AE19 -> 0
A20: =+A19+1 -> 12 | B20: Increment | C20: November | D20: =D19 -> 2027 | E20: =32/365 -> 0.087671233 | F20: ='6b-ADIT Projection Proration'!G20 -> 54594.386 | G20: =$E20*F20 -> 4786.3571 | H20: =+G20+H19 -> 3798326.4 | I20: 0 | J20: =I20-F20 -> -54594.386 | K20: =IF(J20>=0,+J20*0.5,0) -> 0 | L20: =IF(K20>0,0,IF(I20<0,0,(-(J20)*0.5))) -> 27297.193 | M20: =IF(K20>0,0,IF(I20>0,0,(-(J20)*0.5))) -> 27297.193 | N20: =+N19+G20+K20-L20-M20 -> -297202.86 | O20: ='6b-ADIT Projection Proration'!I20 -> 0 | P20: =$E20*O20 -> 0 | Q20: =+P20+Q19 -> 0 | R20: 0 | S20: =R20-O20 -> 0 | T20: =IF(S20>=0,+S20*E20,0) -> 0 | U20: =IF(T20>0,0,IF(R20<0,0,(-(S20)*($E20)))) -> 0 | V20: =IF(T20>0,0,IF(R20>0,0,(-(S20)*($E20)))) -> 0 | W20: =+W19+P20+T20-U20-V20 -> 0 | X20: ='6b-ADIT Projection Proration'!K20 -> 0 | Y20: =$E20*X20 -> 0 | Z20: =+Y20+Z19 -> 0 | AA20: 0 | AB20: =AA20-X20 -> 0 | AC20: =IF(AB20>=0,+AB20*E20,0) -> 0 | AD20: =IF(AC20>0,0,IF(AA20<0,0,(-(AB20)*($E20)))) -> 0 | AE20: =IF(AC20>0,0,IF(AA20>0,0,(-(AB20)*($E20)))) -> 0 | AF20: =+AF19+Y20+AC20-AD20-AE20 -> 0
A21: =+A20+1 -> 13 | B21: Increment | C21: December | D21: =D20 -> 2027 | E21: =1/365 -> 0.002739726 | F21: ='6b-ADIT Projection Proration'!G21 -> 54594.386 | G21: =$E21*F21 -> 149.57366 | H21: =+G21+H20 -> 3798476 | I21: 0 | J21: =I21-F21 -> -54594.386 | K21: =IF(J21>=0,+J21*0.5,0) -> 0 | L21: =IF(K21>0,0,IF(I21<0,0,(-(J21)*0.5))) -> 27297.193 | M21: =IF(K21>0,0,IF(I21>0,0,(-(J21)*0.5))) -> 27297.193 | N21: =+N20+G21+K21-L21-M21 -> -351647.68 | O21: ='6b-ADIT Projection Proration'!I21 -> 0 | P21: =$E21*O21 -> 0 | Q21: =+P21+Q20 -> 0 | R21: 0 | S21: =R21-O21 -> 0 | T21: =IF(S21>=0,+S21*E21,0) -> 0 | U21: =IF(T21>0,0,IF(R21<0,0,(-(S21)*($E21)))) -> 0 | V21: =IF(T21>0,0,IF(R21>0,0,(-(S21)*($E21)))) -> 0 | W21: =+W20+P21+T21-U21-V21 -> 0 | X21: ='6b-ADIT Projection Proration'!K21 -> 0 | Y21: =$E21*X21 -> 0 | Z21: =+Y21+Z20 -> 0 | AA21: 0 | AB21: =AA21-X21 -> 0 | AC21: =IF(AB21>=0,+AB21*E21,0) -> 0 | AD21: =IF(AC21>0,0,IF(AA21<0,0,(-(AB21)*($E21)))) -> 0 | AE21: =IF(AC21>0,0,IF(AA21>0,0,(-(AB21)*($E21)))) -> 0 | AF21: =+AF20+Y21+AC21-AD21-AE21 -> 0
A22: =+A21+1 -> 14 | B22: ADIT 282-Prorated EOY Balance | F22: =SUM(F9:F21) -> 655132.63 | G22: =SUM(G9:G21) -> 303484.96 | I22: =SUM(I9:I21) -> 0 | J22: =SUM(J9:J21) -> -655132.63 | K22: =SUM(K9:K21) -> 0 | L22: =SUM(L9:L21) -> 327566.32 | M22: =SUM(M9:M21) -> 327566.32 | O22: =SUM(O9:O21) -> 0 | P22: =SUM(P9:P21) -> 0 | R22: =SUM(R9:R21) -> 0 | S22: =SUM(S9:S21) -> 0 | T22: =SUM(T9:T21) -> 0 | U22: =SUM(U9:U21) -> 0 | V22: =SUM(V9:V21) -> 0 | X22: =SUM(X9:X21) -> 0 | Y22: =SUM(Y9:Y21) -> 0 | AA22: =SUM(AA9:AA21) -> 0 | AB22: =SUM(AB9:AB21) -> 0 | AC22: =SUM(AC9:AC21) -> 0 | AD22: =SUM(AD9:AD21) -> 0 | AE22: =SUM(AE9:AE21) -> 0
A24: ADIT-283-Proration-Note B
A25: =A22+1 -> 15 | B25: Balance (Attach 4c, Line 44) | C25: December | D25: =D9 -> 2026 | E25: =365/365 -> 1 | H25: ='6c- ADIT BOY'!E74 -> 609091 | Q25: ='6c- ADIT BOY'!F74 -> 0 | Z25: ='6c- ADIT BOY'!G74 -> 0
A26: =+A25+1 -> 16 | B26: Increment | C26: January | D26: =D10 -> 2027 | E26: =335/365 -> 0.91780822 | F26: ='6b-ADIT Projection Proration'!G26 -> 932.5 | G26: =$E26*F26 -> 855.85616 | H26: =+G26+H25 -> 609946.86 | I26: 0 | J26: =I26-F26 -> -932.5 | K26: =IF(J26>=0,+J26*0.5,0) -> 0 | L26: =IF(K26>0,0,IF(I26<0,0,(-(J26)*0.5))) -> 466.25 | M26: =IF(K26>0,0,IF(I26>0,0,(-(J26)*0.5))) -> 466.25 | N26: =+N25+G26+K26-L26-M26 -> -76.643836 | O26: ='6b-ADIT Projection Proration'!I26 -> 0 | P26: =$E26*O26 -> 0 | Q26: =+P26+Q25 -> 0 | R26: 0 | S26: =R26-O26 -> 0 | T26: =IF(S26>=0,+S26*E26,0) -> 0 | U26: =IF(T26>0,0,IF(R26<0,0,(-(S26)*($E26)))) -> 0 | V26: =IF(T26>0,0,IF(R26>0,0,(-(S26)*($E26)))) -> 0 | W26: =+W25+P26+T26-U26-V26 -> 0 | X26: ='6b-ADIT Projection Proration'!K26 -> 0 | Y26: =$E26*X26 -> 0 | Z26: =+Y26+Z25 -> 0 | AA26: 0 | AB26: =AA26-X26 -> 0 | AC26: =IF(AB26>=0,+AB26*E26,0) -> 0 | AD26: =IF(AC26>0,0,IF(AA26<0,0,(-(AB26)*($E26)))) -> 0 | AE26: =IF(AC26>0,0,IF(AA26>0,0,(-(AB26)*($E26)))) -> 0 | AF26: =+AF25+Y26+AC26-AD26-AE26 -> 0
A27: =+A26+1 -> 17 | B27: Increment | C27: February | D27: =D11 -> 2027 | E27: =307/365 -> 0.84109589 | F27: ='6b-ADIT Projection Proration'!G27 -> 932.5 | G27: =$E27*F27 -> 784.32192 | H27: =+G27+H26 -> 610731.18 | I27: 0 | J27: =I27-F27 -> -932.5 | K27: =IF(J27>=0,+J27*0.5,0) -> 0 | L27: =IF(K27>0,0,IF(I27<0,0,(-(J27)*0.5))) -> 466.25 | M27: =IF(K27>0,0,IF(I27>0,0,(-(J27)*0.5))) -> 466.25 | N27: =+N26+G27+K27-L27-M27 -> -224.82192 | O27: ='6b-ADIT Projection Proration'!I27 -> 0 | P27: =$E27*O27 -> 0 | Q27: =+P27+Q26 -> 0 | R27: 0 | S27: =R27-O27 -> 0 | T27: =IF(S27>=0,+S27*E27,0) -> 0 | U27: =IF(T27>0,0,IF(R27<0,0,(-(S27)*($E27)))) -> 0 | V27: =IF(T27>0,0,IF(R27>0,0,(-(S27)*($E27)))) -> 0 | W27: =+W26+P27+T27-U27-V27 -> 0 | X27: ='6b-ADIT Projection Proration'!K27 -> 0 | Y27: =$E27*X27 -> 0 | Z27: =+Y27+Z26 -> 0 | AA27: 0 | AB27: =AA27-X27 -> 0 | AC27: =IF(AB27>=0,+AB27*E27,0) -> 0 | AD27: =IF(AC27>0,0,IF(AA27<0,0,(-(AB27)*($E27)))) -> 0 | AE27: =IF(AC27>0,0,IF(AA27>0,0,(-(AB27)*($E27)))) -> 0 | AF27: =+AF26+Y27+AC27-AD27-AE27 -> 0
A28: =+A27+1 -> 18 | B28: Increment | C28: March | D28: =D12 -> 2027 | E28: =276/365 -> 0.75616438 | F28: ='6b-ADIT Projection Proration'!G28 -> 932.5 | G28: =$E28*F28 -> 705.12329 | H28: =+G28+H27 -> 611436.3 | I28: 0 | J28: =I28-F28 -> -932.5 | K28: =IF(J28>=0,+J28*0.5,0) -> 0 | L28: =IF(K28>0,0,IF(I28<0,0,(-(J28)*0.5))) -> 466.25 | M28: =IF(K28>0,0,IF(I28>0,0,(-(J28)*0.5))) -> 466.25 | N28: =+N27+G28+K28-L28-M28 -> -452.19863 | O28: ='6b-ADIT Projection Proration'!I28 -> 0 | P28: =$E28*O28 -> 0 | Q28: =+P28+Q27 -> 0 | R28: 0 | S28: =R28-O28 -> 0 | T28: =IF(S28>=0,+S28*E28,0) -> 0 | U28: =IF(T28>0,0,IF(R28<0,0,(-(S28)*($E28)))) -> 0 | V28: =IF(T28>0,0,IF(R28>0,0,(-(S28)*($E28)))) -> 0 | W28: =+W27+P28+T28-U28-V28 -> 0 | X28: ='6b-ADIT Projection Proration'!K28 -> 0 | Y28: =$E28*X28 -> 0 | Z28: =+Y28+Z27 -> 0 | AA28: 0 | AB28: =AA28-X28 -> 0 | AC28: =IF(AB28>=0,+AB28*E28,0) -> 0 | AD28: =IF(AC28>0,0,IF(AA28<0,0,(-(AB28)*($E28)))) -> 0 | AE28: =IF(AC28>0,0,IF(AA28>0,0,(-(AB28)*($E28)))) -> 0 | AF28: =+AF27+Y28+AC28-AD28-AE28 -> 0
A29: =+A28+1 -> 19 | B29: Increment | C29: April | D29: =D13 -> 2027 | E29: =246/365 -> 0.6739726 | F29: ='6b-ADIT Projection Proration'!G29 -> 932.5 | G29: =$E29*F29 -> 628.47945 | H29: =+G29+H28 -> 612064.78 | I29: 0 | J29: =I29-F29 -> -932.5 | K29: =IF(J29>=0,+J29*0.5,0) -> 0 | L29: =IF(K29>0,0,IF(I29<0,0,(-(J29)*0.5))) -> 466.25 | M29: =IF(K29>0,0,IF(I29>0,0,(-(J29)*0.5))) -> 466.25 | N29: =+N28+G29+K29-L29-M29 -> -756.21918 | O29: ='6b-ADIT Projection Proration'!I29 -> 0 | P29: =$E29*O29 -> 0 | Q29: =+P29+Q28 -> 0 | R29: 0 | S29: =R29-O29 -> 0 | T29: =IF(S29>=0,+S29*E29,0) -> 0 | U29: =IF(T29>0,0,IF(R29<0,0,(-(S29)*($E29)))) -> 0 | V29: =IF(T29>0,0,IF(R29>0,0,(-(S29)*($E29)))) -> 0 | W29: =+W28+P29+T29-U29-V29 -> 0 | X29: ='6b-ADIT Projection Proration'!K29 -> 0 | Y29: =$E29*X29 -> 0 | Z29: =+Y29+Z28 -> 0 | AA29: 0 | AB29: =AA29-X29 -> 0 | AC29: =IF(AB29>=0,+AB29*E29,0) -> 0 | AD29: =IF(AC29>0,0,IF(AA29<0,0,(-(AB29)*($E29)))) -> 0 | AE29: =IF(AC29>0,0,IF(AA29>0,0,(-(AB29)*($E29)))) -> 0 | AF29: =+AF28+Y29+AC29-AD29-AE29 -> 0
A30: =+A29+1 -> 20 | B30: Increment | C30: May | D30: =D14 -> 2027 | E30: =215/365 -> 0.5890411 | F30: ='6b-ADIT Projection Proration'!G30 -> 932.5 | G30: =$E30*F30 -> 549.28082 | H30: =+G30+H29 -> 612614.06 | I30: 0 | J30: =I30-F30 -> -932.5 | K30: =IF(J30>=0,+J30*0.5,0) -> 0 | L30: =IF(K30>0,0,IF(I30<0,0,(-(J30)*0.5))) -> 466.25 | M30: =IF(K30>0,0,IF(I30>0,0,(-(J30)*0.5))) -> 466.25 | N30: =+N29+G30+K30-L30-M30 -> -1139.4384 | O30: ='6b-ADIT Projection Proration'!I30 -> 0 | P30: =$E30*O30 -> 0 | Q30: =+P30+Q29 -> 0 | R30: 0 | S30: =R30-O30 -> 0 | T30: =IF(S30>=0,+S30*E30,0) -> 0 | U30: =IF(T30>0,0,IF(R30<0,0,(-(S30)*($E30)))) -> 0 | V30: =IF(T30>0,0,IF(R30>0,0,(-(S30)*($E30)))) -> 0 | W30: =+W29+P30+T30-U30-V30 -> 0 | X30: ='6b-ADIT Projection Proration'!K30 -> 0 | Y30: =$E30*X30 -> 0 | Z30: =+Y30+Z29 -> 0 | AA30: 0 | AB30: =AA30-X30 -> 0 | AC30: =IF(AB30>=0,+AB30*E30,0) -> 0 | AD30: =IF(AC30>0,0,IF(AA30<0,0,(-(AB30)*($E30)))) -> 0 | AE30: =IF(AC30>0,0,IF(AA30>0,0,(-(AB30)*($E30)))) -> 0 | AF30: =+AF29+Y30+AC30-AD30-AE30 -> 0
A31: =+A30+1 -> 21 | B31: Increment | C31: June | D31: =D15 -> 2027 | E31: =185/365 -> 0.50684932 | F31: ='6b-ADIT Projection Proration'!G31 -> 932.5 | G31: =$E31*F31 -> 472.63699 | H31: =+G31+H30 -> 613086.7 | I31: 0 | J31: =I31-F31 -> -932.5 | K31: =IF(J31>=0,+J31*0.5,0) -> 0 | L31: =IF(K31>0,0,IF(I31<0,0,(-(J31)*0.5))) -> 466.25 | M31: =IF(K31>0,0,IF(I31>0,0,(-(J31)*0.5))) -> 466.25 | N31: =+N30+G31+K31-L31-M31 -> -1599.3014 | O31: ='6b-ADIT Projection Proration'!I31 -> 0 | P31: =$E31*O31 -> 0 | Q31: =+P31+Q30 -> 0 | R31: 0 | S31: =R31-O31 -> 0 | T31: =IF(S31>=0,+S31*E31,0) -> 0 | U31: =IF(T31>0,0,IF(R31<0,0,(-(S31)*($E31)))) -> 0 | V31: =IF(T31>0,0,IF(R31>0,0,(-(S31)*($E31)))) -> 0 | W31: =+W30+P31+T31-U31-V31 -> 0 | X31: ='6b-ADIT Projection Proration'!K31 -> 0 | Y31: =$E31*X31 -> 0 | Z31: =+Y31+Z30 -> 0 | AA31: 0 | AB31: =AA31-X31 -> 0 | AC31: =IF(AB31>=0,+AB31*E31,0) -> 0 | AD31: =IF(AC31>0,0,IF(AA31<0,0,(-(AB31)*($E31)))) -> 0 | AE31: =IF(AC31>0,0,IF(AA31>0,0,(-(AB31)*($E31)))) -> 0 | AF31: =+AF30+Y31+AC31-AD31-AE31 -> 0
A32: =+A31+1 -> 22 | B32: Increment | C32: July | D32: =D16 -> 2027 | E32: =154/365 -> 0.42191781 | F32: ='6b-ADIT Projection Proration'!G32 -> 932.5 | G32: =$E32*F32 -> 393.43836 | H32: =+G32+H31 -> 613480.14 | I32: 0 | J32: =I32-F32 -> -932.5 | K32: =IF(J32>=0,+J32*0.5,0) -> 0 | L32: =IF(K32>0,0,IF(I32<0,0,(-(J32)*0.5))) -> 466.25 | M32: =IF(K32>0,0,IF(I32>0,0,(-(J32)*0.5))) -> 466.25 | N32: =+N31+G32+K32-L32-M32 -> -2138.363 | O32: ='6b-ADIT Projection Proration'!I32 -> 0 | P32: =$E32*O32 -> 0 | Q32: =+P32+Q31 -> 0 | R32: 0 | S32: =R32-O32 -> 0 | T32: =IF(S32>=0,+S32*E32,0) -> 0 | U32: =IF(T32>0,0,IF(R32<0,0,(-(S32)*($E32)))) -> 0 | V32: =IF(T32>0,0,IF(R32>0,0,(-(S32)*($E32)))) -> 0 | W32: =+W31+P32+T32-U32-V32 -> 0 | X32: ='6b-ADIT Projection Proration'!K32 -> 0 | Y32: =$E32*X32 -> 0 | Z32: =+Y32+Z31 -> 0 | AA32: 0 | AB32: =AA32-X32 -> 0 | AC32: =IF(AB32>=0,+AB32*E32,0) -> 0 | AD32: =IF(AC32>0,0,IF(AA32<0,0,(-(AB32)*($E32)))) -> 0 | AE32: =IF(AC32>0,0,IF(AA32>0,0,(-(AB32)*($E32)))) -> 0 | AF32: =+AF31+Y32+AC32-AD32-AE32 -> 0
A33: =+A32+1 -> 23 | B33: Increment | C33: August | D33: =D17 -> 2027 | E33: =123/365 -> 0.3369863 | F33: ='6b-ADIT Projection Proration'!G33 -> 932.5 | G33: =$E33*F33 -> 314.23973 | H33: =+G33+H32 -> 613794.38 | I33: 0 | J33: =I33-F33 -> -932.5 | K33: =IF(J33>=0,+J33*0.5,0) -> 0 | L33: =IF(K33>0,0,IF(I33<0,0,(-(J33)*0.5))) -> 466.25 | M33: =IF(K33>0,0,IF(I33>0,0,(-(J33)*0.5))) -> 466.25 | N33: =+N32+G33+K33-L33-M33 -> -2756.6233 | O33: ='6b-ADIT Projection Proration'!I33 -> 0 | P33: =$E33*O33 -> 0 | Q33: =+P33+Q32 -> 0 | R33: 0 | S33: =R33-O33 -> 0 | T33: =IF(S33>=0,+S33*E33,0) -> 0 | U33: =IF(T33>0,0,IF(R33<0,0,(-(S33)*($E33)))) -> 0 | V33: =IF(T33>0,0,IF(R33>0,0,(-(S33)*($E33)))) -> 0 | W33: =+W32+P33+T33-U33-V33 -> 0 | X33: ='6b-ADIT Projection Proration'!K33 -> 0 | Y33: =$E33*X33 -> 0 | Z33: =+Y33+Z32 -> 0 | AA33: 0 | AB33: =AA33-X33 -> 0 | AC33: =IF(AB33>=0,+AB33*E33,0) -> 0 | AD33: =IF(AC33>0,0,IF(AA33<0,0,(-(AB33)*($E33)))) -> 0 | AE33: =IF(AC33>0,0,IF(AA33>0,0,(-(AB33)*($E33)))) -> 0 | AF33: =+AF32+Y33+AC33-AD33-AE33 -> 0
A34: =+A33+1 -> 24 | B34: Increment | C34: September | D34: =D18 -> 2027 | E34: =93/365 -> 0.25479452 | F34: ='6b-ADIT Projection Proration'!G34 -> 932.5 | G34: =$E34*F34 -> 237.59589 | H34: =+G34+H33 -> 614031.97 | I34: 0 | J34: =I34-F34 -> -932.5 | K34: =IF(J34>=0,+J34*0.5,0) -> 0 | L34: =IF(K34>0,0,IF(I34<0,0,(-(J34)*0.5))) -> 466.25 | M34: =IF(K34>0,0,IF(I34>0,0,(-(J34)*0.5))) -> 466.25 | N34: =+N33+G34+K34-L34-M34 -> -3451.5274 | O34: ='6b-ADIT Projection Proration'!I34 -> 0 | P34: =$E34*O34 -> 0 | Q34: =+P34+Q33 -> 0 | R34: 0 | S34: =R34-O34 -> 0 | T34: =IF(S34>=0,+S34*E34,0) -> 0 | U34: =IF(T34>0,0,IF(R34<0,0,(-(S34)*($E34)))) -> 0 | V34: =IF(T34>0,0,IF(R34>0,0,(-(S34)*($E34)))) -> 0 | W34: =+W33+P34+T34-U34-V34 -> 0 | X34: ='6b-ADIT Projection Proration'!K34 -> 0 | Y34: =$E34*X34 -> 0 | Z34: =+Y34+Z33 -> 0 | AA34: 0 | AB34: =AA34-X34 -> 0 | AC34: =IF(AB34>=0,+AB34*E34,0) -> 0 | AD34: =IF(AC34>0,0,IF(AA34<0,0,(-(AB34)*($E34)))) -> 0 | AE34: =IF(AC34>0,0,IF(AA34>0,0,(-(AB34)*($E34)))) -> 0 | AF34: =+AF33+Y34+AC34-AD34-AE34 -> 0
A35: =+A34+1 -> 25 | B35: Increment | C35: October | D35: =D19 -> 2027 | E35: =62/365 -> 0.16986301 | F35: ='6b-ADIT Projection Proration'!G35 -> 932.5 | G35: =$E35*F35 -> 158.39726 | H35: =+G35+H34 -> 614190.37 | I35: 0 | J35: =I35-F35 -> -932.5 | K35: =IF(J35>=0,+J35*0.5,0) -> 0 | L35: =IF(K35>0,0,IF(I35<0,0,(-(J35)*0.5))) -> 466.25 | M35: =IF(K35>0,0,IF(I35>0,0,(-(J35)*0.5))) -> 466.25 | N35: =+N34+G35+K35-L35-M35 -> -4225.6301 | O35: ='6b-ADIT Projection Proration'!I35 -> 0 | P35: =$E35*O35 -> 0 | Q35: =+P35+Q34 -> 0 | R35: 0 | S35: =R35-O35 -> 0 | T35: =IF(S35>=0,+S35*E35,0) -> 0 | U35: =IF(T35>0,0,IF(R35<0,0,(-(S35)*($E35)))) -> 0 | V35: =IF(T35>0,0,IF(R35>0,0,(-(S35)*($E35)))) -> 0 | W35: =+W34+P35+T35-U35-V35 -> 0 | X35: ='6b-ADIT Projection Proration'!K35 -> 0 | Y35: =$E35*X35 -> 0 | Z35: =+Y35+Z34 -> 0 | AA35: 0 | AB35: =AA35-X35 -> 0 | AC35: =IF(AB35>=0,+AB35*E35,0) -> 0 | AD35: =IF(AC35>0,0,IF(AA35<0,0,(-(AB35)*($E35)))) -> 0 | AE35: =IF(AC35>0,0,IF(AA35>0,0,(-(AB35)*($E35)))) -> 0 | AF35: =+AF34+Y35+AC35-AD35-AE35 -> 0
A36: =+A35+1 -> 26 | B36: Increment | C36: November | D36: =D20 -> 2027 | E36: =32/365 -> 0.087671233 | F36: ='6b-ADIT Projection Proration'!G36 -> 932.5 | G36: =$E36*F36 -> 81.753425 | H36: =+G36+H35 -> 614272.12 | I36: 0 | J36: =I36-F36 -> -932.5 | K36: =IF(J36>=0,+J36*0.5,0) -> 0 | L36: =IF(K36>0,0,IF(I36<0,0,(-(J36)*0.5))) -> 466.25 | M36: =IF(K36>0,0,IF(I36>0,0,(-(J36)*0.5))) -> 466.25 | N36: =+N35+G36+K36-L36-M36 -> -5076.3767 | O36: ='6b-ADIT Projection Proration'!I36 -> 0 | P36: =$E36*O36 -> 0 | Q36: =+P36+Q35 -> 0 | R36: 0 | S36: =R36-O36 -> 0 | T36: =IF(S36>=0,+S36*E36,0) -> 0 | U36: =IF(T36>0,0,IF(R36<0,0,(-(S36)*($E36)))) -> 0 | V36: =IF(T36>0,0,IF(R36>0,0,(-(S36)*($E36)))) -> 0 | W36: =+W35+P36+T36-U36-V36 -> 0 | X36: ='6b-ADIT Projection Proration'!K36 -> 0 | Y36: =$E36*X36 -> 0 | Z36: =+Y36+Z35 -> 0 | AA36: 0 | AB36: =AA36-X36 -> 0 | AC36: =IF(AB36>=0,+AB36*E36,0) -> 0 | AD36: =IF(AC36>0,0,IF(AA36<0,0,(-(AB36)*($E36)))) -> 0 | AE36: =IF(AC36>0,0,IF(AA36>0,0,(-(AB36)*($E36)))) -> 0 | AF36: =+AF35+Y36+AC36-AD36-AE36 -> 0
A37: =+A36+1 -> 27 | B37: Increment | C37: December | D37: =D21 -> 2027 | E37: =1/365 -> 0.002739726 | F37: ='6b-ADIT Projection Proration'!G37 -> 932.5 | G37: =$E37*F37 -> 2.5547945 | H37: =+G37+H36 -> 614274.68 | I37: 0 | J37: =I37-F37 -> -932.5 | K37: =IF(J37>=0,+J37*0.5,0) -> 0 | L37: =IF(K37>0,0,IF(I37<0,0,(-(J37)*0.5))) -> 466.25 | M37: =IF(K37>0,0,IF(I37>0,0,(-(J37)*0.5))) -> 466.25 | N37: =+N36+G37+K37-L37-M37 -> -6006.3219 | O37: ='6b-ADIT Projection Proration'!I37 -> 0 | P37: =$E37*O37 -> 0 | Q37: =+P37+Q36 -> 0 | R37: 0 | S37: =R37-O37 -> 0 | T37: =IF(S37>=0,+S37*E37,0) -> 0 | U37: =IF(T37>0,0,IF(R37<0,0,(-(S37)*($E37)))) -> 0 | V37: =IF(T37>0,0,IF(R37>0,0,(-(S37)*($E37)))) -> 0 | W37: =+W36+P37+T37-U37-V37 -> 0 | X37: ='6b-ADIT Projection Proration'!K37 -> 0 | Y37: =$E37*X37 -> 0 | Z37: =+Y37+Z36 -> 0 | AA37: 0 | AB37: =AA37-X37 -> 0 | AC37: =IF(AB37>=0,+AB37*E37,0) -> 0 | AD37: =IF(AC37>0,0,IF(AA37<0,0,(-(AB37)*($E37)))) -> 0 | AE37: =IF(AC37>0,0,IF(AA37>0,0,(-(AB37)*($E37)))) -> 0 | AF37: =+AF36+Y37+AC37-AD37-AE37 -> 0
A38: =+A37+1 -> 28 | B38: ADIT 283-Prorated EOY Balance | F38: =SUM(F25:F37) -> 11190 | G38: =SUM(G25:G37) -> 5183.6781 | I38: =SUM(I25:I37) -> 0 | J38: =SUM(J25:J37) -> -11190 | K38: =SUM(K25:K37) -> 0 | L38: =SUM(L25:L37) -> 5595 | M38: =SUM(M25:M37) -> 5595 | O38: =SUM(O25:O37) -> 0 | P38: =SUM(P25:P37) -> 0 | R38: =SUM(R25:R37) -> 0 | S38: =SUM(S25:S37) -> 0 | T38: =SUM(T25:T37) -> 0 | U38: =SUM(U25:U37) -> 0 | V38: =SUM(V25:V37) -> 0 | X38: =SUM(X25:X37) -> 0 | Y38: =SUM(Y25:Y37) -> 0 | AA38: =SUM(AA25:AA37) -> 0 | AB38: =SUM(AB25:AB37) -> 0 | AC38: =SUM(AC25:AC37) -> 0 | AD38: =SUM(AD25:AD37) -> 0 | AE38: =SUM(AE25:AE37) -> 0
A40: ADIT-190-Proration-Note C
A41: =A38+1 -> 29 | B41: Balance (Attach 4c, Line 18) | C41: December | D41: =D25 -> 2026 | E41: =365/365 -> 1 | H41: ='6c- ADIT BOY'!E28 -> -70430 | Q41: ='6c- ADIT BOY'!F28 -> 0 | Z41: ='6c- ADIT BOY'!G28 -> 0
A42: =+A41+1 -> 30 | B42: Increment | C42: January | D42: =D26 -> 2027 | E42: =335/365 -> 0.91780822 | F42: ='6b-ADIT Projection Proration'!G42 -> -737.25 | G42: =$E42*F42 -> -676.65411 | H42: =+G42+H41 -> -71106.654 | I42: 0 | J42: =I42-F42 -> 737.25 | K42: =IF(J42>=0,+J42*0.5,0) -> 368.625 | L42: =IF(K42>0,0,IF(I42<0,0,(-(J42)*0.5))) -> 0 | M42: =IF(K42>0,0,IF(I42>0,0,(-(J42)*0.5))) -> 0 | N42: =+N41+G42+K42-L42-M42 -> -308.02911 | O42: ='6b-ADIT Projection Proration'!I42 -> 0 | P42: =$E42*O42 -> 0 | Q42: =+P42+Q41 -> 0 | R42: 0 | S42: =R42-O42 -> 0 | T42: =IF(S42>=0,+S42*E42,0) -> 0 | U42: =IF(T42>0,0,IF(R42<0,0,(-(S42)*($E42)))) -> 0 | V42: =IF(T42>0,0,IF(R42>0,0,(-(S42)*($E42)))) -> 0 | W42: =+W41+P42+T42-U42-V42 -> 0 | X42: ='6b-ADIT Projection Proration'!K42 -> 0 | Y42: =$E42*X42 -> 0 | Z42: =+Y42+Z41 -> 0 | AA42: 0 | AB42: =AA42-X42 -> 0 | AC42: =IF(AB42>=0,+AB42*E42,0) -> 0 | AD42: =IF(AC42>0,0,IF(AA42<0,0,(-(AB42)*($E42)))) -> 0 | AE42: =IF(AC42>0,0,IF(AA42>0,0,(-(AB42)*($E42)))) -> 0 | AF42: =+AF41+Y42+AC42-AD42-AE42 -> 0
A43: =+A42+1 -> 31 | B43: Increment | C43: February | D43: =D27 -> 2027 | E43: =307/365 -> 0.84109589 | F43: ='6b-ADIT Projection Proration'!G43 -> -737.25 | G43: =$E43*F43 -> -620.09795 | H43: =+G43+H42 -> -71726.752 | I43: 0 | J43: =I43-F43 -> 737.25 | K43: =IF(J43>=0,+J43*0.5,0) -> 368.625 | L43: =IF(K43>0,0,IF(I43<0,0,(-(J43)*0.5))) -> 0 | M43: =IF(K43>0,0,IF(I43>0,0,(-(J43)*0.5))) -> 0 | N43: =+N42+G43+K43-L43-M43 -> -559.50205 | O43: ='6b-ADIT Projection Proration'!I43 -> 0 | P43: =$E43*O43 -> 0 | Q43: =+P43+Q42 -> 0 | R43: 0 | S43: =R43-O43 -> 0 | T43: =IF(S43>=0,+S43*E43,0) -> 0 | U43: =IF(T43>0,0,IF(R43<0,0,(-(S43)*($E43)))) -> 0 | V43: =IF(T43>0,0,IF(R43>0,0,(-(S43)*($E43)))) -> 0 | W43: =+W42+P43+T43-U43-V43 -> 0 | X43: ='6b-ADIT Projection Proration'!K43 -> 0 | Y43: =$E43*X43 -> 0 | Z43: =+Y43+Z42 -> 0 | AA43: 0 | AB43: =AA43-X43 -> 0 | AC43: =IF(AB43>=0,+AB43*E43,0) -> 0 | AD43: =IF(AC43>0,0,IF(AA43<0,0,(-(AB43)*($E43)))) -> 0 | AE43: =IF(AC43>0,0,IF(AA43>0,0,(-(AB43)*($E43)))) -> 0 | AF43: =+AF42+Y43+AC43-AD43-AE43 -> 0
A44: =+A43+1 -> 32 | B44: Increment | C44: March | D44: =D28 -> 2027 | E44: =276/365 -> 0.75616438 | F44: ='6b-ADIT Projection Proration'!G44 -> -737.25 | G44: =$E44*F44 -> -557.48219 | H44: =+G44+H43 -> -72284.234 | I44: 0 | J44: =I44-F44 -> 737.25 | K44: =IF(J44>=0,+J44*0.5,0) -> 368.625 | L44: =IF(K44>0,0,IF(I44<0,0,(-(J44)*0.5))) -> 0 | M44: =IF(K44>0,0,IF(I44>0,0,(-(J44)*0.5))) -> 0 | N44: =+N43+G44+K44-L44-M44 -> -748.35925 | O44: ='6b-ADIT Projection Proration'!I44 -> 0 | P44: =$E44*O44 -> 0 | Q44: =+P44+Q43 -> 0 | R44: 0 | S44: =R44-O44 -> 0 | T44: =IF(S44>=0,+S44*E44,0) -> 0 | U44: =IF(T44>0,0,IF(R44<0,0,(-(S44)*($E44)))) -> 0 | V44: =IF(T44>0,0,IF(R44>0,0,(-(S44)*($E44)))) -> 0 | W44: =+W43+P44+T44-U44-V44 -> 0 | X44: ='6b-ADIT Projection Proration'!K44 -> 0 | Y44: =$E44*X44 -> 0 | Z44: =+Y44+Z43 -> 0 | AA44: 0 | AB44: =AA44-X44 -> 0 | AC44: =IF(AB44>=0,+AB44*E44,0) -> 0 | AD44: =IF(AC44>0,0,IF(AA44<0,0,(-(AB44)*($E44)))) -> 0 | AE44: =IF(AC44>0,0,IF(AA44>0,0,(-(AB44)*($E44)))) -> 0 | AF44: =+AF43+Y44+AC44-AD44-AE44 -> 0
A45: =+A44+1 -> 33 | B45: Increment | C45: April | D45: =D29 -> 2027 | E45: =246/365 -> 0.6739726 | F45: ='6b-ADIT Projection Proration'!G45 -> -737.25 | G45: =$E45*F45 -> -496.8863 | H45: =+G45+H44 -> -72781.121 | I45: 0 | J45: =I45-F45 -> 737.25 | K45: =IF(J45>=0,+J45*0.5,0) -> 368.625 | L45: =IF(K45>0,0,IF(I45<0,0,(-(J45)*0.5))) -> 0 | M45: =IF(K45>0,0,IF(I45>0,0,(-(J45)*0.5))) -> 0 | N45: =+N44+G45+K45-L45-M45 -> -876.62055 | O45: ='6b-ADIT Projection Proration'!I45 -> 0 | P45: =$E45*O45 -> 0 | Q45: =+P45+Q44 -> 0 | R45: 0 | S45: =R45-O45 -> 0 | T45: =IF(S45>=0,+S45*E45,0) -> 0 | U45: =IF(T45>0,0,IF(R45<0,0,(-(S45)*($E45)))) -> 0 | V45: =IF(T45>0,0,IF(R45>0,0,(-(S45)*($E45)))) -> 0 | W45: =+W44+P45+T45-U45-V45 -> 0 | X45: ='6b-ADIT Projection Proration'!K45 -> 0 | Y45: =$E45*X45 -> 0 | Z45: =+Y45+Z44 -> 0 | AA45: 0 | AB45: =AA45-X45 -> 0 | AC45: =IF(AB45>=0,+AB45*E45,0) -> 0 | AD45: =IF(AC45>0,0,IF(AA45<0,0,(-(AB45)*($E45)))) -> 0 | AE45: =IF(AC45>0,0,IF(AA45>0,0,(-(AB45)*($E45)))) -> 0 | AF45: =+AF44+Y45+AC45-AD45-AE45 -> 0
A46: =+A45+1 -> 34 | B46: Increment | C46: May | D46: =D30 -> 2027 | E46: =215/365 -> 0.5890411 | F46: ='6b-ADIT Projection Proration'!G46 -> -737.25 | G46: =$E46*F46 -> -434.27055 | H46: =+G46+H45 -> -73215.391 | I46: 0 | J46: =I46-F46 -> 737.25 | K46: =IF(J46>=0,+J46*0.5,0) -> 368.625 | L46: =IF(K46>0,0,IF(I46<0,0,(-(J46)*0.5))) -> 0 | M46: =IF(K46>0,0,IF(I46>0,0,(-(J46)*0.5))) -> 0 | N46: =+N45+G46+K46-L46-M46 -> -942.2661 | O46: ='6b-ADIT Projection Proration'!I46 -> 0 | P46: =$E46*O46 -> 0 | Q46: =+P46+Q45 -> 0 | R46: 0 | S46: =R46-O46 -> 0 | T46: =IF(S46>=0,+S46*E46,0) -> 0 | U46: =IF(T46>0,0,IF(R46<0,0,(-(S46)*($E46)))) -> 0 | V46: =IF(T46>0,0,IF(R46>0,0,(-(S46)*($E46)))) -> 0 | W46: =+W45+P46+T46-U46-V46 -> 0 | X46: ='6b-ADIT Projection Proration'!K46 -> 0 | Y46: =$E46*X46 -> 0 | Z46: =+Y46+Z45 -> 0 | AA46: 0 | AB46: =AA46-X46 -> 0 | AC46: =IF(AB46>=0,+AB46*E46,0) -> 0 | AD46: =IF(AC46>0,0,IF(AA46<0,0,(-(AB46)*($E46)))) -> 0 | AE46: =IF(AC46>0,0,IF(AA46>0,0,(-(AB46)*($E46)))) -> 0 | AF46: =+AF45+Y46+AC46-AD46-AE46 -> 0
A47: =+A46+1 -> 35 | B47: Increment | C47: June | D47: =D31 -> 2027 | E47: =185/365 -> 0.50684932 | F47: ='6b-ADIT Projection Proration'!G47 -> -737.25 | G47: =$E47*F47 -> -373.67466 | H47: =+G47+H46 -> -73589.066 | I47: 0 | J47: =I47-F47 -> 737.25 | K47: =IF(J47>=0,+J47*0.5,0) -> 368.625 | L47: =IF(K47>0,0,IF(I47<0,0,(-(J47)*0.5))) -> 0 | M47: =IF(K47>0,0,IF(I47>0,0,(-(J47)*0.5))) -> 0 | N47: =+N46+G47+K47-L47-M47 -> -947.31575 | O47: ='6b-ADIT Projection Proration'!I47 -> 0 | P47: =$E47*O47 -> 0 | Q47: =+P47+Q46 -> 0 | R47: 0 | S47: =R47-O47 -> 0 | T47: =IF(S47>=0,+S47*E47,0) -> 0 | U47: =IF(T47>0,0,IF(R47<0,0,(-(S47)*($E47)))) -> 0 | V47: =IF(T47>0,0,IF(R47>0,0,(-(S47)*($E47)))) -> 0 | W47: =+W46+P47+T47-U47-V47 -> 0 | X47: ='6b-ADIT Projection Proration'!K47 -> 0 | Y47: =$E47*X47 -> 0 | Z47: =+Y47+Z46 -> 0 | AA47: 0 | AB47: =AA47-X47 -> 0 | AC47: =IF(AB47>=0,+AB47*E47,0) -> 0 | AD47: =IF(AC47>0,0,IF(AA47<0,0,(-(AB47)*($E47)))) -> 0 | AE47: =IF(AC47>0,0,IF(AA47>0,0,(-(AB47)*($E47)))) -> 0 | AF47: =+AF46+Y47+AC47-AD47-AE47 -> 0
A48: =+A47+1 -> 36 | B48: Increment | C48: July | D48: =D32 -> 2027 | E48: =154/365 -> 0.42191781 | F48: ='6b-ADIT Projection Proration'!G48 -> -737.25 | G48: =$E48*F48 -> -311.0589 | H48: =+G48+H47 -> -73900.125 | I48: 0 | J48: =I48-F48 -> 737.25 | K48: =IF(J48>=0,+J48*0.5,0) -> 368.625 | L48: =IF(K48>0,0,IF(I48<0,0,(-(J48)*0.5))) -> 0 | M48: =IF(K48>0,0,IF(I48>0,0,(-(J48)*0.5))) -> 0 | N48: =+N47+G48+K48-L48-M48 -> -889.74966 | O48: ='6b-ADIT Projection Proration'!I48 -> 0 | P48: =$E48*O48 -> 0 | Q48: =+P48+Q47 -> 0 | R48: 0 | S48: =R48-O48 -> 0 | T48: =IF(S48>=0,+S48*E48,0) -> 0 | U48: =IF(T48>0,0,IF(R48<0,0,(-(S48)*($E48)))) -> 0 | V48: =IF(T48>0,0,IF(R48>0,0,(-(S48)*($E48)))) -> 0 | W48: =+W47+P48+T48-U48-V48 -> 0 | X48: ='6b-ADIT Projection Proration'!K48 -> 0 | Y48: =$E48*X48 -> 0 | Z48: =+Y48+Z47 -> 0 | AA48: 0 | AB48: =AA48-X48 -> 0 | AC48: =IF(AB48>=0,+AB48*E48,0) -> 0 | AD48: =IF(AC48>0,0,IF(AA48<0,0,(-(AB48)*($E48)))) -> 0 | AE48: =IF(AC48>0,0,IF(AA48>0,0,(-(AB48)*($E48)))) -> 0 | AF48: =+AF47+Y48+AC48-AD48-AE48 -> 0
A49: =+A48+1 -> 37 | B49: Increment | C49: August | D49: =D33 -> 2027 | E49: =123/365 -> 0.3369863 | F49: ='6b-ADIT Projection Proration'!G49 -> -737.25 | G49: =$E49*F49 -> -248.44315 | H49: =+G49+H48 -> -74148.568 | I49: 0 | J49: =I49-F49 -> 737.25 | K49: =IF(J49>=0,+J49*0.5,0) -> 368.625 | L49: =IF(K49>0,0,IF(I49<0,0,(-(J49)*0.5))) -> 0 | M49: =IF(K49>0,0,IF(I49>0,0,(-(J49)*0.5))) -> 0 | N49: =+N48+G49+K49-L49-M49 -> -769.56781 | O49: ='6b-ADIT Projection Proration'!I49 -> 0 | P49: =$E49*O49 -> 0 | Q49: =+P49+Q48 -> 0 | R49: 0 | S49: =R49-O49 -> 0 | T49: =IF(S49>=0,+S49*E49,0) -> 0 | U49: =IF(T49>0,0,IF(R49<0,0,(-(S49)*($E49)))) -> 0 | V49: =IF(T49>0,0,IF(R49>0,0,(-(S49)*($E49)))) -> 0 | W49: =+W48+P49+T49-U49-V49 -> 0 | X49: ='6b-ADIT Projection Proration'!K49 -> 0 | Y49: =$E49*X49 -> 0 | Z49: =+Y49+Z48 -> 0 | AA49: 0 | AB49: =AA49-X49 -> 0 | AC49: =IF(AB49>=0,+AB49*E49,0) -> 0 | AD49: =IF(AC49>0,0,IF(AA49<0,0,(-(AB49)*($E49)))) -> 0 | AE49: =IF(AC49>0,0,IF(AA49>0,0,(-(AB49)*($E49)))) -> 0 | AF49: =+AF48+Y49+AC49-AD49-AE49 -> 0
A50: =+A49+1 -> 38 | B50: Increment | C50: September | D50: =D34 -> 2027 | E50: =93/365 -> 0.25479452 | F50: ='6b-ADIT Projection Proration'!G50 -> -737.25 | G50: =$E50*F50 -> -187.84726 | H50: =+G50+H49 -> -74336.415 | I50: 0 | J50: =I50-F50 -> 737.25 | K50: =IF(J50>=0,+J50*0.5,0) -> 368.625 | L50: =IF(K50>0,0,IF(I50<0,0,(-(J50)*0.5))) -> 0 | M50: =IF(K50>0,0,IF(I50>0,0,(-(J50)*0.5))) -> 0 | N50: =+N49+G50+K50-L50-M50 -> -588.79007 | O50: ='6b-ADIT Projection Proration'!I50 -> 0 | P50: =$E50*O50 -> 0 | Q50: =+P50+Q49 -> 0 | R50: 0 | S50: =R50-O50 -> 0 | T50: =IF(S50>=0,+S50*E50,0) -> 0 | U50: =IF(T50>0,0,IF(R50<0,0,(-(S50)*($E50)))) -> 0 | V50: =IF(T50>0,0,IF(R50>0,0,(-(S50)*($E50)))) -> 0 | W50: =+W49+P50+T50-U50-V50 -> 0 | X50: ='6b-ADIT Projection Proration'!K50 -> 0 | Y50: =$E50*X50 -> 0 | Z50: =+Y50+Z49 -> 0 | AA50: 0 | AB50: =AA50-X50 -> 0 | AC50: =IF(AB50>=0,+AB50*E50,0) -> 0 | AD50: =IF(AC50>0,0,IF(AA50<0,0,(-(AB50)*($E50)))) -> 0 | AE50: =IF(AC50>0,0,IF(AA50>0,0,(-(AB50)*($E50)))) -> 0 | AF50: =+AF49+Y50+AC50-AD50-AE50 -> 0
A51: =+A50+1 -> 39 | B51: Increment | C51: October | D51: =D35 -> 2027 | E51: =62/365 -> 0.16986301 | F51: ='6b-ADIT Projection Proration'!G51 -> -737.25 | G51: =$E51*F51 -> -125.23151 | H51: =+G51+H50 -> -74461.647 | I51: 0 | J51: =I51-F51 -> 737.25 | K51: =IF(J51>=0,+J51*0.5,0) -> 368.625 | L51: =IF(K51>0,0,IF(I51<0,0,(-(J51)*0.5))) -> 0 | M51: =IF(K51>0,0,IF(I51>0,0,(-(J51)*0.5))) -> 0 | N51: =+N50+G51+K51-L51-M51 -> -345.39658 | O51: ='6b-ADIT Projection Proration'!I51 -> 0 | P51: =$E51*O51 -> 0 | Q51: =+P51+Q50 -> 0 | R51: 0 | S51: =R51-O51 -> 0 | T51: =IF(S51>=0,+S51*E51,0) -> 0 | U51: =IF(T51>0,0,IF(R51<0,0,(-(S51)*($E51)))) -> 0 | V51: =IF(T51>0,0,IF(R51>0,0,(-(S51)*($E51)))) -> 0 | W51: =+W50+P51+T51-U51-V51 -> 0 | X51: ='6b-ADIT Projection Proration'!K51 -> 0 | Y51: =$E51*X51 -> 0 | Z51: =+Y51+Z50 -> 0 | AA51: 0 | AB51: =AA51-X51 -> 0 | AC51: =IF(AB51>=0,+AB51*E51,0) -> 0 | AD51: =IF(AC51>0,0,IF(AA51<0,0,(-(AB51)*($E51)))) -> 0 | AE51: =IF(AC51>0,0,IF(AA51>0,0,(-(AB51)*($E51)))) -> 0 | AF51: =+AF50+Y51+AC51-AD51-AE51 -> 0
A52: =+A51+1 -> 40 | B52: Increment | C52: November | D52: =D36 -> 2027 | E52: =32/365 -> 0.087671233 | F52: ='6b-ADIT Projection Proration'!G52 -> -737.25 | G52: =$E52*F52 -> -64.635616 | H52: =+G52+H51 -> -74526.282 | I52: 0 | J52: =I52-F52 -> 737.25 | K52: =IF(J52>=0,+J52*0.5,0) -> 368.625 | L52: =IF(K52>0,0,IF(I52<0,0,(-(J52)*0.5))) -> 0 | M52: =IF(K52>0,0,IF(I52>0,0,(-(J52)*0.5))) -> 0 | N52: =+N51+G52+K52-L52-M52 -> -41.407192 | O52: ='6b-ADIT Projection Proration'!I52 -> 0 | P52: =$E52*O52 -> 0 | Q52: =+P52+Q51 -> 0 | R52: 0 | S52: =R52-O52 -> 0 | T52: =IF(S52>=0,+S52*E52,0) -> 0 | U52: =IF(T52>0,0,IF(R52<0,0,(-(S52)*($E52)))) -> 0 | V52: =IF(T52>0,0,IF(R52>0,0,(-(S52)*($E52)))) -> 0 | W52: =+W51+P52+T52-U52-V52 -> 0 | X52: ='6b-ADIT Projection Proration'!K52 -> 0 | Y52: =$E52*X52 -> 0 | Z52: =+Y52+Z51 -> 0 | AA52: 0 | AB52: =AA52-X52 -> 0 | AC52: =IF(AB52>=0,+AB52*E52,0) -> 0 | AD52: =IF(AC52>0,0,IF(AA52<0,0,(-(AB52)*($E52)))) -> 0 | AE52: =IF(AC52>0,0,IF(AA52>0,0,(-(AB52)*($E52)))) -> 0 | AF52: =+AF51+Y52+AC52-AD52-AE52 -> 0
A53: =+A52+1 -> 41 | B53: Increment | C53: December | D53: =D37 -> 2027 | E53: =1/365 -> 0.002739726 | F53: ='6b-ADIT Projection Proration'!G53 -> -737.25 | G53: =$E53*F53 -> -2.019863 | H53: =+G53+H52 -> -74528.302 | I53: 0 | J53: =I53-F53 -> 737.25 | K53: =IF(J53>=0,+J53*0.5,0) -> 368.625 | L53: =IF(K53>0,0,IF(I53<0,0,(-(J53)*0.5))) -> 0 | M53: =IF(K53>0,0,IF(I53>0,0,(-(J53)*0.5))) -> 0 | N53: =+N52+G53+K53-L53-M53 -> 325.19795 | O53: ='6b-ADIT Projection Proration'!I53 -> 0 | P53: =$E53*O53 -> 0 | Q53: =+P53+Q52 -> 0 | R53: 0 | S53: =R53-O53 -> 0 | T53: =IF(S53>=0,+S53*E53,0) -> 0 | U53: =IF(T53>0,0,IF(R53<0,0,(-(S53)*($E53)))) -> 0 | V53: =IF(T53>0,0,IF(R53>0,0,(-(S53)*($E53)))) -> 0 | W53: =+W52+P53+T53-U53-V53 -> 0 | X53: ='6b-ADIT Projection Proration'!K53 -> 0 | Y53: =$E53*X53 -> 0 | Z53: =+Y53+Z52 -> 0 | AA53: 0 | AB53: =AA53-X53 -> 0 | AC53: =IF(AB53>=0,+AB53*E53,0) -> 0 | AD53: =IF(AC53>0,0,IF(AA53<0,0,(-(AB53)*($E53)))) -> 0 | AE53: =IF(AC53>0,0,IF(AA53>0,0,(-(AB53)*($E53)))) -> 0 | AF53: =+AF52+Y53+AC53-AD53-AE53 -> 0
A54: =+A53+1 -> 42 | B54: ADIT 190-Prorated EOY Balance | F54: =SUM(F41:F53) -> -8847 | G54: =SUM(G41:G53) -> -4098.3021 | I54: =SUM(I41:I53) -> 0 | J54: =SUM(J41:J53) -> 8847 | K54: =SUM(K41:K53) -> 4423.5 | L54: =SUM(L41:L53) -> 0 | M54: =SUM(M41:M53) -> 0 | O54: =SUM(O41:O53) -> 0 | P54: =SUM(P41:P53) -> 0 | R54: =SUM(R41:R53) -> 0 | S54: =SUM(S41:S53) -> 0 | T54: =SUM(T41:T53) -> 0 | U54: =SUM(U41:U53) -> 0 | V54: =SUM(V41:V53) -> 0 | X54: =SUM(X41:X53) -> 0 | Y54: =SUM(Y41:Y53) -> 0 | AA54: =SUM(AA41:AA53) -> 0 | AB54: =SUM(AB41:AB53) -> 0 | AC54: =SUM(AC41:AC53) -> 0 | AD54: =SUM(AD41:AD53) -> 0 | AE54: =SUM(AE41:AE53) -> 0
A57: Note 1 | B57: Uses a 365 day calendar year.
A58: Note 2 | B58: Projected end of year ADIT must be based on solely on enacted tax law. No assumptions for future estimated changes in tax law may be forecasted.
A59: A | B59: Substantial portion, if not all, of the ADIT-282 balance is subject to proration. Explanation must be provided for any portion of balance not subject to proration.
A60: B | B60: Only amounts in ADIT-283 relating to Depreciation, if applicable, are subject to proration. See Line 44 in Attach 4c and 4d.
A61: C | B61: Only amounts in ADIT-190 related to NOL carryforwards, if applicable, are subject to proration. See Line 18 in Attach 4c and 4d.

Sheet 7- Depreciation Rates
C2: Attachment 7 - Depreciation and Amortization Rates
C3: =+'Appendix III'!E7 -> GridLiance West LLC (GLW)
A6: FERC ACCOUNT | C6: DESCRIPTION | F6: RATE PERCENT
A8: TRANSMISSION
A9: 350 | C9: Land Rights (Note 3) | F9: N/A
A10: 352 | C10: Structures and Improvements | F10: 0.015397
A11: 353 | C11: Station Equipment | F11: 0.020285
A12: 354 | C12: Towers and Fixtures | F12: 0.018847 | H12: 0.02 | I12: transmission lines
A13: 355 | C13: Poles and Fixtures | F13: 0.021496 | H13: 0.0278 | I13: substations
A14: 356 | C14: Overhead Conductors & Devices | F14: 0.020973
A15: 357 | C15: Underground Conduit | F15: 0.013665
A16: 358 | C16: Underground Conductors & Devices | F16: 0.018416
A17: 359 | C17: Roads and Trails | F17: 0.014256
A19: GENERAL AND INTANGIBLE
A20: 302 | C20: Franchises and Consents (Note 3) | F20: N/A
A21: 303 | C21: Intangible Plant - 5 Year | F21: 0.2
A22: 390 | C22: Structures and Improvements | F22: 0.021194
A23: 391 | C23: Office Furniture and Equipment | F23: 0.050671
A24: 391 | C24: Network Equipment | F24: 0.25
A25: 392 | C25: Transportation Equipment - Auto | F25: 0.109667
A26: 392 | C26: Transportation Equipment - Light Truck | F26: 0.084139
A27: 392 | C27: Transportation Equipment - Trailers | F27: 0.069486
A28: 392 | C28: Transportation Equipment - Heavy Trucks | F28: 0.072364
A29: 393 | C29: Stores Equipment | F29: 0.05
A30: 394 | C30: Tools, Shop and Garage Equipment | F30: 0.066672
A31: 395 | C31: Laboratory Equipment | F31: 0.1
A32: 396 | C32: Power Operated Equipment | F32: 0.084139
... A34: 398 | C34: Miscellaneous Equipment | F34: 0.066672
C35: Transmission facility Contributions in Aid of Construction | F35: Note 1
A36: Note 1: In the event a Contribution in Aid of Construction (CIAC) is made for a transmission facility, the transmission depreciation rates above will be weighted based on the relative amount of underlying plant booked to the accounts shown in lines 1-10 above, and the resultant weighted average depreciation rate will be used to determine the life over which to amortize the CIAC. The life of each facility subject to a CIAC will be estimated in this manner at the time the plant is placed into service, and will not change over the life of the CIAC without FERC approval. The combined amortization expense for all CIACs shall be the sum of each individual CIAC balance amortized over the life of each individual CIAC established in this manner.
A40: Note 2: GWT's depreciation and amortization rates may not be changed absent a section 205 or 206 filing
A41: Note 3: Electric Intangible Franchises and Transmission Land Rights are amortized over the life of the franchise agreement or land right.

Sheet 8 - Future Use
A1: Attachment 8 - Land Held for Future Use | F1: Attachment 8 - Land Held for Future Use
A2: =+'7- Depreciation Rates'!C3 -> GridLiance West LLC (GLW) | F2: =+A2 -> GridLiance West LLC (GLW)
B4: (a) | C4: (b) | D4: (c) | E4: (d) | F4: (e) | G4: (f) | H4: (g) | I4: (h) | J4: (i) | K4: (j) | L4: (k) | M4: (l) | N4: (m) | O4: (n) | P4: (o) | Q4: (p) | R4: (q)
A5: No. | B5: FERC Subaccount No. | C5: Item Name | D5: Land Held for Future Use | E5: Average of Columns (e) Through (q) | F5: Dec. 31 | G5: Jan. 31 | H5: Feb. 28/29 | I5: Mar. 31 | J5: Apr. 30 | K5: May 31 | L5: Apr 30 | M5: Jul. 31 | N5: Aug. 31 | O5: Sept. 30 | P5: Oct. 31 | Q5: Nov. 30 | R5: Dec. 31
F6: =YEAR(EDATE('Appendix III'!$N$7,-12)) -> 2026 | G6: =YEAR('Appendix III'!$N$7) -> 2027 | H6: =G6 -> 2027 | I6: =H6 -> 2027 | J6: =I6 -> 2027 | K6: =J6 -> 2027 | L6: =K6 -> 2027 | M6: =L6 -> 2027 | N6: =M6 -> 2027 | O6: =N6 -> 2027 | ... R6: =Q6 -> 2027
A7: 1a | E7: =IFERROR(SUM(F7:R7)/13,0) -> 0
A8: 1b | E8: =IFERROR(SUM(F8:R8)/13,0) -> 0
A9: 1c | E9: =IFERROR(SUM(F9:R9)/13,0) -> 0
A10: … | E10: =IFERROR(SUM(F10:R10)/13,0) -> 0
A11: … | E11: =IFERROR(SUM(F11:R11)/13,0) -> 0
A12: … | E12: =IFERROR(SUM(F12:R12)/13,0) -> 0
A13: … | E13: =IFERROR(SUM(F13:R13)/13,0) -> 0
A14: … | E14: =IFERROR(SUM(F14:R14)/13,0) -> 0
A15: … | E15: =IFERROR(SUM(F15:R15)/13,0) -> 0
A16: 1x | E16: =IFERROR(SUM(F16:R16)/13,0) -> 0
A17: 2 | D17: Total Land Held for Future Use in rate base: | E17: =SUM(E7:E16) -> 0
F18: General note: Source of monthly balance data on this page is company records and only Land Held for Future Use that is included in transmission
G19: specific plans may be included on this attachment.

Sheet 9 - Reg. Assets and Abnd Plnt
A1: Attachment 9 - Regulatory Assets and Abandoned Plant | M1: Attachment 9 - Regulatory Assets and Abandoned Plant | Z1: Attachment 9 - Regulatory Assets and Abandoned Plant
A2: =+'8 - Future Use'!A2 -> GridLiance West LLC (GLW) | M2: =+A2 -> GridLiance West LLC (GLW) | Z2: =+M2 -> GridLiance West LLC (GLW)
A3: Regulatory Asset | M3: Regulatory Asset | Z3: Regulatory Asset
C4: (a) | D4: (b) | F4: (c) | H4: (d) | J4: (e) | L4: (f) | M4: (g) | N4: (h) | O4: (i) | P4: (j) | Q4: (k) | R4: (l) | S4: (m) | T4: (n) | U4: (o) | V4: (p) | W4: (q) | X4: (r) | Y4: (s) | Z4: (t) | AB4: (u) | AD4: (v) | AF4: (w) | AH4: (x)
A5: No. | C5: Project Name | D5: Recovery Amount Approved (1) | E5: ÷ | F5: Recovery Period (Months) (1) | G5: = | H5: Monthly Amort. Expense (col b/ col c) | I5: × | J5: Amort. Periods This Year | K5: = | L5: Current Year Amort Expense (col d * col e) | M5: Dec. 31 | N5: Jan. 31 | O5: Feb. 28/29 | P5: Mar. 31 | Q5: Apr. 30 | R5: May 31 | S5: Jun. 30 | T5: Jul. 31 | U5: Aug. 31 | V5: Sept. 30 | W5: Oct. 31 | X5: Nov. 30 | Y5: Dec. 31 | Z5: Average Unamortized Balance (2) (sum col g to s / 13) | AA5: × | AB5: Allocable to Formula Rate (1) | AC5: = | AD5: Rate Base Balance (col t * col u) | AF5: Internal ID or Code | AH5: Docket No.
M6: =YEAR(EDATE('Appendix III'!$N$7,-12)) -> 2026 | N6: =YEAR('Appendix III'!$N$7) -> 2027 | O6: =YEAR('Appendix III'!$N$7) -> 2027 | P6: =YEAR('Appendix III'!$N$7) -> 2027 | Q6: =YEAR('Appendix III'!$N$7) -> 2027 | R6: =YEAR('Appendix III'!$N$7) -> 2027 | S6: =YEAR('Appendix III'!$N$7) -> 2027 | T6: =YEAR('Appendix III'!$N$7) -> 2027 | U6: =YEAR('Appendix III'!$N$7) -> 2027 | ... Y6: =YEAR('Appendix III'!$N$7) -> 2027
A7: 1 | C7: Start-Up | D7: 20335133 | F7: =10*12 -> 120 | H7: =IFERROR(D7/F7,0) -> 169459.44 | J7: 12 | L7: =IFERROR(H7*J7,0) -> 2033513.3 | M7: 4067026.6 | N7: =+M7-($L$7/12) -> 3897567.1 | O7: =+N7-($L$7/12) -> 3728107.7 | P7: =+O7-($L$7/12) -> 3558648.2 | Q7: =+P7-($L$7/12) -> 3389188.8 | R7: =+Q7-($L$7/12) -> 3219729.4 | S7: =+R7-($L$7/12) -> 3050269.9 | T7: =+S7-($L$7/12) -> 2880810.5 | U7: =+T7-($L$7/12) -> 2711351 | ... Y7: =+X7-($L$7/12) -> 2033513.3 | Z7: =SUM(M7:Y7)/13 -> 3050269.9 | AB7: 1 | AD7: =Z7*AB7 -> 3050269.9 | AH7: ER19-191-000
A8: =+A7+1 -> 2 | H8: =IFERROR(D8/F8,0) -> 0 | L8: =IFERROR(H8*J8,0) -> 0 | Z8: =SUM(M8:Y8)/13 -> 0 | AD8: =Z8*AB8 -> 0
A9: =+A8+1 -> 3 | H9: =IFERROR(D9/F9,0) -> 0 | L9: =IFERROR(H9*J9,0) -> 0 | Z9: =SUM(M9:Y9)/13 -> 0 | AD9: =Z9*AB9 -> 0
A10: =+A9+1 -> 4 | H10: =IFERROR(D10/F10,0) -> 0 | L10: =IFERROR(H10*J10,0) -> 0 | Z10: =SUM(M10:Y10)/13 -> 0 | AD10: =Z10*AB10 -> 0
A11: =+A10+1 -> 5 | H11: =IFERROR(D11/F11,0) -> 0 | L11: =IFERROR(H11*J11,0) -> 0 | Z11: =SUM(M11:Y11)/13 -> 0 | AD11: =Z11*AB11 -> 0
A12: =+A11+1 -> 6 | H12: =IFERROR(D12/F12,0) -> 0 | L12: =IFERROR(H12*J12,0) -> 0 | Z12: =SUM(M12:Y12)/13 -> 0 | AD12: =Z12*AB12 -> 0
A13: =+A12+1 -> 7 | H13: =IFERROR(D13/F13,0) -> 0 | L13: =IFERROR(H13*J13,0) -> 0 | Z13: =SUM(M13:Y13)/13 -> 0 | AD13: =Z13*AB13 -> 0
A14: =+A13+1 -> 8 | H14: =IFERROR(D14/F14,0) -> 0 | L14: =IFERROR(H14*J14,0) -> 0 | Z14: =SUM(M14:Y14)/13 -> 0 | AD14: =Z14*AB14 -> 0
A15: =+A14+1 -> 9 | H15: =IFERROR(D15/F15,0) -> 0 | L15: =IFERROR(H15*J15,0) -> 0 | Z15: =SUM(M15:Y15)/13 -> 0 | AD15: =Z15*AB15 -> 0
A16: =+A15+1 -> 10 | H16: =IFERROR(D16/F16,0) -> 0 | L16: =IFERROR(H16*J16,0) -> 0 | Z16: =SUM(M16:Y16)/13 -> 0 | AD16: =Z16*AB16 -> 0
A17: =+A16+1 -> 11 | H17: =IFERROR(D17/F17,0) -> 0 | L17: =IFERROR(H17*J17,0) -> 0 | Z17: =SUM(M17:Y17)/13 -> 0 | AD17: =Z17*AB17 -> 0
A18: =+A17+1 -> 12 | H18: =IFERROR(D18/F18,0) -> 0 | L18: =IFERROR(H18*J18,0) -> 0 | Z18: =SUM(M18:Y18)/13 -> 0 | AD18: =Z18*AB18 -> 0
A19: =+A18+1 -> 13 | H19: =IFERROR(D19/F19,0) -> 0 | L19: =IFERROR(H19*J19,0) -> 0 | Z19: =SUM(M19:Y19)/13 -> 0 | AD19: =Z19*AB19 -> 0
... A56: =+A55+1 -> 50 | H56: =IFERROR(D56/F56,0) -> 0 | L56: =IFERROR(H56*J56,0) -> 0 | Z56: =SUM(M56:Y56)/13 -> 0 | AD56: =Z56*AB56 -> 0
A57: 51 | B57: Total Regulatory Asset Amortization Expense: | L57: =SUM(L7:L56) -> 2033513.3 | O57: General Note: The source for monthly balance data on this page are company records. Amounts shown are total amounts. | Z57: Total Regulatory Assets in Rate Base: | AD57: =SUM(AD7:AD56) -> 3050269.9
C59: NOTES: | AA59: Notes:
B60: (1) | C60: Non-zero values in this column may only be established and changed subject to Commission direction or approval pursuant to an appropriate §205, §206, or §219 filing. Amounts are booked to Account 566 | Z60: (2) | AA60: Average balance calculated as [sum of columns (g) through (s)] ÷13.
M65: Abandoned Plant | Z65: =+M65 -> Abandoned Plant
A66: Abandoned Plant
C67: (a) | D67: (b) | F67: (c) | H67: (d) | J67: (e) | L67: (f) | M67: (g) | N67: (h) | O67: (i) | P67: (j) | Q67: (k) | R67: (l) | S67: (m) | T67: (n) | U67: (o) | V67: (p) | W67: (q) | X67: (r) | Y67: (s) | Z67: (t) | AB67: (u) | AD67: (v) | AF67: (w) | AH67: (x)
A68: No. | C68: Project Name | D68: Recovery Amount Approved (1) | E68: ÷ | F68: Recovery Period (Months) (1) | G68: = | H68: Monthly Amort. Expense (col b/ col c) | I68: × | J68: Amort. Periods This Year | K68: = | L68: Current Year Amort Expense (col d * col e) | M68: Dec. 31 | N68: Jan. 31 | O68: Feb. 28/29 | P68: Mar. 31 | Q68: Apr. 30 | R68: May 31 | S68: Jun. 30 | T68: Jul. 31 | U68: Aug. 31 | V68: Sept. 30 | W68: Oct. 31 | X68: Nov. 30 | Y68: Dec. 31 | Z68: Average Unamortized Balance (2) (sum col g to s / 13) | AA68: × | AB68: Allocable to Formula Rate | AC68: = | AD68: Rate Base Balance (col t * col u) | AF68: Internal ID or Code | AH68: Docket No.
M69: 2024 | N69: 2025 | O69: 2025 | P69: 2025 | Q69: 2025 | R69: 2025 | S69: 2025 | T69: 2025 | U69: 2025 | V69: 2025 | W69: 2025 | X69: 2025 | Y69: 2025
A70: 52 | C70: Pre-Commercial | H70: =IFERROR(D70/F70,0) -> 0 | L70: =IFERROR(H70*J70,0) -> 0 | Z70: =SUM(M70:Y70)/13 -> 0 | AD70: =Z70*AB70 -> 0
A71: 53 | H71: =IFERROR(D71/F71,0) -> 0 | L71: =IFERROR(H71*J71,0) -> 0 | Z71: =SUM(M71:Y71)/13 -> 0 | AD71: =Z71*AB71 -> 0
A72: 54 | H72: =IFERROR(D72/F72,0) -> 0 | L72: =IFERROR(H72*J72,0) -> 0 | Z72: =SUM(M72:Y72)/13 -> 0 | AD72: =Z72*AB72 -> 0
A73: 55 | H73: =IFERROR(D73/F73,0) -> 0 | L73: =IFERROR(H73*J73,0) -> 0 | Z73: =SUM(M73:Y73)/13 -> 0 | AD73: =Z73*AB73 -> 0
A74: 56 | H74: =IFERROR(D74/F74,0) -> 0 | L74: =IFERROR(H74*J74,0) -> 0 | Z74: =SUM(M74:Y74)/13 -> 0 | AD74: =Z74*AB74 -> 0
A75: 57 | H75: =IFERROR(D75/F75,0) -> 0 | L75: =IFERROR(H75*J75,0) -> 0 | Z75: =SUM(M75:Y75)/13 -> 0 | AD75: =Z75*AB75 -> 0
A76: 58 | H76: =IFERROR(D76/F76,0) -> 0 | L76: =IFERROR(H76*J76,0) -> 0 | Z76: =SUM(M76:Y76)/13 -> 0 | AD76: =Z76*AB76 -> 0
A77: 59 | H77: =IFERROR(D77/F77,0) -> 0 | L77: =IFERROR(H77*J77,0) -> 0 | Z77: =SUM(M77:Y77)/13 -> 0 | AD77: =Z77*AB77 -> 0
A78: 60 | H78: =IFERROR(D78/F78,0) -> 0 | L78: =IFERROR(H78*J78,0) -> 0 | Z78: =SUM(M78:Y78)/13 -> 0 | AD78: =Z78*AB78 -> 0
A79: 61 | H79: =IFERROR(D79/F79,0) -> 0 | L79: =IFERROR(H79*J79,0) -> 0 | Z79: =SUM(M79:Y79)/13 -> 0 | AD79: =Z79*AB79 -> 0
A80: 62 | B80: Total Abandoned Plant Amortization Expense: | L80: =SUM(L70:L79) -> 0 | O80: General Note: The source for monthly balance data on this page are company records. Amounts shown are total amounts. | Z80: Total Abandoned Plant in Rate Base: | AD80: =SUM(AD70:AD79) -> 0
C82: NOTES: | Z82: Notes:
B83: (1) | C83: Non-zero values in this column may only be established and changed subject to Commission direction or approval pursuant to an appropriate §205, §206, or §219 filing. | Z83: (2) | AA83: Average balance calculated as [sum of columns (h) through (t)] ÷13.

Sheet 10 - Unfunded Reserves
A1: Attachment 10 - Unfunded Reserves | L1: Attachment 10 - Unfunded Reserves
A2: =+'9 - Reg. Assets and Abnd Plnt'!A2 -> GridLiance West LLC (GLW) | L2: =+A2 -> GridLiance West LLC (GLW)
B4: (a) | C4: (b) | D4: (c) | E4: (d) | F4: (e) | G4: (f) | H4: (g) | I4: (h) | J4: (i) | K4: (j) | L4: (k) | M4: (l) | N4: (m) | O4: (n) | P4: (o) | Q4: (p) | S4: (q) | U4: (r) | W4: (s)
A5: No. | B5: Subaccount No. (1) | C5: Item Description | D5: Dec. 31 | E5: Jan. 31 | F5: Feb. 28/29 | G5: Mar. 31 | H5: Apr. 30 | I5: May 31 | J5: Jun. 30 | K5: Jul. 31 | L5: Aug 31 | M5: Sept. 30 | N5: Oct. 31 | O5: Nov. 30 | P5: Dec. 31 | Q5: Average of Columns (c) Through (o) | R5: × | S5: % Customer Funded | T5: × | U5: % Non-Restricted | V5: = | W5: Balance in Rate Base (column (p) * column (q) * column (r))
D6: ='9 - Reg. Assets and Abnd Plnt'!M6 -> 2026 | E6: ='9 - Reg. Assets and Abnd Plnt'!N6 -> 2027 | F6: ='9 - Reg. Assets and Abnd Plnt'!O6 -> 2027 | G6: ='9 - Reg. Assets and Abnd Plnt'!P6 -> 2027 | H6: ='9 - Reg. Assets and Abnd Plnt'!Q6 -> 2027 | I6: ='9 - Reg. Assets and Abnd Plnt'!R6 -> 2027 | J6: ='9 - Reg. Assets and Abnd Plnt'!S6 -> 2027 | K6: ='9 - Reg. Assets and Abnd Plnt'!T6 -> 2027 | ... P6: ='9 - Reg. Assets and Abnd Plnt'!Y6 -> 2027
A7: 1a | Q7: =IFERROR(SUM(D7:P7)/13,0) -> 0 | W7: =Q7*S7*U7 -> 0
A8: 1b | Q8: =IFERROR(SUM(D8:P8)/13,0) -> 0 | W8: =Q8*S8*U8 -> 0
A9: 1c | Q9: =IFERROR(SUM(D9:P9)/13,0) -> 0 | W9: =Q9*S9*U9 -> 0
A10: … | Q10: =IFERROR(SUM(D10:P10)/13,0) -> 0 | W10: =Q10*S10*U10 -> 0
A11: … | Q11: =IFERROR(SUM(D11:P11)/13,0) -> 0 | W11: =Q11*S11*U11 -> 0
A12: … | Q12: =IFERROR(SUM(D12:P12)/13,0) -> 0 | W12: =Q12*S12*U12 -> 0
A13: … | Q13: =IFERROR(SUM(D13:P13)/13,0) -> 0 | W13: =Q13*S13*U13 -> 0
A14: … | Q14: =IFERROR(SUM(D14:P14)/13,0) -> 0 | W14: =Q14*S14*U14 -> 0
A15: … | Q15: =IFERROR(SUM(D15:P15)/13,0) -> 0 | W15: =Q15*S15*U15 -> 0
A16: … | Q16: =IFERROR(SUM(D16:P16)/13,0) -> 0 | W16: =Q16*S16*U16 -> 0
A17: … | Q17: =IFERROR(SUM(D17:P17)/13,0) -> 0 | W17: =Q17*S17*U17 -> 0
A18: … | Q18: =IFERROR(SUM(D18:P18)/13,0) -> 0 | W18: =Q18*S18*U18 -> 0
... A31: 1x | Q31: =IFERROR(SUM(D31:P31)/13,0) -> 0 | W31: =Q31*S31*U31 -> 0
A32: 2 | N32: Total Company-Wide Reserves: | Q32: =SUM(Q7:Q31) -> 0 | S32: Total Unfunded Reserves in Rate Base: | W32: =SUM(W7:W31) -> 0
C33: Notes:
B34: (1) | C34: GWT must list ALL unfunded reserves on its books by subaccount, specifically including (but not limited to) all subaccounts for FERC Account Nos. 228.1 through 228.4, in addition to unfunded reserves for Accrued Vacation Payable, Accrued Sick Payable, Accrued Severance Payable, and Accrued Deferred Payroll Payable, that may be recorded in FERC Account Nos. 232 and 242. "Unfunded reserve" is defined as an accrued balance (1) created and increased by debiting an expense which is included in this formula rate (2) in advance of an anticipated expenditure related to that expense (3) that is not deposited in a restricted account (e.g., set aside in an escrow account) with the earnings thereon retained within that account. Where a given reserve is only partially funded through accruals collected from customers, only the balance funded by customer collections shall serve as a rate base credit. Amounts related to SFAS 109 and 158 shall not be included as unfunded reserves. The source of monthly balance data is company records.

Sheet 11 - CWIP
B1: Attachment 11 - CWIP in Rate Base | H1: Attachment 11 - CWIP in Rate Base | U1: Attachment 11 - CWIP in Rate Base
B2: =+'10 - Unfunded Reserves'!A2 -> GridLiance West LLC (GLW) | H2: =+B2 -> GridLiance West LLC (GLW) | U2: =+H2 -> GridLiance West LLC (GLW)
C4: (a) | D4: (b) | E4: (c) | F4: (d) | G4: (e) | H4: (f) | I4: (g) | J4: (h) | K4: (i) | L4: (j) | M4: (k) | N4: (l) | O4: (m) | P4: (n) | Q4: (o) | R4: (p) | S4: (q) | T4: (r) | U4: (s) | W4: (t) | Y4: (u)
A5: No. | C5: Project Name | D5: Job ID | E5: Construction Start Date | F5: Estimated In-Service Date | G5: Approval Docket No. | H5: Dec. 31 | I5: Jan. 31 | J5: Feb. 28/29 | K5: Mar. 31 | L5: Apr 30 | M5: May 31 | N5: Jun. 30 | O5: Jul. 31 | P5: Aug. 31 | Q5: Sept. 30 | R5: Oct. 31 | S5: Nov. 30 | T5: Dec. 31 | U5: Average Balance of Columns (f) through (r) | V5: × | W5: % Approved for Recovery (1) | X5: = | Y5: Rate Base Amount (column (s) *column (t))
E6: Construction Start Date | H6: ='10 - Unfunded Reserves'!D6 -> 2026 | I6: ='10 - Unfunded Reserves'!E6 -> 2027 | J6: ='10 - Unfunded Reserves'!F6 -> 2027 | K6: ='10 - Unfunded Reserves'!G6 -> 2027 | L6: ='10 - Unfunded Reserves'!H6 -> 2027 | M6: ='10 - Unfunded Reserves'!I6 -> 2027 | N6: ='10 - Unfunded Reserves'!J6 -> 2027 | O6: ='10 - Unfunded Reserves'!K6 -> 2027 | ... T6: ='10 - Unfunded Reserves'!P6 -> 2027
A7: 1 | C7: GLW/VEA Area Upgrades | F7: 46934 | G7: ER24-1865-000 | H7: 8.6770528e+08 | I7: 9.1491317e+08 | J7: 9.651648e+08 | K7: 1.0080012e+09 | L7: 1.0440714e+09 | M7: 1.0692324e+09 | N7: 1.0894174e+09 | O7: 1.1083365e+09 | P7: 1.1284984e+09 | Q7: 1.1515015e+09 | R7: 1.1763911e+09 | S7: 1.2065521e+09 | T7: 3.6055121e+08 | U7: =SUM(H7:T7)/13 -> 1.006949e+09 | W7: 1 | Y7: =U7*W7 -> 1.006949e+09
A8: 2 | C8: 0 | F8: 0 | G8: 0 | H8: 0 | I8: 0 | J8: 0 | K8: 0 | L8: 0 | M8: 0 | N8: 0 | O8: 0 | P8: 0 | Q8: 0 | R8: 0 | S8: 0 | T8: 0 | U8: =SUM(H8:T8)/13 -> 0 | W8: 0 | Y8: =U8*W8 -> 0
A9: 3 | C9: 0 | F9: 0 | G9: 0 | H9: 0 | I9: 0 | J9: 0 | K9: 0 | L9: 0 | M9: 0 | N9: 0 | O9: 0 | P9: 0 | Q9: 0 | R9: 0 | S9: 0 | T9: 0 | U9: =SUM(H9:T9)/13 -> 0 | W9: 0 | Y9: =U9*W9 -> 0
A10: 4 | C10: 0 | F10: 0 | G10: 0 | H10: 0 | I10: 0 | J10: 0 | K10: 0 | L10: 0 | M10: 0 | N10: 0 | O10: 0 | P10: 0 | Q10: 0 | R10: 0 | S10: 0 | T10: 0 | U10: =SUM(H10:T10)/13 -> 0 | W10: 0 | Y10: =U10*W10 -> 0
A11: 5 | C11: 0 | F11: 0 | G11: 0 | H11: 0 | I11: 0 | J11: 0 | K11: 0 | L11: 0 | M11: 0 | N11: 0 | O11: 0 | P11: 0 | Q11: 0 | R11: 0 | S11: 0 | T11: 0 | U11: =SUM(H11:T11)/13 -> 0 | W11: 0 | Y11: =U11*W11 -> 0
A12: 6 | U12: =SUM(H12:T12)/13 -> 0 | Y12: =U12*W12 -> 0
A13: 7 | U13: =SUM(H13:T13)/13 -> 0 | Y13: =U13*W13 -> 0
A14: 8 | U14: =SUM(H14:T14)/13 -> 0 | Y14: =U14*W14 -> 0
A15: 9 | U15: =SUM(H15:T15)/13 -> 0 | Y15: =U15*W15 -> 0
A16: 10 | U16: =SUM(H16:T16)/13 -> 0 | Y16: =U16*W16 -> 0
A17: 11 | U17: =SUM(H17:T17)/13 -> 0 | Y17: =U17*W17 -> 0
A18: 12 | U18: =SUM(H18:T18)/13 -> 0 | Y18: =U18*W18 -> 0
A19: 13 | U19: =SUM(H19:T19)/13 -> 0 | Y19: =U19*W19 -> 0
A20: 14 | U20: =SUM(H20:T20)/13 -> 0 | Y20: =U20*W20 -> 0
A21: 15 | U21: =SUM(H21:T21)/13 -> 0 | Y21: =U21*W21 -> 0
A22: 16 | U22: =SUM(H22:T22)/13 -> 0 | Y22: =U22*W22 -> 0
A23: 17 | U23: =SUM(H23:T23)/13 -> 0 | Y23: =U23*W23 -> 0
... A31: 25 | U31: =SUM(H31:T31)/13 -> 0 | Y31: =U31*W31 -> 0
A32: 26 | U32: Total CWIP in Rate Base: | Y32: =SUM(Y7:Y31) -> 1.006949e+09
H34: General notes: (1) Source of monthly balance data on this page is company records.
I35: (2) Percentages in Column (t) may only be changed pursuant to FERC approval.

Sheet 12 - Income Tax Adjustment
A1: Attachment 12 - Income Tax Adjustment
A2: ='Appendix III'!$E$7 -> GridLiance West LLC (GLW)
C4: Income Tax Adjustments
B6: (a) | D6: (b)
D7: Dec 31,
D8: =YEAR('Appendix III'!$N$7) -> 2027
A10: 1 | B10: Total Tax adjustment for Permanent Differences (Note T) | D10: =SUM(D11:D14) -> 444672 | E10: Input to Appendix III, Line 59b
A11: 1a | B11: Tax adjustment for AFUDC Equity (Note T) | C11: (Note 1) | D11: 349258.5
A12: 1b | B12: Tax Adjustment for Meals & Entertainment (Note T) | D12: 95413.5
A13: 1c | B13: Tax Adjustment for Charitable Contributions
A14: 1d | B14: Rate Mitigation Adjustment
A15: 2 | B15: Amortized Excess Deferred Taxes (enter negative) (Note S) | C15: (Note 2) | E15: Input to Appendix III, Line 59a
A16: 3 | B16: Amortized Deficient Deferred Taxes (Note S) | C16: (Note 2) | E16: Input to Appendix III, Line 59a
A20: Notes:
A21: 1 | B21: AFUDC equity component is the Equity portion of capitalized AFUDC included in the current book depreciation expense attributable to the transmission function.
A22: 2 | B22: Upon enactment of changes in tax law, income tax rates (including changes in apportionment) and other actions taken by a taxing authority, deferred taxes are re-measured and adjusted in the Company's books of account, resulting in excess or deficient accumulated deferred taxes. Such excess or deficient deferred taxes attributed to the transmission function will be based upon tax records and calculated in the calendar year in which the excess or deficient amount was measured and recorded for financial reporting purposes. Amounts to be included will be January 1, 2017 and thereafter. Amortization shall be over the estimated useful life of the underlying assets.

Sheet WP1 - O&M detail
A1: Workpaper 1 -O&M Detail
A2: =+'8 - Future Use'!A2 -> GridLiance West LLC (GLW)
A5: Forecasted O&M Detail, worksheet prepared for each project
A7: Ln | B7: Description | D7: GridLiance West Internal Labor1 | E7: Non-Labor1 | F7: Partner | G7: Partner Amount1 | H7: Total
A9: 1 | B9: GridLiance & Other O&M (Internal & Non-Labor) | D9: 2297025.2 | H9: =SUM(D9:G9) -> 2297025.2
A10: =+A9+1 -> 2 | B10: Valley O&M | E10: 5123884.5 | H10: =SUM(D10:G10) -> 5123884.5
A11: =+A10+1 -> 3 | B11: Rents/ROW Payments | E11: 746750.04 | H11: =SUM(D11:G11) -> 746750.04
A12: =+A11+1 -> 4 | B12: Other | E12: 2863666 | H12: =SUM(D12:G12) -> 2863666
A13: =+A12+1 -> 5 | H13: =SUM(D13:G13) -> 0
A14: =+A13+1 -> 6 | H14: =SUM(D14:G14) -> 0
A15: =+A14+1 -> 7 | H15: =SUM(D15:G15) -> 0
A16: =+A15+1 -> 8 | H16: =SUM(D16:G16) -> 0
A17: =+A16+1 -> 9 | H17: =SUM(D17:G17) -> 0
A18: =+A17+1 -> 10 | H18: =SUM(D18:G18) -> 0
A19: =+A18+1 -> 11 | H19: =SUM(D19:G19) -> 0
A20: =+A19+1 -> 12 | H20: =SUM(D20:G20) -> 0
A21: =+A20+1 -> 13 | H21: =SUM(D21:G21) -> 0
A22: =+A21+1 -> 14 | H22: =SUM(D22:G22) -> 0
A23: =+A22+1 -> 15 | H23: =SUM(D23:G23) -> 0
A24: =+A23+1 -> 16 | H24: =SUM(D24:G24) -> 0
... A32: =+A31+1 -> 24 | H32: =SUM(D32:G32) -> 0
A33: =+A32+1 -> 25 | B33: Total | D33: =SUM(D9:D32) -> 2297025.2 | E33: =SUM(E9:E32) -> 8734300.5 | G33: =SUM(G9:G32) -> 0 | H33: =SUM(H9:H32) -> 11031326
A35: Actual O&M Detail, worksheet prepared for each project
A37: Ln | B37: FERC Account Description | C37: Account | D37: GridLiance West Internal Labor1 | E37: Non-Labor1 | F37: Partner | G37: Partner Amount1 | H37: Total
A39: =+A33+1 -> 26 | B39: Operation supervision and engineering. | C39: 560 | H39: =SUM(D39:G39) -> 0
A40: =+A39+1 -> 27 | B40: Load dispatch—Reliability. | C40: 561.1 | H40: =SUM(D40:G40) -> 0
A41: =+A40+1 -> 28 | B41: Load dispatch—Monitor and operate transmission system. | C41: 561.2 | H41: =SUM(D41:G41) -> 0
A42: =+A41+1 -> 29 | B42: Load dispatch—Transmission service and scheduling. | C42: 561.3 | H42: =SUM(D42:G42) -> 0
A43: =+A42+1 -> 30 | B43: Scheduling, system control and dispatch services. | C43: 561.4 | H43: =SUM(D43:G43) -> 0
A44: =+A43+1 -> 31 | B44: Reliability planning and standards development. | C44: 561.5 | H44: =SUM(D44:G44) -> 0
A45: =+A44+1 -> 32 | B45: Transmission service studies. | C45: 561.6 | H45: =SUM(D45:G45) -> 0
A46: =+A45+1 -> 33 | B46: Generation interconnection studies. | C46: 561.7 | H46: =SUM(D46:G46) -> 0
A47: =+A46+1 -> 34 | B47: Reliability planning and standards development services. | C47: 561.8 | H47: =SUM(D47:G47) -> 0
A48: =+A47+1 -> 35 | B48: Station expenses . | C48: 562 | H48: =SUM(D48:G48) -> 0
A49: =+A48+1 -> 36 | B49: Overhead line expense . | C49: 563 | H49: =SUM(D49:G49) -> 0
A50: =+A49+1 -> 37 | B50: Underground line expenses . | C50: 564 | H50: =SUM(D50:G50) -> 0
A51: =+A50+1 -> 38 | B51: Transmission of electricity by others . | C51: 565 | H51: =SUM(D51:G51) -> 0
... A62: =+A61+1 -> 49 | B62: Maintenance of underground lines . | C62: 572 | H62: =SUM(D62:G62) -> 0
A63: 50 | B63: Maintenance of miscellaneous transmission plant | C63: 573 | H63: =SUM(D63:G63) -> 0
A64: 51 | B64: Total | D64: =SUM(D39:D63) -> 0 | E64: =SUM(E39:E63) -> 0 | G64: =SUM(G39:G63) -> 0 | H64: =SUM(H39:H63) -> 0
B66: Partner means another entity with whom GridLiance West has partnered to build a project
B67: Add additional columns if there is more than one partner
B68: 1 Represents GridLiance West's portion after sharing with partner

Sheet WP2 - A&G detail
A1: Workpaper 2 - A&G Detail
A2: =+'WP1 - O&M detail'!A2:E2 -> GridLiance West LLC (GLW)
A6: Forecasted A&G Detail, worksheet prepared for GridLiance West
A8: Ln | B8: Description | D8: GridLiance West Internal Labor | E8: Non-Labor $ | F8: Partner | G8: Partner Amount | H8: Total
A10: 1 | B10: GridLiance and Other G&A (Internal & Non-Labor) | D10: 4717948.8 | H10: =+D10+E10+G10 -> 4717948.8
A11: =+A10+1 -> 2 | B11: Insurance | E11: 686425.37 | H11: =+D11+E11+G11 -> 686425.37
A12: =+A11+1 -> 3 | H12: =+D12+E12+G12 -> 0
A13: =+A12+1 -> 4 | H13: =+D13+E13+G13 -> 0
A14: =+A13+1 -> 5 | H14: =+D14+E14+G14 -> 0
A15: =+A14+1 -> 6 | H15: =+D15+E15+G15 -> 0
A16: =+A15+1 -> 7 | H16: =+D16+E16+G16 -> 0
A17: =+A16+1 -> 8 | H17: =+D17+E17+G17 -> 0
A18: =+A17+1 -> 9 | H18: =+D18+E18+G18 -> 0
A19: =+A18+1 -> 10 | H19: =+D19+E19+G19 -> 0
A20: =+A19+1 -> 11 | H20: =+D20+E20+G20 -> 0
A21: =+A20+1 -> 12 | H21: =+D21+E21+G21 -> 0
A22: =+A21+1 -> 13 | H22: =+D22+E22+G22 -> 0
A23: =+A22+1 -> 14 | H23: =+D23+E23+G23 -> 0
A24: =+A23+1 -> 15 | H24: =+D24+E24+G24 -> 0
A25: =+A24+1 -> 16 | B25: Total | D25: =SUM(D10:D24) -> 4717948.8 | E25: =SUM(E10:E24) -> 686425.37 | G25: =SUM(G10:G24) -> 0 | H25: =SUM(H10:H24) -> 5404374.2
A27: Actual A&G Detail, worksheet prepared for GridLiance West
A29: Ln | B29: FERC Account Description | C29: Account | D29: GridLiance West Internal Labor | E29: Non-Labor $ | F29: Partner | G29: Partner Amount | H29: Total
A31: =+A25+1 -> 17 | B31: Administrative and general salaries. | C31: 920 | H31: =+D31+E31+G31 -> 0
A32: =+A31+1 -> 18 | B32: Office supplies and expenses. | C32: 921 | H32: =+D32+E32+G32 -> 0
A33: =+A32+1 -> 19 | B33: Administrative expenses transferred—Credit. | C33: 922 | H33: =+D33+E33+G33 -> 0
A34: =+A33+1 -> 20 | B34: Outside services employed. | C34: 923 | H34: =+D34+E34+G34 -> 0
A35: =+A34+1 -> 21 | B35: Property insurance. | C35: 924 | H35: =+D35+E35+G35 -> 0
A36: =+A35+1 -> 22 | B36: Injuries and damages. | C36: 925 | H36: =+D36+E36+G36 -> 0
A37: =+A36+1 -> 23 | B37: Employee pensions and benefits. | C37: 926 | H37: =+D37+E37+G37 -> 0
A38: =+A37+1 -> 24 | B38: Franchise requirements. | C38: 927 | H38: =+D38+E38+G38 -> 0
A39: =+A38+1 -> 25 | B39: Regulatory commission expenses. | C39: 928 | H39: =+D39+E39+G39 -> 0
A40: =+A39+1 -> 26 | B40: Duplicate charges—Credit. | C40: 929 | H40: =+D40+E40+G40 -> 0
A41: =+A40+1 -> 27 | B41: General advertising expenses. | C41: 930.1 | H41: =+D41+E41+G41 -> 0
A42: =+A41+1 -> 28 | B42: Miscellaneous general expenses. | C42: 930.2 | H42: =+D42+E42+G42 -> 0
A43: =+A42+1 -> 29 | B43: Rents. | C43: 931 | H43: =+D43+E43+G43 -> 0
... A45: =+A44+1 -> 31 | B45: Maintenance of general plant. | C45: 935 | H45: =+D45+E45+G45 -> 0
A46: =+A45+1 -> 32 | B46: Total | D46: =SUM(D31:D45) -> 0 | E46: =SUM(E31:E45) -> 0 | G46: =SUM(G31:G45) -> 0 | H46: =SUM(H31:H45) -> 0
B48: Partner means another entity with whom GridLiance West has partnered to build a project

Sheet WP3 - Cap Ex
A1: Workpaper 3 - Capital Additions by FERC Account
A2: =+'WP2 - A&G detail'!A2:F2 -> GridLiance West LLC (GLW)
A7: Estimated Capital Additions
A8: Ln | B8: Detailed Breakout | D8: =+E8 -> Project | E8: Project | F8: Project | G8: Total
A10: 1 | B10: All Others | F10: 8.9393067e+08 | G10: =+D10+E10+F10 -> 8.9393067e+08
A11: 1a | G11: =+D11+E11+F11 -> 0
A12: 1b | G12: =+D12+E12+F12 -> 0
A13: 1c | G13: =+D13+E13+F13 -> 0
A14: … | G14: =+D14+E14+F14 -> 0
A15: … | G15: =+D15+E15+F15 -> 0
A16: … | G16: =+D16+E16+F16 -> 0
A17: … | G17: =+D17+E17+F17 -> 0
A18: … | G18: =+D18+E18+F18 -> 0
A19: … | G19: =+D19+E19+F19 -> 0
A20: … | G20: =+D20+E20+F20 -> 0
A21: … | G21: =+D21+E21+F21 -> 0
A22: … | G22: =+D22+E22+F22 -> 0
A23: … | G23: =+D23+E23+F23 -> 0
G24: =+D24+E24+F24 -> 0
A25: 1x | G25: =+D25+E25+F25 -> 0
A26: 2 | B26: Total (sum lines 1-1x) | D26: =SUM(D10:D25) -> 0 | E26: =SUM(E10:E25) -> 0 | F26: =SUM(F10:F25) -> 8.9393067e+08 | G26: =SUM(G9:G25) -> 8.9393067e+08
B29: The Detailed Breakout above will provide the level of detail available, by FERC account number if available.
A32: Actual Additions by FERC Account
B35: Project | C35: 350 | D35: 352 | E35: 352 | F35: 353 | G35: 354 | H35: 355 | I35: 356 | J35: 357 | K35: 358 | L35: 359
C36: Land Rights | D36: Structures and Improvements | E36: Structures and Improvements - Equipment | F36: Station Equipment | G36: Towers and Fixtures | H36: Poles and Fixtures | I36: Overhead Conductor and Devices | J36: Underground Conduit | K36: Underground Conductor and Devices | L36: Roads and Trails | M36: Total
A37: 3 | M37: =SUM(C37:L37) -> 0
A38: 3a | M38: =SUM(C38:L38) -> 0
A39: 3b | M39: =SUM(C39:L39) -> 0
A40: 3c | M40: =SUM(C40:L40) -> 0
A41: … | M41: =SUM(C41:L41) -> 0
A42: … | M42: =SUM(C42:L42) -> 0
A43: … | M43: =SUM(C43:L43) -> 0
A44: … | M44: =SUM(C44:L44) -> 0
A45: … | M45: =SUM(C45:L45) -> 0
A46: … | M46: =SUM(C46:L46) -> 0
A47: … | M47: =SUM(C47:L47) -> 0
A48: … | M48: =SUM(C48:L48) -> 0
A49: … | M49: =SUM(C49:L49) -> 0
M50: =SUM(C50:L50) -> 0
M51: =SUM(C51:L51) -> 0
M52: =SUM(C52:L52) -> 0
A53: 3x | M53: =SUM(C53:L53) -> 0
A54: 4 | B54: Total (sum line 3-3x) | C54: =SUM(C37:C53) -> 0 | D54: =SUM(D37:D53) -> 0 | E54: =SUM(E37:E53) -> 0 | F54: =SUM(F37:F53) -> 0 | G54: =SUM(G37:G53) -> 0 | H54: =SUM(H37:H53) -> 0 | I54: =SUM(I37:I53) -> 0 | J54: =SUM(J37:J53) -> 0 | ... M54: =SUM(M37:M53) -> 0

Sheet WP4 - Affiliate Allocations
A1: Workpaper 4 -Affiliate Charges
A2: =+'11 - CWIP'!B2 -> GridLiance West LLC (GLW)
A4: Expenses
B5: Actuals for Year
A6: Ln | B6: Department
G7: Total
A10: 1 | G10: =SUM(C10:F10) -> 0
A11: 1a | G11: =SUM(C11:F11) -> 0
A12: 1b | G12: =SUM(C12:F12) -> 0
A13: 1c | G13: =SUM(C13:F13) -> 0
A14: … | G14: =SUM(C14:F14) -> 0
A15: … | G15: =SUM(C15:F15) -> 0
A16: … | G16: =SUM(C16:F16) -> 0
A18: 2 | B18: Total | C18: =SUM(C10:C16) -> 0 | D18: =SUM(D10:D16) -> 0 | E18: =SUM(E10:E16) -> 0 | F18: =SUM(F10:F16) -> 0 | G18: =SUM(G10:G16) -> 0
B21: All affilate charges are to listed in the table above by affilate

Sheet WP5 - Cost Allocation
A1: Workpaper 5 - Cost Allocation by Associate Company
A2: GridLiance West Transco LLC
B5: Name of Associate Company | C5: Direct Costs Charged | D5: Indirect Costs Charged | E5: Compensation For Use of Capital | F5: Total
A6: 1 | F6: =SUM(C6:E6) -> 0
A7: 1a | F7: =SUM(C7:E7) -> 0
A8: 1b | F8: =SUM(C8:E8) -> 0
A9: 1c | F9: =SUM(C9:E9) -> 0
A10: … | F10: =SUM(C10:E10) -> 0
A11: … | F11: =SUM(C11:E11) -> 0
A12: … | F12: =SUM(C12:E12) -> 0
A14: 2 | B14: Total | C14: =SUM(C6:C12) -> 0 | D14: =SUM(D6:D12) -> 0 | E14: =SUM(E6:E12) -> 0 | F14: =SUM(F6:F12) -> 0
B16: All services rendered by GridLiance Management, LLC to associate companies are to be listed in the table above by associate company
